Workbook
Name Account: 'Accounting data'!$A$1
Name ActualTotalFederalAndStateProjects: 'Page 8'!$K$42
Name ActualTotalInstImpExp: 'Page 4'!$I$11
Name AddlInstrImprProjEndBal: 'Page 4'!$F$20
Name Allocation_to_Schools_2: "TextBox 1"
Name CashBal: 'Page 6'!$F$6
Name CIP1072EndBal: 'Page 5'!$P$48
Name CSPEndBal: 'Page 3'!$F$31
Name District_Name: 'School listing'!$A$1
Name FP11001130EndBal: 'Page 8'!$N$6
Name FP11401150EndBal: 'Page 8'!$N$7
Name FP1160EndBal: 'Page 8'!$N$8
Name FP11701180EndBal: 'Page 8'!$N$9
Name FP1190EndBal: 'Page 8'!$N$10
Name FP1200EndBal: 'Page 8'!$N$11
Name FP1210EndBal: 'Page 8'!$N$12
Name FP1220EndBal: 'Page 8'!$N$13
Name FP1230EndBal: 'Page 8'!$N$14
Name FP1240EndBal: 'Page 8'!$N$15
Name FP1250EndBal: 'Page 8'!$N$16
Name FP1260EndBal: 'Page 8'!$N$17
Name FP1280EndBal: 'Page 8'!$N$18
Name FP1290EndBal: 'Page 8'!$N$19
Name FP1300EndBal: 'Page 8'!$N$20
Name FP13101399EndBal: 'Page 8'!$N$22
Name FP13XXImpactAidEndBal: 'Page 8'!$N$21
Name PriorYearSalary: 'Page 6'!$T$30
Name SchoolwideEndBal: Summary!$K$17
Name SEIP1071EndBal: 'Page 5'!$P$26
Name SP1000ClassSiteProj: 'Page 2'!$J$43
Name SP1000CompInstrProj: 'Page 2'!$J$46
Name SP1000FedStProj: 'Page 2'!$J$47
Name SP1000InstrImpProj: 'Page 2'!$J$44
Name SP1000P100F1000: 'Page 2'!$J$7
Name SP1000P100F2100: 'Page 2'!$J$9
Name SP1000P100F2200: 'Page 2'!$J$10
Name SP1000P100F2300: 'Page 2'!$J$11
Name SP1000P100F2400: 'Page 2'!$J$12
Name SP1000P100F2500: 'Page 2'!$J$13
Name SP1000P100F2600: 'Page 2'!$J$14
Name SP1000P100F2900: 'Page 2'!$J$15
Name SP1000P100F3000: 'Page 2'!$J$16
Name SP1000P100F4000: 'Page 2'!$J$17
Name SP1000P100F5000: 'Page 2'!$J$18
Name SP1000P200F1000: 'Page 2'!$J$25
Name SP1000P200F2100: 'Page 2'!$J$27
Name SP1000P200F2200: 'Page 2'!$J$28
Name SP1000P200F2300: 'Page 2'!$J$29
Name SP1000P200F2400: 'Page 2'!$J$30
Name SP1000P200F2500: 'Page 2'!$J$31
Name SP1000P200F2600: 'Page 2'!$J$32
Name SP1000P200F2900: 'Page 2'!$J$33
Name SP1000P200F3000: 'Page 2'!$J$34
Name SP1000P200F4000: 'Page 2'!$J$35
Name SP1000P200F5000: 'Page 2'!$J$36
Name SP1000P400: 'Page 2'!$J$38
Name SP1000P530: 'Page 2'!$J$39
Name SP1000P540: 'Page 2'!$J$40
Name SP1000P550: 'Page 2'!$J$41
Name SP1000P610: 'Page 2'!$J$19

Sheet Cover Page
A1: Charter school | D1: Edge School, Inc., The | L1: County | M1: Pima | Q1: CTDS number | R1: 108653000
D2: Charter name
D3: Edge High School
D4: d.b.a. (as applicable)
B6: FY 2026
B7: State of Arizona
B8: Charter School Annual Financial Report
B10: =IF('Page 2'!N9="","","Checking the box to the left certifies the Charter did not incur any expenses for student support services, as defined in the USFRCS and reported on Page 2, Line 2, during the fiscal year.")
A11: Charter website link of posted AFR | D11: https://edgehighschool.org/charter-transparency/
B12: =IF('Page 2'!N10="","","Checking the box to the left certifies the Charter did not incur any expenses for instructional support services, as defined in the USFRCS and reported on Page 2, Line 3, during the fiscal year.")
B14: =IF('Page 3'!M12="","","Checking the box to the left certifies the Charter did not incur any expenses for Classroom Site Project, as reported on Page 3, during the fiscal year.")
B16: =IF('Page 6'!H33="","","Checking the box to the left certifies the Charter did not incur any current expenses for student support services, as defined in the USFRCS and reported on Page 6-Section E-Line 4, during the fiscal year.")
B18: =IF('Page 4'!K10="","","Checking the box to the left certifies the Charter did not incur any expenses for Instructional Improvement Project, as defined in the USFRCS and reported on Page 4, Line 5, during the fiscal year.")
B19: We, the Governing Board of the Charter School, hereby certify the Annual Financial Report and School Level Reporting form per A.R.S. §§15-183(E)(6) and 15-904 for Fiscal Year 2026. | L19: The annual financial report file(s) for FY 2026 uploaded to the Arizona Department of
L20: Education's website on | N20: 09/14/2026 | O20: contain(s) the data for the annual financial report | Z20: X
L21: described at left.
P23: robp@edgehighschool.org
L24: Charter school official signature | P24: Email
L25: Rob Pecharich
L26: Charter school official (typed name)
P28: anneo@edgehighschool.org
L29: Charter school official signature | P29: Email
L30: Anne Ortiz
L31: Charter school official (typed name)
L32: Total expenses by project
L33: 1. Schoolwide and Other Special Projects (from page 2, line 33) | P33: $ | Q33: =TotExpSchoolwide -> 1561660
A34: Signed | G34: Title | L34: 2. Classroom Site Project (from page 2, line 34) | P34: $ | Q34: =SP1000ClassSiteProj -> 177403

Sheet Page 1
A1: Charter school | C1: ='Cover Page'!D1 -> Edge School, Inc., The | G1: County | H1: ='Cover Page'!M1 -> Pima | L1: CTDS number | M1: ='Cover Page'!R1 -> 108653000
A3: Revenue
A4: 1000 Local sources | H4: Actual
A5: 1. | B5: 1310 Tuition from individuals | H5: =-(SUMIFS('Accounting data'!$G$2:$G$37000,'Accounting data'!$K$2:$K$37000,"1310*"))+SUMIFS('Accounting data'!$G$2:$G$37000,'Accounting data'!$H$2:$H$37000,"9999*",'Accounting data'!$K$2:$K$37000,"1310*") -> 0 | I5: 1.
A6: 2. | B6: 1320 Tuition from other Arizona schools or districts | H6: =-(SUMIFS('Accounting data'!$G$2:$G$37000,'Accounting data'!$K$2:$K$37000,"1320*"))+SUMIFS('Accounting data'!$G$2:$G$37000,'Accounting data'!$H$2:$H$37000,"9999*",'Accounting data'!$K$2:$K$37000,"1320*") -> 0 | I6: 2.
A7: 3. | B7: 1410 Transportation fees from individuals | H7: =-(SUMIFS('Accounting data'!$G$2:$G$37000,'Accounting data'!$K$2:$K$37000,"1410*"))+SUMIFS('Accounting data'!$G$2:$G$37000,'Accounting data'!$H$2:$H$37000,"9999*",'Accounting data'!$K$2:$K$37000,"1410*") -> 0 | I7: 3. | J7: 1600 Food service revenues (from accounting data)
A8: 4. | B8: 1420 Transportation fees from other Arizona schools or districts | H8: =-(SUMIFS('Accounting data'!$G$2:$G$37000,'Accounting data'!$K$2:$K$37000,"1420*"))+SUMIFS('Accounting data'!$G$2:$G$37000,'Accounting data'!$H$2:$H$37000,"9999*",'Accounting data'!$K$2:$K$37000,"1420*") -> 0 | I8: 4.
A9: 5. | B9: 1500 Earnings on investments | H9: =-(SUMIFS('Accounting data'!$G$2:$G$37000,'Accounting data'!$K$2:$K$37000,"1500*"))+SUMIFS('Accounting data'!$G$2:$G$37000,'Accounting data'!$H$2:$H$37000,"9999*",'Accounting data'!$K$2:$K$37000,"1500*") -> 651 | I9: 5.
A10: 6. | B10: 1600 Food service (from Food Service tab, line 2) | H10: =IF('Food Service'!$E$7="",J10,'Food Service'!$E$7) -> 0 | I10: 6. | J10: =-(SUMIFS('Accounting data'!$G$2:$G$37000,'Accounting data'!$K$2:$K$37000,"1600*"))+SUMIFS('Accounting data'!$G$2:$G$37000,'Accounting data'!$H$2:$H$37000,"9999*",'Accounting data'!$K$2:$K$37000,"1600*") -> 0 | L10: =IF(H10<>J10,"The amount reported for 1600 food service revenue from the Food Service AFR does not agree to the amount in the Accounting Data Tab. Please verify the amounts and ensure they agree.","")
A11: 7. | B11: 1700 School activities | H11: =-(SUMIFS('Accounting data'!$G$2:$G$37000,'Accounting data'!$K$2:$K$37000,"1700*"))+SUMIFS('Accounting data'!$G$2:$G$37000,'Accounting data'!$H$2:$H$37000,"9999*",'Accounting data'!$K$2:$K$37000,"1700*") -> 0 | I11: 7.
A12: 8. | B12: 1750 Revenue from enterprise activities | H12: =-(SUMIFS('Accounting data'!$G$2:$G$37000,'Accounting data'!$K$2:$K$37000,"1750*"))+SUMIFS('Accounting data'!$G$2:$G$37000,'Accounting data'!$H$2:$H$37000,"9999*",'Accounting data'!$K$2:$K$37000,"1750*") -> 0 | I12: 8.
A13: 9. | B13: 1790 Extracurricular activities fees tax credit | H13: =-(SUMIFS('Accounting data'!$G$2:$G$37000,'Accounting data'!$K$2:$K$37000,"1790*"))+SUMIFS('Accounting data'!$G$2:$G$37000,'Accounting data'!$H$2:$H$37000,"9999*",'Accounting data'!$K$2:$K$37000,"1790*") -> 11887 | I13: 9.
A14: 10. | B14: 1800 Revenue from community services activities | H14: =-(SUMIFS('Accounting data'!$G$2:$G$37000,'Accounting data'!$K$2:$K$37000,"1800*"))+SUMIFS('Accounting data'!$G$2:$G$37000,'Accounting data'!$H$2:$H$37000,"9999*",'Accounting data'!$K$2:$K$37000,"1800*") -> 0 | I14: 10.
A15: 11. | B15: 1900, 1930, 1980, 1990 Other revenues and gains from local sources | H15: =-(SUMIFS('Accounting data'!$G$2:$G$37000,'Accounting data'!$K$2:$K$37000,"1900*"))+SUMIFS('Accounting data'!$G$2:$G$37000,'Accounting data'!$H$2:$H$37000,"9999*",'Accounting data'!$K$2:$K$37000,"1900*") -> 0 | I15: 11.
A16: 12. | B16: 1910 Rentals | H16: =-(SUMIFS('Accounting data'!$G$2:$G$37000,'Accounting data'!$K$2:$K$37000,"1910*"))+SUMIFS('Accounting data'!$G$2:$G$37000,'Accounting data'!$H$2:$H$37000,"9999*",'Accounting data'!$K$2:$K$37000,"1910*") -> 8342 | I16: 12.
A17: 13. | B17: 1920 Contributions and donations from private sources | H17: =-(SUMIFS('Accounting data'!$G$2:$G$37000,'Accounting data'!$K$2:$K$37000,"1920*"))+SUMIFS('Accounting data'!$G$2:$G$37000,'Accounting data'!$H$2:$H$37000,"9999*",'Accounting data'!$K$2:$K$37000,"1920*") -> 165752 | I17: 13.
A18: 14. | B18: 1950 Miscellaneous Revenues from Other Schools or Districts | H18: =-(SUMIFS('Accounting data'!$G$2:$G$37000,'Accounting data'!$K$2:$K$37000,"1950*"))+SUMIFS('Accounting data'!$G$2:$G$37000,'Accounting data'!$H$2:$H$37000,"9999*",'Accounting data'!$K$2:$K$37000,"1950*") -> 0 | I18: 14.
A19: 15. | B19: 1960 Miscellaneous Revenues from Local Governmental Units | H19: =-(SUMIFS('Accounting data'!$G$2:$G$37000,'Accounting data'!$K$2:$K$37000,"1960*"))+SUMIFS('Accounting data'!$G$2:$G$37000,'Accounting data'!$H$2:$H$37000,"9999*",'Accounting data'!$K$2:$K$37000,"1960*") -> 0 | I19: 15.
A20: 16. | B20: Other revenue from local sources (specify) | H20: =-(SUMIFS('Accounting data'!$G$2:$G$37000,'Accounting data'!$K$2:$K$37000,"Other Revenue from Local Sources"))+SUMIFS('Accounting data'!$G$2:$G$37000,'Accounting data'!$H$2:$H$37000,"9999*",'Accounting data'!$K$2:$K$37000,"Other Revenue from Local Sources") -> 0 | I20: 16. | AA20: =IF(OR(AND(D20="",H20<>0),AND(D25="",H25<>0),AND(D32="",H32<>0),AND(D40="",H40<>0)),"yes","")
A21: 17. | B21: Total Local Revenue (lines 1-16) | H21: =-(SUMIFS('Accounting data'!$G$2:$G$37000,'Accounting data'!$K$2:$K$37000,"1*"))+SUMIFS('Accounting data'!$G$2:$G$37000,'Accounting data'!$H$2:$H$37000,"9999*",'Accounting data'!$K$2:$K$37000,"1*")+H20 -> 186633 | I21: 17.
A22: 2000 Intermediate sources
A23: 18. | B23: 2100 Unrestricted | H23: =-(SUMIFS('Accounting data'!$G$2:$G$37000,'Accounting data'!$K$2:$K$37000,"2100*"))+SUMIFS('Accounting data'!$G$2:$G$37000,'Accounting data'!$H$2:$H$37000,"9999*",'Accounting data'!$K$2:$K$37000,"2100*") -> 0 | I23: 18.
A24: 19. | B24: 2200 Restricted | H24: =-(SUMIFS('Accounting data'!$G$2:$G$37000,'Accounting data'!$K$2:$K$37000,"2200*"))+SUMIFS('Accounting data'!$G$2:$G$37000,'Accounting data'!$H$2:$H$37000,"9999*",'Accounting data'!$K$2:$K$37000,"2200*") -> 0 | I24: 19.
A25: 20. | B25: Other revenue from intermediate sources (specify) | H25: =-(SUMIFS('Accounting data'!$G$2:$G$37000,'Accounting data'!$K$2:$K$37000,"Other Revenue from Intermediate Sources"))+SUMIFS('Accounting data'!$G$2:$G$37000,'Accounting data'!$H$2:$H$37000,"9999*",'Accounting data'!$K$2:$K$37000,"Other Revenue from Intermediate Sources") -> 0 | I25: 20.
A26: 21. | B26: Total Intermediate Revenue (lines 18-20) | H26: =-(SUMIFS('Accounting data'!$G$2:$G$37000,'Accounting data'!$K$2:$K$37000,"2*"))+SUMIFS('Accounting data'!$G$2:$G$37000,'Accounting data'!$H$2:$H$37000,"9999*",'Accounting data'!$K$2:$K$37000,"2*")+H25 -> 0 | I26: 21.
A27: 3000 State sources
A28: 22. | B28: 3110 State Equalization Assistance | H28: =-(SUMIFS('Accounting data'!$G$2:$G$37000,'Accounting data'!$K$2:$K$37000,"3110*"))+SUMIFS('Accounting data'!$G$2:$G$37000,'Accounting data'!$H$2:$H$37000,"9999*",'Accounting data'!$K$2:$K$37000,"3110*") -> 1426924 | I28: 22.
A29: 23. | B29: 3130-3150 Other unrestricted | H29: =-(SUMIFS('Accounting data'!$G$2:$G$37000,'Accounting data'!$K$2:$K$37000,"3130*"))+SUMIFS('Accounting data'!$G$2:$G$37000,'Accounting data'!$H$2:$H$37000,"9999*",'Accounting data'!$K$2:$K$37000,"3130*") -> 19443 | I29: 23.
A30: 24. | B30: 3200 Restricted | H30: =-(SUMIFS('Accounting data'!$G$2:$G$37000,'Accounting data'!$K$2:$K$37000,"3200*"))+SUMIFS('Accounting data'!$G$2:$G$37000,'Accounting data'!$H$2:$H$37000,"9999*",'Accounting data'!$K$2:$K$37000,"3200*") -> 1576 | I30: 24.
A31: 25. | B31: 3900 Revenue for/on behalf of the school | H31: =-(SUMIFS('Accounting data'!$G$2:$G$37000,'Accounting data'!$K$2:$K$37000,"3900*"))+SUMIFS('Accounting data'!$G$2:$G$37000,'Accounting data'!$H$2:$H$37000,"9999*",'Accounting data'!$K$2:$K$37000,"3900*") -> 174465 | I31: 25.
A32: 26. | B32: Other revenue from State sources (specify) | H32: =-(SUMIFS('Accounting data'!$G$2:$G$37000,'Accounting data'!$K$2:$K$37000,"Other Revenue from State Sources"))+SUMIFS('Accounting data'!$G$2:$G$37000,'Accounting data'!$H$2:$H$37000,"9999*",'Accounting data'!$K$2:$K$37000,"Other Revenue from State Sources") -> 0 | I32: 26.
A33: 27. | B33: Total State Revenue (lines 22-26) | H33: =-(SUMIFS('Accounting data'!$G$2:$G$37000,'Accounting data'!$K$2:$K$37000,"3*"))+SUMIFS('Accounting data'!$G$2:$G$37000,'Accounting data'!$H$2:$H$37000,"9999*",'Accounting data'!$K$2:$K$37000,"3*")+H32 -> 1622408 | I33: 27.
A34: 4000 Federal sources
A35: 28. | B35: 4100, 4300 Unrestricted/restricted received directly from the federal government | H35: =-(SUMIFS('Accounting data'!$G$2:$G$37000,'Accounting data'!$K$2:$K$37000,"4100*"))+SUMIFS('Accounting data'!$G$2:$G$37000,'Accounting data'!$H$2:$H$37000,"9999*",'Accounting data'!$K$2:$K$37000,"4100*") -> 0 | I35: 28.
A36: 29. | B36: 4200, 4500 Unrestricted/restricted received from the federal government through the State | H36: =-(SUMIFS('Accounting data'!$G$2:$G$37000,'Accounting data'!$K$2:$K$37000,"4200*"))+SUMIFS('Accounting data'!$G$2:$G$37000,'Accounting data'!$H$2:$H$37000,"9999*",'Accounting data'!$K$2:$K$37000,"4200*") -> 139481 | I36: 29.
A37: 30. | B37: 4700 Revenue received from the federal government through other intermediate agencies | H37: =-(SUMIFS('Accounting data'!$G$2:$G$37000,'Accounting data'!$K$2:$K$37000,"4700*"))+SUMIFS('Accounting data'!$G$2:$G$37000,'Accounting data'!$H$2:$H$37000,"9999*",'Accounting data'!$K$2:$K$37000,"4700*") -> 0 | I37: 30.
A38: 31. | B38: 4800 Federal impact aid | H38: =-(SUMIFS('Accounting data'!$G$2:$G$37000,'Accounting data'!$K$2:$K$37000,"4800*"))+SUMIFS('Accounting data'!$G$2:$G$37000,'Accounting data'!$H$2:$H$37000,"9999*",'Accounting data'!$K$2:$K$37000,"4800*") -> 0 | I38: 31.
A39: 32. | B39: 4900 Revenue for/on behalf of the school | H39: =-(SUMIFS('Accounting data'!$G$2:$G$37000,'Accounting data'!$K$2:$K$37000,"4900*"))+SUMIFS('Accounting data'!$G$2:$G$37000,'Accounting data'!$H$2:$H$37000,"9999*",'Accounting data'!$K$2:$K$37000,"4900*") -> 0 | I39: 32.
A40: 33. | B40: Other revenue from federal sources (specify) | H40: =-(SUMIFS('Accounting data'!$G$2:$G$37000,'Accounting data'!$K$2:$K$37000,"Other Revenue from Federal Sources"))+SUMIFS('Accounting data'!$G$2:$G$37000,'Accounting data'!$H$2:$H$37000,"9999*",'Accounting data'!$K$2:$K$37000,"Other Revenue from Federal Sources") -> 0 | I40: 33.
A41: 34. | B41: Total Federal Revenue (lines 28-33) | H41: =-(SUMIFS('Accounting data'!$G$2:$G$37000,'Accounting data'!$K$2:$K$37000,"4*"))+SUMIFS('Accounting data'!$G$2:$G$37000,'Accounting data'!$H$2:$H$37000,"9999*",'Accounting data'!$K$2:$K$37000,"4*")+H40 -> 139481 | I41: 34.
A43: 35. | B43: Total revenue from all sources (lines 17, 21, 27, and 34) | H43: =SUM(H21,H26,H33,H41) -> 1948522 | I43: 35.

Sheet Page 2
A1: Charter school | B1: ='Cover Page'!D1 -> Edge School, Inc., The | F1: County | G1: ='Cover Page'!M1 -> Pima | K1: CTDS number | L1: ='Cover Page'!R1 -> 108653000
E3: Employee | F3: Purchased | I3: Totals | L3: % Increase/ decrease in actual
A4: Expenses | D4: Salaries | E4: benefits | F4: services | G4: Supplies | H4: Other | K4: Prior year
A5: 1000 Schoolwide Project and 1500-1999 Other Special Projects | D5: 6100 | E5: 6200 | F5: 6300, 6400, 6500 | G5: 6600 | H5: 6800 | I5: Budget | J5: Actual | K5: actual
A6: 100 Regular education | L6: =IF(J7=K7,0,IF(K7>0,(J7-K7)/K7,"--")) -> -0.4041
A7: 1000 Instruction | C7: 1. | D7: =SUMIFS('Accounting data'!$G$2:$G$37000,'Accounting data'!$H$2:$H$37000,"1000*",'Accounting data'!$I$2:$I$37000,"1*",'Accounting data'!$J$2:$J$37000,"1*",'Accounting data'!$K$2:$K$37000,"61*")+SUMIFS('Accounting data'!$G$2:$G$37000,'Accounting data'!$H$2:$H$37000,"1500*",'Accounting data'!$I$2:$I$37000,"1*",'Accounting data'!$J$2:$J$37000,"1*",'Accounting data'!$K$2:$K$37000,"61*") -> 190654 | E7: =SUMIFS('Accounting data'!$G$2:$G$37000,'Accounting data'!$H$2:$H$37000,"1000*",'Accounting data'!$I$2:$I$37000,"1*",'Accounting data'!$J$2:$J$37000,"1*",'Accounting data'!$K$2:$K$37000,"62*")+SUMIFS('Accounting data'!$G$2:$G$37000,'Accounting data'!$H$2:$H$37000,"1500*",'Accounting data'!$I$2:$I$37000,"1*",'Accounting data'!$J$2:$J$37000,"1*",'Accounting data'!$K$2:$K$37000,"62*") -> 72363 | F7: =SUMIFS('Accounting data'!$G$2:$G$37000,'Accounting data'!$H$2:$H$37000,"1000*",'Accounting data'!$I$2:$I$37000,"1*",'Accounting data'!$J$2:$J$37000,"1*",'Accounting data'!$K$2:$K$37000,"63*")+SUMIFS('Accounting data'!$G$2:$G$37000,'Accounting data'!$H$2:$H$37000,"1500*",'Accounting data'!$I$2:$I$37000,"1*",'Accounting data'!$J$2:$J$37000,"1*",'Accounting data'!$K$2:$K$37000,"63*")+SUMIFS('Accounting data'!$G$2:$G$37000,'Accounting data'!$H$2:$H$37000,"1500*",'Accounting data'!$I$2:$I$37000,"1*",'Accounting data'!$J$2:$J$37000,"1*",'Accounting data'!$K$2:$K$37000,"6432*")+SUMIFS('Accounting data'!$G$2:$G$37000,'Accounting data'!$H$2:$H$37000,"1500*",'Accounting data'!$I$2:$I$37000,"1*",'Accounting data'!$J$2:$J$37000,"1*",'Accounting data'!$K$2:$K$37000,"6432*")+SUMIFS('Accounting data'!$G$2:$G$37000,'Accounting data'!$H$2:$H$37000,"1500*",'Accounting data'!$I$2:$I$37000,"1*",'Accounting data'!$J$2:$J$37000,"1*",'Accounting data'!$K$2:$K$37000,"6441*")+SUMIFS('Accounting data'!$G$2:$G$37000,'Accounting data'!$H$2:$H$37000,"1500*",'Accounting data'!$I$2:$I$37000,"1*",'Accounting data'!$J$2:$J$37000,"1*",'Accounting data'!$K$2:$K$37000,"6441*")+SUMIFS('Accounting data'!$G$2:$G$37000,'Accounting data'!$H$2:$H$37000,"1500*",'Accounting data'!$I$2:$I$37000,"1*",'Accounting data'!$J$2:$J$37000,"1*",'Accounting data'!$K$2:$K$37000,"6531*")+SUMIFS('Accounting data'!$G$2:$G$37000,'Accounting data'!$H$2:$H$37000,"1500*",'Accounting data'!$I$2:$I$37000,"1*",'Accounting data'!$J$2:$J$37000,"1*",'Accounting data'!$K$2:$K$37000,"6531*") -> 5643 | G7: =SUMIFS('Accounting data'!$G$2:$G$37000,'Accounting data'!$H$2:$H$37000,"1000*",'Accounting data'!$I$2:$I$37000,"1*",'Accounting data'!$J$2:$J$37000,"1*",'Accounting data'!$K$2:$K$37000,"66*")+SUMIFS('Accounting data'!$G$2:$G$37000,'Accounting data'!$H$2:$H$37000,"1500*",'Accounting data'!$I$2:$I$37000,"1*",'Accounting data'!$J$2:$J$37000,"1*",'Accounting data'!$K$2:$K$37000,"66*") -> 33599 | H7: =SUMIFS('Accounting data'!$G$2:$G$37000,'Accounting data'!$H$2:$H$37000,"1000*",'Accounting data'!$I$2:$I$37000,"1*",'Accounting data'!$J$2:$J$37000,"1*",'Accounting data'!$K$2:$K$37000,"68*")+SUMIFS('Accounting data'!$G$2:$G$37000,'Accounting data'!$H$2:$H$37000,"1500*",'Accounting data'!$I$2:$I$37000,"1*",'Accounting data'!$J$2:$J$37000,"1*",'Accounting data'!$K$2:$K$37000,"68*") -> 205 | I7: 338305 | J7: =SUM(D7:H7) -> 302464 | K7: 507579 | M7: 1.
A8: 2000 Support services | L8: =IF(J9=K9,0,IF(K9>0,(J9-K9)/K9,"--")) -> 0.2501
A9: 2100 Students | C9: 2. | D9: =SUMIFS('Accounting data'!$G$2:$G$37000,'Accounting data'!$H$2:$H$37000,"1000*",'Accounting data'!$I$2:$I$37000,"1*",'Accounting data'!$J$2:$J$37000,"21*",'Accounting data'!$K$2:$K$37000,"61*")+SUMIFS('Accounting data'!$G$2:$G$37000,'Accounting data'!$H$2:$H$37000,"1500*",'Accounting data'!$I$2:$I$37000,"1*",'Accounting data'!$J$2:$J$37000,"21*",'Accounting data'!$K$2:$K$37000,"61*") -> 145645 | E9: =SUMIFS('Accounting data'!$G$2:$G$37000,'Accounting data'!$H$2:$H$37000,"1000*",'Accounting data'!$I$2:$I$37000,"1*",'Accounting data'!$J$2:$J$37000,"21*",'Accounting data'!$K$2:$K$37000,"62*")+SUMIFS('Accounting data'!$G$2:$G$37000,'Accounting data'!$H$2:$H$37000,"1500*",'Accounting data'!$I$2:$I$37000,"1*",'Accounting data'!$J$2:$J$37000,"21*",'Accounting data'!$K$2:$K$37000,"62*") -> 43517 | F9: =SUMIFS('Accounting data'!$G$2:$G$37000,'Accounting data'!$H$2:$H$37000,"1000*",'Accounting data'!$I$2:$I$37000,"1*",'Accounting data'!$J$2:$J$37000,"21*",'Accounting data'!$K$2:$K$37000,"63*")+SUMIFS('Accounting data'!$G$2:$G$37000,'Accounting data'!$H$2:$H$37000,"1500*",'Accounting data'!$I$2:$I$37000,"1*",'Accounting data'!$J$2:$J$37000,"21*",'Accounting data'!$K$2:$K$37000,"63*") -> 19918 | G9: =SUMIFS('Accounting data'!$G$2:$G$37000,'Accounting data'!$H$2:$H$37000,"1000*",'Accounting data'!$I$2:$I$37000,"1*",'Accounting data'!$J$2:$J$37000,"21*",'Accounting data'!$K$2:$K$37000,"66*")+SUMIFS('Accounting data'!$G$2:$G$37000,'Accounting data'!$H$2:$H$37000,"1500*",'Accounting data'!$I$2:$I$37000,"1*",'Accounting data'!$J$2:$J$37000,"21*",'Accounting data'!$K$2:$K$37000,"66*") -> 2177 | H9: =SUMIFS('Accounting data'!$G$2:$G$37000,'Accounting data'!$H$2:$H$37000,"1000*",'Accounting data'!$I$2:$I$37000,"1*",'Accounting data'!$J$2:$J$37000,"21*",'Accounting data'!$K$2:$K$37000,"68*")+SUMIFS('Accounting data'!$G$2:$G$37000,'Accounting data'!$H$2:$H$37000,"1500*",'Accounting data'!$I$2:$I$37000,"1*",'Accounting data'!$J$2:$J$37000,"21*",'Accounting data'!$K$2:$K$37000,"68*") -> 62 | I9: 193815 | J9: =SUM(D9:H9) -> 211319 | K9: 169046 | M9: 2. | N9: =IF('Page 2'!J48=0,"",IF(OR('Page 2'!J9<=0),"The Charter did not report any expenses for student support services on line 2. If the Charter did not have any expense, verify by checking the box in A10 on the Cover Page.",""))
A10: 2200 Instruction | C10: 3. | D10: =SUMIFS('Accounting data'!$G$2:$G$37000,'Accounting data'!$H$2:$H$37000,"1000*",'Accounting data'!$I$2:$I$37000,"1*",'Accounting data'!$J$2:$J$37000,"22*",'Accounting data'!$K$2:$K$37000,"61*")+SUMIFS('Accounting data'!$G$2:$G$37000,'Accounting data'!$H$2:$H$37000,"1500*",'Accounting data'!$I$2:$I$37000,"1*",'Accounting data'!$J$2:$J$37000,"22*",'Accounting data'!$K$2:$K$37000,"61*") -> 4096 | E10: =SUMIFS('Accounting data'!$G$2:$G$37000,'Accounting data'!$H$2:$H$37000,"1000*",'Accounting data'!$I$2:$I$37000,"1*",'Accounting data'!$J$2:$J$37000,"22*",'Accounting data'!$K$2:$K$37000,"62*")+SUMIFS('Accounting data'!$G$2:$G$37000,'Accounting data'!$H$2:$H$37000,"1500*",'Accounting data'!$I$2:$I$37000,"1*",'Accounting data'!$J$2:$J$37000,"22*",'Accounting data'!$K$2:$K$37000,"62*") -> 1040 | F10: =SUMIFS('Accounting data'!$G$2:$G$37000,'Accounting data'!$H$2:$H$37000,"1000*",'Accounting data'!$I$2:$I$37000,"1*",'Accounting data'!$J$2:$J$37000,"22*",'Accounting data'!$K$2:$K$37000,"63*")+SUMIFS('Accounting data'!$G$2:$G$37000,'Accounting data'!$H$2:$H$37000,"1500*",'Accounting data'!$I$2:$I$37000,"1*",'Accounting data'!$J$2:$J$37000,"22*",'Accounting data'!$K$2:$K$37000,"63*") -> 594 | G10: =SUMIFS('Accounting data'!$G$2:$G$37000,'Accounting data'!$H$2:$H$37000,"1000*",'Accounting data'!$I$2:$I$37000,"1*",'Accounting data'!$J$2:$J$37000,"22*",'Accounting data'!$K$2:$K$37000,"66*")+SUMIFS('Accounting data'!$G$2:$G$37000,'Accounting data'!$H$2:$H$37000,"1500*",'Accounting data'!$I$2:$I$37000,"1*",'Accounting data'!$J$2:$J$37000,"22*",'Accounting data'!$K$2:$K$37000,"66*") -> 1925 | H10: =SUMIFS('Accounting data'!$G$2:$G$37000,'Accounting data'!$H$2:$H$37000,"1000*",'Accounting data'!$I$2:$I$37000,"1*",'Accounting data'!$J$2:$J$37000,"22*",'Accounting data'!$K$2:$K$37000,"68*")+SUMIFS('Accounting data'!$G$2:$G$37000,'Accounting data'!$H$2:$H$37000,"1500*",'Accounting data'!$I$2:$I$37000,"1*",'Accounting data'!$J$2:$J$37000,"22*",'Accounting data'!$K$2:$K$37000,"68*") -> 0 | I10: 6803 | J10: =SUM(D10:H10) -> 7655 | K10: 35602 | L10: =IF(J10=K10,0,IF(K10>0,(J10-K10)/K10,"--")) -> -0.785 | M10: 3. | N10: =IF('Page 2'!J48=0,"",IF(OR('Page 2'!J10<=0),"The Charter did not report any expenses for instructional support services on line 3. If the Charter did not have any expense, verify by checking the box in A12 on the Cover Page.",""))
A11: 2300 General administration | C11: 4. | D11: =SUMIFS('Accounting data'!$G$2:$G$37000,'Accounting data'!$H$2:$H$37000,"1000*",'Accounting data'!$I$2:$I$37000,"1*",'Accounting data'!$J$2:$J$37000,"23*",'Accounting data'!$K$2:$K$37000,"61*")+SUMIFS('Accounting data'!$G$2:$G$37000,'Accounting data'!$H$2:$H$37000,"1500*",'Accounting data'!$I$2:$I$37000,"1*",'Accounting data'!$J$2:$J$37000,"23*",'Accounting data'!$K$2:$K$37000,"61*") -> 0 | E11: =SUMIFS('Accounting data'!$G$2:$G$37000,'Accounting data'!$H$2:$H$37000,"1000*",'Accounting data'!$I$2:$I$37000,"1*",'Accounting data'!$J$2:$J$37000,"23*",'Accounting data'!$K$2:$K$37000,"62*")+SUMIFS('Accounting data'!$G$2:$G$37000,'Accounting data'!$H$2:$H$37000,"1500*",'Accounting data'!$I$2:$I$37000,"1*",'Accounting data'!$J$2:$J$37000,"23*",'Accounting data'!$K$2:$K$37000,"62*") -> 0 | F11: =SUMIFS('Accounting data'!$G$2:$G$37000,'Accounting data'!$H$2:$H$37000,"1000*",'Accounting data'!$I$2:$I$37000,"1*",'Accounting data'!$J$2:$J$37000,"23*",'Accounting data'!$K$2:$K$37000,"63*")+SUMIFS('Accounting data'!$G$2:$G$37000,'Accounting data'!$H$2:$H$37000,"1500*",'Accounting data'!$I$2:$I$37000,"1*",'Accounting data'!$J$2:$J$37000,"23*",'Accounting data'!$K$2:$K$37000,"63*") -> 17872 | G11: =SUMIFS('Accounting data'!$G$2:$G$37000,'Accounting data'!$H$2:$H$37000,"1000*",'Accounting data'!$I$2:$I$37000,"1*",'Accounting data'!$J$2:$J$37000,"23*",'Accounting data'!$K$2:$K$37000,"66*")+SUMIFS('Accounting data'!$G$2:$G$37000,'Accounting data'!$H$2:$H$37000,"1500*",'Accounting data'!$I$2:$I$37000,"1*",'Accounting data'!$J$2:$J$37000,"23*",'Accounting data'!$K$2:$K$37000,"66*") -> 161 | H11: =SUMIFS('Accounting data'!$G$2:$G$37000,'Accounting data'!$H$2:$H$37000,"1000*",'Accounting data'!$I$2:$I$37000,"1*",'Accounting data'!$J$2:$J$37000,"23*",'Accounting data'!$K$2:$K$37000,"68*")+SUMIFS('Accounting data'!$G$2:$G$37000,'Accounting data'!$H$2:$H$37000,"1500*",'Accounting data'!$I$2:$I$37000,"1*",'Accounting data'!$J$2:$J$37000,"23*",'Accounting data'!$K$2:$K$37000,"68*") -> 1640 | I11: 19618 | J11: =SUM(D11:H11) -> 19673 | K11: 23893 | L11: =IF(J11=K11,0,IF(K11>0,(J11-K11)/K11,"--")) -> -0.1766 | M11: 4.
A12: 2400 School administration | C12: 5. | D12: =SUMIFS('Accounting data'!$G$2:$G$37000,'Accounting data'!$H$2:$H$37000,"1000*",'Accounting data'!$I$2:$I$37000,"1*",'Accounting data'!$J$2:$J$37000,"24*",'Accounting data'!$K$2:$K$37000,"61*")+SUMIFS('Accounting data'!$G$2:$G$37000,'Accounting data'!$H$2:$H$37000,"1500*",'Accounting data'!$I$2:$I$37000,"1*",'Accounting data'!$J$2:$J$37000,"24*",'Accounting data'!$K$2:$K$37000,"61*") -> 143938 | E12: =SUMIFS('Accounting data'!$G$2:$G$37000,'Accounting data'!$H$2:$H$37000,"1000*",'Accounting data'!$I$2:$I$37000,"1*",'Accounting data'!$J$2:$J$37000,"24*",'Accounting data'!$K$2:$K$37000,"62*")+SUMIFS('Accounting data'!$G$2:$G$37000,'Accounting data'!$H$2:$H$37000,"1500*",'Accounting data'!$I$2:$I$37000,"1*",'Accounting data'!$J$2:$J$37000,"24*",'Accounting data'!$K$2:$K$37000,"62*") -> 45850 | F12: =SUMIFS('Accounting data'!$G$2:$G$37000,'Accounting data'!$H$2:$H$37000,"1000*",'Accounting data'!$I$2:$I$37000,"1*",'Accounting data'!$J$2:$J$37000,"24*",'Accounting data'!$K$2:$K$37000,"63*")+SUMIFS('Accounting data'!$G$2:$G$37000,'Accounting data'!$H$2:$H$37000,"1500*",'Accounting data'!$I$2:$I$37000,"1*",'Accounting data'!$J$2:$J$37000,"24*",'Accounting data'!$K$2:$K$37000,"63*") -> 64833 | G12: =SUMIFS('Accounting data'!$G$2:$G$37000,'Accounting data'!$H$2:$H$37000,"1000*",'Accounting data'!$I$2:$I$37000,"1*",'Accounting data'!$J$2:$J$37000,"24*",'Accounting data'!$K$2:$K$37000,"66*")+SUMIFS('Accounting data'!$G$2:$G$37000,'Accounting data'!$H$2:$H$37000,"1500*",'Accounting data'!$I$2:$I$37000,"1*",'Accounting data'!$J$2:$J$37000,"24*",'Accounting data'!$K$2:$K$37000,"66*") -> 3266 | H12: =SUMIFS('Accounting data'!$G$2:$G$37000,'Accounting data'!$H$2:$H$37000,"1000*",'Accounting data'!$I$2:$I$37000,"1*",'Accounting data'!$J$2:$J$37000,"24*",'Accounting data'!$K$2:$K$37000,"68*")+SUMIFS('Accounting data'!$G$2:$G$37000,'Accounting data'!$H$2:$H$37000,"1500*",'Accounting data'!$I$2:$I$37000,"1*",'Accounting data'!$J$2:$J$37000,"24*",'Accounting data'!$K$2:$K$37000,"68*") -> 11182 | I12: 264678 | J12: =SUM(D12:H12) -> 269069 | K12: 285313 | L12: =IF(J12=K12,0,IF(K12>0,(J12-K12)/K12,"--")) -> -0.0569 | M12: 5.
A13: 2500 Central services | C13: 6. | D13: =SUMIFS('Accounting data'!$G$2:$G$37000,'Accounting data'!$H$2:$H$37000,"1000*",'Accounting data'!$I$2:$I$37000,"1*",'Accounting data'!$J$2:$J$37000,"25*",'Accounting data'!$K$2:$K$37000,"61*")+SUMIFS('Accounting data'!$G$2:$G$37000,'Accounting data'!$H$2:$H$37000,"1500*",'Accounting data'!$I$2:$I$37000,"1*",'Accounting data'!$J$2:$J$37000,"25*",'Accounting data'!$K$2:$K$37000,"61*") -> 54874 | E13: =SUMIFS('Accounting data'!$G$2:$G$37000,'Accounting data'!$H$2:$H$37000,"1000*",'Accounting data'!$I$2:$I$37000,"1*",'Accounting data'!$J$2:$J$37000,"25*",'Accounting data'!$K$2:$K$37000,"62*")+SUMIFS('Accounting data'!$G$2:$G$37000,'Accounting data'!$H$2:$H$37000,"1500*",'Accounting data'!$I$2:$I$37000,"1*",'Accounting data'!$J$2:$J$37000,"25*",'Accounting data'!$K$2:$K$37000,"62*") -> 15303 | F13: =SUMIFS('Accounting data'!$G$2:$G$37000,'Accounting data'!$H$2:$H$37000,"1000*",'Accounting data'!$I$2:$I$37000,"1*",'Accounting data'!$J$2:$J$37000,"25*",'Accounting data'!$K$2:$K$37000,"63*")+SUMIFS('Accounting data'!$G$2:$G$37000,'Accounting data'!$H$2:$H$37000,"1500*",'Accounting data'!$I$2:$I$37000,"1*",'Accounting data'!$J$2:$J$37000,"25*",'Accounting data'!$K$2:$K$37000,"63*") -> 46655 | G13: =SUMIFS('Accounting data'!$G$2:$G$37000,'Accounting data'!$H$2:$H$37000,"1000*",'Accounting data'!$I$2:$I$37000,"1*",'Accounting data'!$J$2:$J$37000,"25*",'Accounting data'!$K$2:$K$37000,"66*")+SUMIFS('Accounting data'!$G$2:$G$37000,'Accounting data'!$H$2:$H$37000,"1500*",'Accounting data'!$I$2:$I$37000,"1*",'Accounting data'!$J$2:$J$37000,"25*",'Accounting data'!$K$2:$K$37000,"66*") -> 224 | H13: =SUMIFS('Accounting data'!$G$2:$G$37000,'Accounting data'!$H$2:$H$37000,"1000*",'Accounting data'!$I$2:$I$37000,"1*",'Accounting data'!$J$2:$J$37000,"25*",'Accounting data'!$K$2:$K$37000,"68*")+SUMIFS('Accounting data'!$G$2:$G$37000,'Accounting data'!$H$2:$H$37000,"1500*",'Accounting data'!$I$2:$I$37000,"1*",'Accounting data'!$J$2:$J$37000,"25*",'Accounting data'!$K$2:$K$37000,"68*") -> 20396 | I13: 127593 | J13: =SUM(D13:H13) -> 137452 | K13: 158160 | L13: =IF(J13=K13,0,IF(K13>0,(J13-K13)/K13,"--")) -> -0.1309 | M13: 6.
A14: 2600 Operation & maintenance of plant | C14: 7. | D14: =SUMIFS('Accounting data'!$G$2:$G$37000,'Accounting data'!$H$2:$H$37000,"1000*",'Accounting data'!$I$2:$I$37000,"1*",'Accounting data'!$J$2:$J$37000,"26*",'Accounting data'!$K$2:$K$37000,"61*")+SUMIFS('Accounting data'!$G$2:$G$37000,'Accounting data'!$H$2:$H$37000,"1500*",'Accounting data'!$I$2:$I$37000,"1*",'Accounting data'!$J$2:$J$37000,"26*",'Accounting data'!$K$2:$K$37000,"61*") -> 0 | E14: =SUMIFS('Accounting data'!$G$2:$G$37000,'Accounting data'!$H$2:$H$37000,"1000*",'Accounting data'!$I$2:$I$37000,"1*",'Accounting data'!$J$2:$J$37000,"26*",'Accounting data'!$K$2:$K$37000,"62*")+SUMIFS('Accounting data'!$G$2:$G$37000,'Accounting data'!$H$2:$H$37000,"1500*",'Accounting data'!$I$2:$I$37000,"1*",'Accounting data'!$J$2:$J$37000,"26*",'Accounting data'!$K$2:$K$37000,"62*") -> 127 | F14: =SUMIFS('Accounting data'!$G$2:$G$37000,'Accounting data'!$H$2:$H$37000,"1000*",'Accounting data'!$I$2:$I$37000,"1*",'Accounting data'!$J$2:$J$37000,"26*",'Accounting data'!$K$2:$K$37000,"63*")+SUMIFS('Accounting data'!$G$2:$G$37000,'Accounting data'!$H$2:$H$37000,"1500*",'Accounting data'!$I$2:$I$37000,"1*",'Accounting data'!$J$2:$J$37000,"26*",'Accounting data'!$K$2:$K$37000,"63*") -> 223778 | G14: =SUMIFS('Accounting data'!$G$2:$G$37000,'Accounting data'!$H$2:$H$37000,"1000*",'Accounting data'!$I$2:$I$37000,"1*",'Accounting data'!$J$2:$J$37000,"26*",'Accounting data'!$K$2:$K$37000,"66*")+SUMIFS('Accounting data'!$G$2:$G$37000,'Accounting data'!$H$2:$H$37000,"1500*",'Accounting data'!$I$2:$I$37000,"1*",'Accounting data'!$J$2:$J$37000,"26*",'Accounting data'!$K$2:$K$37000,"66*") -> 19499 | H14: =SUMIFS('Accounting data'!$G$2:$G$37000,'Accounting data'!$H$2:$H$37000,"1000*",'Accounting data'!$I$2:$I$37000,"1*",'Accounting data'!$J$2:$J$37000,"26*",'Accounting data'!$K$2:$K$37000,"68*")+SUMIFS('Accounting data'!$G$2:$G$37000,'Accounting data'!$H$2:$H$37000,"1500*",'Accounting data'!$I$2:$I$37000,"1*",'Accounting data'!$J$2:$J$37000,"26*",'Accounting data'!$K$2:$K$37000,"68*") -> 620 | I14: 240197 | J14: =SUM(D14:H14) -> 244024 | K14: 272842 | L14: =IF(J14=K14,0,IF(K14>0,(J14-K14)/K14,"--")) -> -0.1056 | M14: 7.
A15: 2900 Other support services | C15: 8. | D15: =SUMIFS('Accounting data'!$G$2:$G$37000,'Accounting data'!$H$2:$H$37000,"1000*",'Accounting data'!$I$2:$I$37000,"1*",'Accounting data'!$J$2:$J$37000,"29*",'Accounting data'!$K$2:$K$37000,"61*")+SUMIFS('Accounting data'!$G$2:$G$37000,'Accounting data'!$H$2:$H$37000,"1500*",'Accounting data'!$I$2:$I$37000,"1*",'Accounting data'!$J$2:$J$37000,"29*",'Accounting data'!$K$2:$K$37000,"61*") -> 0 | E15: =SUMIFS('Accounting data'!$G$2:$G$37000,'Accounting data'!$H$2:$H$37000,"1000*",'Accounting data'!$I$2:$I$37000,"1*",'Accounting data'!$J$2:$J$37000,"29*",'Accounting data'!$K$2:$K$37000,"62*")+SUMIFS('Accounting data'!$G$2:$G$37000,'Accounting data'!$H$2:$H$37000,"1500*",'Accounting data'!$I$2:$I$37000,"1*",'Accounting data'!$J$2:$J$37000,"29*",'Accounting data'!$K$2:$K$37000,"62*") -> 0 | F15: =SUMIFS('Accounting data'!$G$2:$G$37000,'Accounting data'!$H$2:$H$37000,"1000*",'Accounting data'!$I$2:$I$37000,"1*",'Accounting data'!$J$2:$J$37000,"29*",'Accounting data'!$K$2:$K$37000,"63*")+SUMIFS('Accounting data'!$G$2:$G$37000,'Accounting data'!$H$2:$H$37000,"1500*",'Accounting data'!$I$2:$I$37000,"1*",'Accounting data'!$J$2:$J$37000,"29*",'Accounting data'!$K$2:$K$37000,"63*") -> 0 | G15: =SUMIFS('Accounting data'!$G$2:$G$37000,'Accounting data'!$H$2:$H$37000,"1000*",'Accounting data'!$I$2:$I$37000,"1*",'Accounting data'!$J$2:$J$37000,"29*",'Accounting data'!$K$2:$K$37000,"66*")+SUMIFS('Accounting data'!$G$2:$G$37000,'Accounting data'!$H$2:$H$37000,"1500*",'Accounting data'!$I$2:$I$37000,"1*",'Accounting data'!$J$2:$J$37000,"29*",'Accounting data'!$K$2:$K$37000,"66*") -> 0 | H15: =SUMIFS('Accounting data'!$G$2:$G$37000,'Accounting data'!$H$2:$H$37000,"1000*",'Accounting data'!$I$2:$I$37000,"1*",'Accounting data'!$J$2:$J$37000,"29*",'Accounting data'!$K$2:$K$37000,"68*")+SUMIFS('Accounting data'!$G$2:$G$37000,'Accounting data'!$H$2:$H$37000,"1500*",'Accounting data'!$I$2:$I$37000,"1*",'Accounting data'!$J$2:$J$37000,"29*",'Accounting data'!$K$2:$K$37000,"68*") -> 0 | I15: 0 | J15: =SUM(D15:H15) -> 0 | K15: 0 | L15: =IF(J15=K15,0,IF(K15>0,(J15-K15)/K15,"--")) -> 0 | M15: 8.
A16: 3000 Operation of noninstructional services | C16: 9. | D16: =SUMIFS('Accounting data'!$G$2:$G$37000,'Accounting data'!$H$2:$H$37000,"1000*",'Accounting data'!$I$2:$I$37000,"1*",'Accounting data'!$J$2:$J$37000,"3*",'Accounting data'!$K$2:$K$37000,"61*")+SUMIFS('Accounting data'!$G$2:$G$37000,'Accounting data'!$H$2:$H$37000,"1500*",'Accounting data'!$I$2:$I$37000,"1*",'Accounting data'!$J$2:$J$37000,"3*",'Accounting data'!$K$2:$K$37000,"61*") -> 0 | E16: =SUMIFS('Accounting data'!$G$2:$G$37000,'Accounting data'!$H$2:$H$37000,"1000*",'Accounting data'!$I$2:$I$37000,"1*",'Accounting data'!$J$2:$J$37000,"3*",'Accounting data'!$K$2:$K$37000,"62*")+SUMIFS('Accounting data'!$G$2:$G$37000,'Accounting data'!$H$2:$H$37000,"1500*",'Accounting data'!$I$2:$I$37000,"1*",'Accounting data'!$J$2:$J$37000,"3*",'Accounting data'!$K$2:$K$37000,"62*") -> 0 | F16: =SUMIFS('Accounting data'!$G$2:$G$37000,'Accounting data'!$H$2:$H$37000,"1000*",'Accounting data'!$I$2:$I$37000,"1*",'Accounting data'!$J$2:$J$37000,"3*",'Accounting data'!$K$2:$K$37000,"63*")+SUMIFS('Accounting data'!$G$2:$G$37000,'Accounting data'!$H$2:$H$37000,"1500*",'Accounting data'!$I$2:$I$37000,"1*",'Accounting data'!$J$2:$J$37000,"3*",'Accounting data'!$K$2:$K$37000,"63*") -> 0 | G16: =SUMIFS('Accounting data'!$G$2:$G$37000,'Accounting data'!$H$2:$H$37000,"1000*",'Accounting data'!$I$2:$I$37000,"1*",'Accounting data'!$J$2:$J$37000,"3*",'Accounting data'!$K$2:$K$37000,"66*")+SUMIFS('Accounting data'!$G$2:$G$37000,'Accounting data'!$H$2:$H$37000,"1500*",'Accounting data'!$I$2:$I$37000,"1*",'Accounting data'!$J$2:$J$37000,"3*",'Accounting data'!$K$2:$K$37000,"66*") -> 0 | H16: =SUMIFS('Accounting data'!$G$2:$G$37000,'Accounting data'!$H$2:$H$37000,"1000*",'Accounting data'!$I$2:$I$37000,"1*",'Accounting data'!$J$2:$J$37000,"3*",'Accounting data'!$K$2:$K$37000,"68*")+SUMIFS('Accounting data'!$G$2:$G$37000,'Accounting data'!$H$2:$H$37000,"1500*",'Accounting data'!$I$2:$I$37000,"1*",'Accounting data'!$J$2:$J$37000,"3*",'Accounting data'!$K$2:$K$37000,"68*") -> 0 | I16: 0 | J16: =SUM(D16:H16) -> 0 | K16: 0 | L16: =IF(J16=K16,0,IF(K16>0,(J16-K16)/K16,"--")) -> 0 | M16: 9.
A17: 4000 Facilities acquisition & construction | C17: 10. | D17: =SUMIFS('Accounting data'!$G$2:$G$37000,'Accounting data'!$H$2:$H$37000,"1000*",'Accounting data'!$I$2:$I$37000,"1*",'Accounting data'!$J$2:$J$37000,"4*",'Accounting data'!$K$2:$K$37000,"61*")+SUMIFS('Accounting data'!$G$2:$G$37000,'Accounting data'!$H$2:$H$37000,"1500*",'Accounting data'!$I$2:$I$37000,"1*",'Accounting data'!$J$2:$J$37000,"4*",'Accounting data'!$K$2:$K$37000,"61*") -> 0 | E17: =SUMIFS('Accounting data'!$G$2:$G$37000,'Accounting data'!$H$2:$H$37000,"1000*",'Accounting data'!$I$2:$I$37000,"1*",'Accounting data'!$J$2:$J$37000,"4*",'Accounting data'!$K$2:$K$37000,"62*")+SUMIFS('Accounting data'!$G$2:$G$37000,'Accounting data'!$H$2:$H$37000,"1500*",'Accounting data'!$I$2:$I$37000,"1*",'Accounting data'!$J$2:$J$37000,"4*",'Accounting data'!$K$2:$K$37000,"62*") -> 0 | F17: =SUMIFS('Accounting data'!$G$2:$G$37000,'Accounting data'!$H$2:$H$37000,"1000*",'Accounting data'!$I$2:$I$37000,"1*",'Accounting data'!$J$2:$J$37000,"4*",'Accounting data'!$K$2:$K$37000,"63*")+SUMIFS('Accounting data'!$G$2:$G$37000,'Accounting data'!$H$2:$H$37000,"1500*",'Accounting data'!$I$2:$I$37000,"1*",'Accounting data'!$J$2:$J$37000,"4*",'Accounting data'!$K$2:$K$37000,"63*") -> 0 | G17: =SUMIFS('Accounting data'!$G$2:$G$37000,'Accounting data'!$H$2:$H$37000,"1000*",'Accounting data'!$I$2:$I$37000,"1*",'Accounting data'!$J$2:$J$37000,"4*",'Accounting data'!$K$2:$K$37000,"66*")+SUMIFS('Accounting data'!$G$2:$G$37000,'Accounting data'!$H$2:$H$37000,"1500*",'Accounting data'!$I$2:$I$37000,"1*",'Accounting data'!$J$2:$J$37000,"4*",'Accounting data'!$K$2:$K$37000,"66*") -> 0 | H17: =SUMIFS('Accounting data'!$G$2:$G$37000,'Accounting data'!$H$2:$H$37000,"1000*",'Accounting data'!$I$2:$I$37000,"1*",'Accounting data'!$J$2:$J$37000,"4*",'Accounting data'!$K$2:$K$37000,"68*")+SUMIFS('Accounting data'!$G$2:$G$37000,'Accounting data'!$H$2:$H$37000,"1500*",'Accounting data'!$I$2:$I$37000,"1*",'Accounting data'!$J$2:$J$37000,"4*",'Accounting data'!$K$2:$K$37000,"68*") -> 0 | I17: 0 | J17: =SUM(D17:H17) -> 0 | K17: 0 | L17: =IF(J17=K17,0,IF(K17>0,(J17-K17)/K17,"--")) -> 0 | M17: 10.
A18: 5000 Debt service | C18: 11. | D18: =SUMIFS('Accounting data'!$G$2:$G$37000,'Accounting data'!$H$2:$H$37000,"1000*",'Accounting data'!$I$2:$I$37000,"1*",'Accounting data'!$J$2:$J$37000,"5*",'Accounting data'!$K$2:$K$37000,"61*")+SUMIFS('Accounting data'!$G$2:$G$37000,'Accounting data'!$H$2:$H$37000,"1500*",'Accounting data'!$I$2:$I$37000,"1*",'Accounting data'!$J$2:$J$37000,"5*",'Accounting data'!$K$2:$K$37000,"61*") -> 0 | E18: =SUMIFS('Accounting data'!$G$2:$G$37000,'Accounting data'!$H$2:$H$37000,"1000*",'Accounting data'!$I$2:$I$37000,"1*",'Accounting data'!$J$2:$J$37000,"5*",'Accounting data'!$K$2:$K$37000,"62*")+SUMIFS('Accounting data'!$G$2:$G$37000,'Accounting data'!$H$2:$H$37000,"1500*",'Accounting data'!$I$2:$I$37000,"1*",'Accounting data'!$J$2:$J$37000,"5*",'Accounting data'!$K$2:$K$37000,"62*") -> 0 | F18: =SUMIFS('Accounting data'!$G$2:$G$37000,'Accounting data'!$H$2:$H$37000,"1000*",'Accounting data'!$I$2:$I$37000,"1*",'Accounting data'!$J$2:$J$37000,"5*",'Accounting data'!$K$2:$K$37000,"63*")+SUMIFS('Accounting data'!$G$2:$G$37000,'Accounting data'!$H$2:$H$37000,"1500*",'Accounting data'!$I$2:$I$37000,"1*",'Accounting data'!$J$2:$J$37000,"5*",'Accounting data'!$K$2:$K$37000,"63*") -> 0 | G18: =SUMIFS('Accounting data'!$G$2:$G$37000,'Accounting data'!$H$2:$H$37000,"1000*",'Accounting data'!$I$2:$I$37000,"1*",'Accounting data'!$J$2:$J$37000,"5*",'Accounting data'!$K$2:$K$37000,"66*")+SUMIFS('Accounting data'!$G$2:$G$37000,'Accounting data'!$H$2:$H$37000,"1500*",'Accounting data'!$I$2:$I$37000,"1*",'Accounting data'!$J$2:$J$37000,"5*",'Accounting data'!$K$2:$K$37000,"66*") -> 0 | H18: =SUMIFS('Accounting data'!$G$2:$G$37000,'Accounting data'!$H$2:$H$37000,"1000*",'Accounting data'!$I$2:$I$37000,"1*",'Accounting data'!$J$2:$J$37000,"5*",'Accounting data'!$K$2:$K$37000,"68*")+SUMIFS('Accounting data'!$G$2:$G$37000,'Accounting data'!$H$2:$H$37000,"1500*",'Accounting data'!$I$2:$I$37000,"1*",'Accounting data'!$J$2:$J$37000,"5*",'Accounting data'!$K$2:$K$37000,"68*") -> 173872 | I18: 170412 | J18: =SUM(D18:H18) -> 173872 | K18: 182777 | L18: =IF(J18=K18,0,IF(K18>0,(J18-K18)/K18,"--")) -> -0.0487 | M18: 11.
A19: 610 School-sponsored cocurricular activities | C19: 12. | D19: =SUMIFS('Accounting data'!$G$2:$G$37000,'Accounting data'!$H$2:$H$37000,"1000*",'Accounting data'!$I$2:$I$37000,"61*",'Accounting data'!$K$2:$K$37000,"61*")+SUMIFS('Accounting data'!$G$2:$G$37000,'Accounting data'!$H$2:$H$37000,"1500*",'Accounting data'!$I$2:$I$37000,"61*",'Accounting data'!$K$2:$K$37000,"61*") -> 0 | E19: =SUMIFS('Accounting data'!$G$2:$G$37000,'Accounting data'!$H$2:$H$37000,"1000*",'Accounting data'!$I$2:$I$37000,"61*",'Accounting data'!$K$2:$K$37000,"62*")+SUMIFS('Accounting data'!$G$2:$G$37000,'Accounting data'!$H$2:$H$37000,"1500*",'Accounting data'!$I$2:$I$37000,"61*",'Accounting data'!$K$2:$K$37000,"62*") -> 0 | F19: =SUMIFS('Accounting data'!$G$2:$G$37000,'Accounting data'!$H$2:$H$37000,"1000*",'Accounting data'!$I$2:$I$37000,"61*",'Accounting data'!$K$2:$K$37000,"63*")+SUMIFS('Accounting data'!$G$2:$G$37000,'Accounting data'!$H$2:$H$37000,"1500*",'Accounting data'!$I$2:$I$37000,"61*",'Accounting data'!$K$2:$K$37000,"63*") -> 0 | G19: =SUMIFS('Accounting data'!$G$2:$G$37000,'Accounting data'!$H$2:$H$37000,"1000*",'Accounting data'!$I$2:$I$37000,"61*",'Accounting data'!$K$2:$K$37000,"66*")+SUMIFS('Accounting data'!$G$2:$G$37000,'Accounting data'!$H$2:$H$37000,"1500*",'Accounting data'!$I$2:$I$37000,"61*",'Accounting data'!$K$2:$K$37000,"66*") -> 1545 | H19: =SUMIFS('Accounting data'!$G$2:$G$37000,'Accounting data'!$H$2:$H$37000,"1000*",'Accounting data'!$I$2:$I$37000,"61*",'Accounting data'!$K$2:$K$37000,"68*")+SUMIFS('Accounting data'!$G$2:$G$37000,'Accounting data'!$H$2:$H$37000,"1500*",'Accounting data'!$I$2:$I$37000,"61*",'Accounting data'!$K$2:$K$37000,"68*") -> 0 | I19: 0 | J19: =SUM(D19:H19) -> 1545 | K19: 0 | L19: =IF(J19=K19,0,IF(K19>0,(J19-K19)/K19,"--")) -> -- | M19: 12.
A20: 620 School-sponsored athletics | C20: 13. | D20: =SUMIFS('Accounting data'!$G$2:$G$37000,'Accounting data'!$H$2:$H$37000,"1000*",'Accounting data'!$I$2:$I$37000,"62*",'Accounting data'!$K$2:$K$37000,"61*")+SUMIFS('Accounting data'!$G$2:$G$37000,'Accounting data'!$H$2:$H$37000,"1500*",'Accounting data'!$I$2:$I$37000,"62*",'Accounting data'!$K$2:$K$37000,"61*") -> 0 | E20: =SUMIFS('Accounting data'!$G$2:$G$37000,'Accounting data'!$H$2:$H$37000,"1000*",'Accounting data'!$I$2:$I$37000,"62*",'Accounting data'!$K$2:$K$37000,"62*")+SUMIFS('Accounting data'!$G$2:$G$37000,'Accounting data'!$H$2:$H$37000,"1500*",'Accounting data'!$I$2:$I$37000,"62*",'Accounting data'!$K$2:$K$37000,"62*") -> 0 | F20: =SUMIFS('Accounting data'!$G$2:$G$37000,'Accounting data'!$H$2:$H$37000,"1000*",'Accounting data'!$I$2:$I$37000,"62*",'Accounting data'!$K$2:$K$37000,"63*")+SUMIFS('Accounting data'!$G$2:$G$37000,'Accounting data'!$H$2:$H$37000,"1500*",'Accounting data'!$I$2:$I$37000,"62*",'Accounting data'!$K$2:$K$37000,"63*") -> 0 | G20: =SUMIFS('Accounting data'!$G$2:$G$37000,'Accounting data'!$H$2:$H$37000,"1000*",'Accounting data'!$I$2:$I$37000,"62*",'Accounting data'!$K$2:$K$37000,"66*")+SUMIFS('Accounting data'!$G$2:$G$37000,'Accounting data'!$H$2:$H$37000,"1500*",'Accounting data'!$I$2:$I$37000,"62*",'Accounting data'!$K$2:$K$37000,"66*") -> 0 | H20: =SUMIFS('Accounting data'!$G$2:$G$37000,'Accounting data'!$H$2:$H$37000,"1000*",'Accounting data'!$I$2:$I$37000,"62*",'Accounting data'!$K$2:$K$37000,"68*")+SUMIFS('Accounting data'!$G$2:$G$37000,'Accounting data'!$H$2:$H$37000,"1500*",'Accounting data'!$I$2:$I$37000,"62*",'Accounting data'!$K$2:$K$37000,"68*") -> 0 | I20: 0 | J20: =SUM(D20:H20) -> 0 | K20: 0 | L20: =IF(J20=K20,0,IF(K20>0,(J20-K20)/K20,"--")) -> 0 | M20: 13.
A21: 630 Other instructional programs | C21: 14. | D21: =SUMIFS('Accounting data'!$G$2:$G$37000,'Accounting data'!$H$2:$H$37000,"1000*",'Accounting data'!$I$2:$I$37000,"63*",'Accounting data'!$K$2:$K$37000,"61*")+SUMIFS('Accounting data'!$G$2:$G$37000,'Accounting data'!$H$2:$H$37000,"1500*",'Accounting data'!$I$2:$I$37000,"63*",'Accounting data'!$K$2:$K$37000,"61*") -> 0 | E21: =SUMIFS('Accounting data'!$G$2:$G$37000,'Accounting data'!$H$2:$H$37000,"1000*",'Accounting data'!$I$2:$I$37000,"63*",'Accounting data'!$K$2:$K$37000,"62*")+SUMIFS('Accounting data'!$G$2:$G$37000,'Accounting data'!$H$2:$H$37000,"1500*",'Accounting data'!$I$2:$I$37000,"63*",'Accounting data'!$K$2:$K$37000,"62*") -> 0 | F21: =SUMIFS('Accounting data'!$G$2:$G$37000,'Accounting data'!$H$2:$H$37000,"1000*",'Accounting data'!$I$2:$I$37000,"63*",'Accounting data'!$K$2:$K$37000,"63*")+SUMIFS('Accounting data'!$G$2:$G$37000,'Accounting data'!$H$2:$H$37000,"1500*",'Accounting data'!$I$2:$I$37000,"63*",'Accounting data'!$K$2:$K$37000,"63*") -> 0 | G21: =SUMIFS('Accounting data'!$G$2:$G$37000,'Accounting data'!$H$2:$H$37000,"1000*",'Accounting data'!$I$2:$I$37000,"63*",'Accounting data'!$K$2:$K$37000,"66*")+SUMIFS('Accounting data'!$G$2:$G$37000,'Accounting data'!$H$2:$H$37000,"1500*",'Accounting data'!$I$2:$I$37000,"63*",'Accounting data'!$K$2:$K$37000,"66*") -> 0 | H21: =SUMIFS('Accounting data'!$G$2:$G$37000,'Accounting data'!$H$2:$H$37000,"1000*",'Accounting data'!$I$2:$I$37000,"63*",'Accounting data'!$K$2:$K$37000,"68*")+SUMIFS('Accounting data'!$G$2:$G$37000,'Accounting data'!$H$2:$H$37000,"1500*",'Accounting data'!$I$2:$I$37000,"63*",'Accounting data'!$K$2:$K$37000,"68*") -> 0 | I21: 0 | J21: =SUM(D21:H21) -> 0 | K21: 0 | L21: =IF(J21+J22=K22,0,IF(K22>0,(J21+J22-K22)/K22,"--")) -> 0 | M21: 14.
A22: 700, 800, 900 Other programs | C22: 15. | D22: =SUMIFS('Accounting data'!$G$2:$G$37000,'Accounting data'!$H$2:$H$37000,"1000*",'Accounting data'!$I$2:$I$37000,"7*",'Accounting data'!$K$2:$K$37000,"61*")+SUMIFS('Accounting data'!$G$2:$G$37000,'Accounting data'!$H$2:$H$37000,"1000*",'Accounting data'!$I$2:$I$37000,"8*",'Accounting data'!$K$2:$K$37000,"61*")+SUMIFS('Accounting data'!$G$2:$G$37000,'Accounting data'!$H$2:$H$37000,"1000*",'Accounting data'!$I$2:$I$37000,"9*",'Accounting data'!$K$2:$K$37000,"61*")+SUMIFS('Accounting data'!$G$2:$G$37000,'Accounting data'!$H$2:$H$37000,"1500*",'Accounting data'!$I$2:$I$37000,"7*",'Accounting data'!$K$2:$K$37000,"61*")+SUMIFS('Accounting data'!$G$2:$G$37000,'Accounting data'!$H$2:$H$37000,"1500*",'Accounting data'!$I$2:$I$37000,"8*",'Accounting data'!$K$2:$K$37000,"61*")+SUMIFS('Accounting data'!$G$2:$G$37000,'Accounting data'!$H$2:$H$37000,"1500*",'Accounting data'!$I$2:$I$37000,"9*",'Accounting data'!$K$2:$K$37000,"61*") -> 0 | E22: =SUMIFS('Accounting data'!$G$2:$G$37000,'Accounting data'!$H$2:$H$37000,"1000*",'Accounting data'!$I$2:$I$37000,"7*",'Accounting data'!$K$2:$K$37000,"62*")+SUMIFS('Accounting data'!$G$2:$G$37000,'Accounting data'!$H$2:$H$37000,"1000*",'Accounting data'!$I$2:$I$37000,"8*",'Accounting data'!$K$2:$K$37000,"62*")+SUMIFS('Accounting data'!$G$2:$G$37000,'Accounting data'!$H$2:$H$37000,"1000*",'Accounting data'!$I$2:$I$37000,"9*",'Accounting data'!$K$2:$K$37000,"62*")+SUMIFS('Accounting data'!$G$2:$G$37000,'Accounting data'!$H$2:$H$37000,"1500*",'Accounting data'!$I$2:$I$37000,"7*",'Accounting data'!$K$2:$K$37000,"62*")+SUMIFS('Accounting data'!$G$2:$G$37000,'Accounting data'!$H$2:$H$37000,"1500*",'Accounting data'!$I$2:$I$37000,"8*",'Accounting data'!$K$2:$K$37000,"62*")+SUMIFS('Accounting data'!$G$2:$G$37000,'Accounting data'!$H$2:$H$37000,"1500*",'Accounting data'!$I$2:$I$37000,"9*",'Accounting data'!$K$2:$K$37000,"62*") -> 0 | F22: =SUMIFS('Accounting data'!$G$2:$G$37000,'Accounting data'!$H$2:$H$37000,"1000*",'Accounting data'!$I$2:$I$37000,"7*",'Accounting data'!$K$2:$K$37000,"63*")+SUMIFS('Accounting data'!$G$2:$G$37000,'Accounting data'!$H$2:$H$37000,"1000*",'Accounting data'!$I$2:$I$37000,"8*",'Accounting data'!$K$2:$K$37000,"63*")+SUMIFS('Accounting data'!$G$2:$G$37000,'Accounting data'!$H$2:$H$37000,"1000*",'Accounting data'!$I$2:$I$37000,"9*",'Accounting data'!$K$2:$K$37000,"63*")+SUMIFS('Accounting data'!$G$2:$G$37000,'Accounting data'!$H$2:$H$37000,"1500*",'Accounting data'!$I$2:$I$37000,"7*",'Accounting data'!$K$2:$K$37000,"63*")+SUMIFS('Accounting data'!$G$2:$G$37000,'Accounting data'!$H$2:$H$37000,"1500*",'Accounting data'!$I$2:$I$37000,"8*",'Accounting data'!$K$2:$K$37000,"63*")+SUMIFS('Accounting data'!$G$2:$G$37000,'Accounting data'!$H$2:$H$37000,"1500*",'Accounting data'!$I$2:$I$37000,"9*",'Accounting data'!$K$2:$K$37000,"63*") -> 0 | G22: =SUMIFS('Accounting data'!$G$2:$G$37000,'Accounting data'!$H$2:$H$37000,"1000*",'Accounting data'!$I$2:$I$37000,"7*",'Accounting data'!$K$2:$K$37000,"66*")+SUMIFS('Accounting data'!$G$2:$G$37000,'Accounting data'!$H$2:$H$37000,"1000*",'Accounting data'!$I$2:$I$37000,"8*",'Accounting data'!$K$2:$K$37000,"66*")+SUMIFS('Accounting data'!$G$2:$G$37000,'Accounting data'!$H$2:$H$37000,"1000*",'Accounting data'!$I$2:$I$37000,"9*",'Accounting data'!$K$2:$K$37000,"66*")+SUMIFS('Accounting data'!$G$2:$G$37000,'Accounting data'!$H$2:$H$37000,"1500*",'Accounting data'!$I$2:$I$37000,"7*",'Accounting data'!$K$2:$K$37000,"66*")+SUMIFS('Accounting data'!$G$2:$G$37000,'Accounting data'!$H$2:$H$37000,"1500*",'Accounting data'!$I$2:$I$37000,"8*",'Accounting data'!$K$2:$K$37000,"66*")+SUMIFS('Accounting data'!$G$2:$G$37000,'Accounting data'!$H$2:$H$37000,"1500*",'Accounting data'!$I$2:$I$37000,"9*",'Accounting data'!$K$2:$K$37000,"66*") -> 0 | H22: =SUMIFS('Accounting data'!$G$2:$G$37000,'Accounting data'!$H$2:$H$37000,"1000*",'Accounting data'!$I$2:$I$37000,"7*",'Accounting data'!$K$2:$K$37000,"68*")+SUMIFS('Accounting data'!$G$2:$G$37000,'Accounting data'!$H$2:$H$37000,"1000*",'Accounting data'!$I$2:$I$37000,"8*",'Accounting data'!$K$2:$K$37000,"68*")+SUMIFS('Accounting data'!$G$2:$G$37000,'Accounting data'!$H$2:$H$37000,"1000*",'Accounting data'!$I$2:$I$37000,"9*",'Accounting data'!$K$2:$K$37000,"68*")+SUMIFS('Accounting data'!$G$2:$G$37000,'Accounting data'!$H$2:$H$37000,"1500*",'Accounting data'!$I$2:$I$37000,"7*",'Accounting data'!$K$2:$K$37000,"68*")+SUMIFS('Accounting data'!$G$2:$G$37000,'Accounting data'!$H$2:$H$37000,"1500*",'Accounting data'!$I$2:$I$37000,"8*",'Accounting data'!$K$2:$K$37000,"68*")+SUMIFS('Accounting data'!$G$2:$G$37000,'Accounting data'!$H$2:$H$37000,"1500*",'Accounting data'!$I$2:$I$37000,"9*",'Accounting data'!$K$2:$K$37000,"68*") -> 0 | J22: =SUM(D22:H22) -> 0 | K22: 0 | M22: 15.
A23: Subtotal (lines 1-15) | C23: 16. | D23: =SUM(D6:D22) -> 539207 | E23: =SUM(E6:E22) -> 178200 | F23: =SUM(F6:F22) -> 379293 | G23: =SUM(G6:G22) -> 62396 | H23: =SUM(H6:H22) -> 207977 | I23: =SUM(I7:I22) -> 1361421 | J23: =SUM(J7:J22) -> 1367073 | K23: =SUM(K7:K22) -> 1635212 | L23: =IF(J23=K23,0,IF(K23>0,(J23-K23)/K23,"--")) -> -0.164 | M23: 16.
A24: 200 Special education | L24: =IF(J25=K25,0,IF(K25>0,(J25-K25)/K25,"--")) -> -0.0852
A25: 1000 Instruction | C25: 17. | D25: =SUMIFS('Accounting data'!$G$2:$G$37000,'Accounting data'!$H$2:$H$37000,"1000*",'Accounting data'!$I$2:$I$37000,"200*",'Accounting data'!$J$2:$J$37000,"1*",'Accounting data'!$K$2:$K$37000,"61*")+SUMIFS('Accounting data'!$G$2:$G$37000,'Accounting data'!$H$2:$H$37000,"1500*",'Accounting data'!$I$2:$I$37000,"200*",'Accounting data'!$J$2:$J$37000,"1*",'Accounting data'!$K$2:$K$37000,"61*")+SUMIFS('Accounting data'!$G$2:$G$37000,'Accounting data'!$H$2:$H$37000,"1000*",'Accounting data'!$I$2:$I$37000,"270*",'Accounting data'!$J$2:$J$37000,"1*",'Accounting data'!$K$2:$K$37000,"61*")+SUMIFS('Accounting data'!$G$2:$G$37000,'Accounting data'!$H$2:$H$37000,"1500*",'Accounting data'!$I$2:$I$37000,"270*",'Accounting data'!$J$2:$J$37000,"1*",'Accounting data'!$K$2:$K$37000,"61*") -> 117785 | E25: =SUMIFS('Accounting data'!$G$2:$G$37000,'Accounting data'!$H$2:$H$37000,"1000*",'Accounting data'!$I$2:$I$37000,"200*",'Accounting data'!$J$2:$J$37000,"1*",'Accounting data'!$K$2:$K$37000,"62*")+SUMIFS('Accounting data'!$G$2:$G$37000,'Accounting data'!$H$2:$H$37000,"1500*",'Accounting data'!$I$2:$I$37000,"200*",'Accounting data'!$J$2:$J$37000,"1*",'Accounting data'!$K$2:$K$37000,"62*")+SUMIFS('Accounting data'!$G$2:$G$37000,'Accounting data'!$H$2:$H$37000,"1000*",'Accounting data'!$I$2:$I$37000,"270*",'Accounting data'!$J$2:$J$37000,"1*",'Accounting data'!$K$2:$K$37000,"62*")+SUMIFS('Accounting data'!$G$2:$G$37000,'Accounting data'!$H$2:$H$37000,"1500*",'Accounting data'!$I$2:$I$37000,"270*",'Accounting data'!$J$2:$J$37000,"1*",'Accounting data'!$K$2:$K$37000,"62*") -> 34503 | F25: =SUMIFS('Accounting data'!$G$2:$G$37000,'Accounting data'!$H$2:$H$37000,"1000*",'Accounting data'!$I$2:$I$37000,"200*",'Accounting data'!$J$2:$J$37000,"1*",'Accounting data'!$K$2:$K$37000,"63*")+SUMIFS('Accounting data'!$G$2:$G$37000,'Accounting data'!$H$2:$H$37000,"1500*",'Accounting data'!$I$2:$I$37000,"200*",'Accounting data'!$J$2:$J$37000,"1*",'Accounting data'!$K$2:$K$37000,"63*")+SUMIFS('Accounting data'!$G$2:$G$37000,'Accounting data'!$H$2:$H$37000,"1000*",'Accounting data'!$I$2:$I$37000,"270*",'Accounting data'!$J$2:$J$37000,"1*",'Accounting data'!$K$2:$K$37000,"63*")+SUMIFS('Accounting data'!$G$2:$G$37000,'Accounting data'!$H$2:$H$37000,"1500*",'Accounting data'!$I$2:$I$37000,"270*",'Accounting data'!$J$2:$J$37000,"1*",'Accounting data'!$K$2:$K$37000,"63*") -> 74 | G25: =SUMIFS('Accounting data'!$G$2:$G$37000,'Accounting data'!$H$2:$H$37000,"1000*",'Accounting data'!$I$2:$I$37000,"200*",'Accounting data'!$J$2:$J$37000,"1*",'Accounting data'!$K$2:$K$37000,"66*")+SUMIFS('Accounting data'!$G$2:$G$37000,'Accounting data'!$H$2:$H$37000,"1500*",'Accounting data'!$I$2:$I$37000,"200*",'Accounting data'!$J$2:$J$37000,"1*",'Accounting data'!$K$2:$K$37000,"66*")+SUMIFS('Accounting data'!$G$2:$G$37000,'Accounting data'!$H$2:$H$37000,"1000*",'Accounting data'!$I$2:$I$37000,"270*",'Accounting data'!$J$2:$J$37000,"1*",'Accounting data'!$K$2:$K$37000,"66*")+SUMIFS('Accounting data'!$G$2:$G$37000,'Accounting data'!$H$2:$H$37000,"1500*",'Accounting data'!$I$2:$I$37000,"270*",'Accounting data'!$J$2:$J$37000,"1*",'Accounting data'!$K$2:$K$37000,"66*") -> 150 | H25: =SUMIFS('Accounting data'!$G$2:$G$37000,'Accounting data'!$H$2:$H$37000,"1000*",'Accounting data'!$I$2:$I$37000,"200*",'Accounting data'!$J$2:$J$37000,"1*",'Accounting data'!$K$2:$K$37000,"68*")+SUMIFS('Accounting data'!$G$2:$G$37000,'Accounting data'!$H$2:$H$37000,"1500*",'Accounting data'!$I$2:$I$37000,"200*",'Accounting data'!$J$2:$J$37000,"1*",'Accounting data'!$K$2:$K$37000,"68*")+SUMIFS('Accounting data'!$G$2:$G$37000,'Accounting data'!$H$2:$H$37000,"1000*",'Accounting data'!$I$2:$I$37000,"270*",'Accounting data'!$J$2:$J$37000,"1*",'Accounting data'!$K$2:$K$37000,"68*")+SUMIFS('Accounting data'!$G$2:$G$37000,'Accounting data'!$H$2:$H$37000,"1500*",'Accounting data'!$I$2:$I$37000,"270*",'Accounting data'!$J$2:$J$37000,"1*",'Accounting data'!$K$2:$K$37000,"68*") -> 0 | I25: 157987 | J25: =SUM(D25:H25) -> 152512 | K25: 166715 | M25: 17.
A26: 2000 Support services | L26: =IF(J27=K27,0,IF(K27>0,(J27-K27)/K27,"--")) -> 1.1945
A27: 2100 Students | C27: 18. | D27: =SUMIFS('Accounting data'!$G$2:$G$37000,'Accounting data'!$H$2:$H$37000,"1000*",'Accounting data'!$I$2:$I$37000,"200*",'Accounting data'!$J$2:$J$37000,"21*",'Accounting data'!$K$2:$K$37000,"61*")+SUMIFS('Accounting data'!$G$2:$G$37000,'Accounting data'!$H$2:$H$37000,"1500*",'Accounting data'!$I$2:$I$37000,"200*",'Accounting data'!$J$2:$J$37000,"21*",'Accounting data'!$K$2:$K$37000,"61*")+SUMIFS('Accounting data'!$G$2:$G$37000,'Accounting data'!$H$2:$H$37000,"1000*",'Accounting data'!$I$2:$I$37000,"270*",'Accounting data'!$J$2:$J$37000,"21*",'Accounting data'!$K$2:$K$37000,"61*")+SUMIFS('Accounting data'!$G$2:$G$37000,'Accounting data'!$H$2:$H$37000,"1500*",'Accounting data'!$I$2:$I$37000,"270*",'Accounting data'!$J$2:$J$37000,"21*",'Accounting data'!$K$2:$K$37000,"61*") -> 4952 | E27: =SUMIFS('Accounting data'!$G$2:$G$37000,'Accounting data'!$H$2:$H$37000,"1000*",'Accounting data'!$I$2:$I$37000,"200*",'Accounting data'!$J$2:$J$37000,"21*",'Accounting data'!$K$2:$K$37000,"62*")+SUMIFS('Accounting data'!$G$2:$G$37000,'Accounting data'!$H$2:$H$37000,"1500*",'Accounting data'!$I$2:$I$37000,"200*",'Accounting data'!$J$2:$J$37000,"21*",'Accounting data'!$K$2:$K$37000,"62*")+SUMIFS('Accounting data'!$G$2:$G$37000,'Accounting data'!$H$2:$H$37000,"1000*",'Accounting data'!$I$2:$I$37000,"270*",'Accounting data'!$J$2:$J$37000,"21*",'Accounting data'!$K$2:$K$37000,"62*")+SUMIFS('Accounting data'!$G$2:$G$37000,'Accounting data'!$H$2:$H$37000,"1500*",'Accounting data'!$I$2:$I$37000,"270*",'Accounting data'!$J$2:$J$37000,"21*",'Accounting data'!$K$2:$K$37000,"62*") -> 1063 | F27: =SUMIFS('Accounting data'!$G$2:$G$37000,'Accounting data'!$H$2:$H$37000,"1000*",'Accounting data'!$I$2:$I$37000,"200*",'Accounting data'!$J$2:$J$37000,"21*",'Accounting data'!$K$2:$K$37000,"63*")+SUMIFS('Accounting data'!$G$2:$G$37000,'Accounting data'!$H$2:$H$37000,"1500*",'Accounting data'!$I$2:$I$37000,"200*",'Accounting data'!$J$2:$J$37000,"21*",'Accounting data'!$K$2:$K$37000,"63*")+SUMIFS('Accounting data'!$G$2:$G$37000,'Accounting data'!$H$2:$H$37000,"1000*",'Accounting data'!$I$2:$I$37000,"270*",'Accounting data'!$J$2:$J$37000,"21*",'Accounting data'!$K$2:$K$37000,"63*")+SUMIFS('Accounting data'!$G$2:$G$37000,'Accounting data'!$H$2:$H$37000,"1500*",'Accounting data'!$I$2:$I$37000,"270*",'Accounting data'!$J$2:$J$37000,"21*",'Accounting data'!$K$2:$K$37000,"63*") -> 19428 | G27: =SUMIFS('Accounting data'!$G$2:$G$37000,'Accounting data'!$H$2:$H$37000,"1000*",'Accounting data'!$I$2:$I$37000,"200*",'Accounting data'!$J$2:$J$37000,"21*",'Accounting data'!$K$2:$K$37000,"66*")+SUMIFS('Accounting data'!$G$2:$G$37000,'Accounting data'!$H$2:$H$37000,"1500*",'Accounting data'!$I$2:$I$37000,"200*",'Accounting data'!$J$2:$J$37000,"21*",'Accounting data'!$K$2:$K$37000,"66*")+SUMIFS('Accounting data'!$G$2:$G$37000,'Accounting data'!$H$2:$H$37000,"1000*",'Accounting data'!$I$2:$I$37000,"270*",'Accounting data'!$J$2:$J$37000,"21*",'Accounting data'!$K$2:$K$37000,"66*")+SUMIFS('Accounting data'!$G$2:$G$37000,'Accounting data'!$H$2:$H$37000,"1500*",'Accounting data'!$I$2:$I$37000,"270*",'Accounting data'!$J$2:$J$37000,"21*",'Accounting data'!$K$2:$K$37000,"66*") -> 2036 | H27: =SUMIFS('Accounting data'!$G$2:$G$37000,'Accounting data'!$H$2:$H$37000,"1000*",'Accounting data'!$I$2:$I$37000,"200*",'Accounting data'!$J$2:$J$37000,"21*",'Accounting data'!$K$2:$K$37000,"68*")+SUMIFS('Accounting data'!$G$2:$G$37000,'Accounting data'!$H$2:$H$37000,"1500*",'Accounting data'!$I$2:$I$37000,"200*",'Accounting data'!$J$2:$J$37000,"21*",'Accounting data'!$K$2:$K$37000,"68*")+SUMIFS('Accounting data'!$G$2:$G$37000,'Accounting data'!$H$2:$H$37000,"1000*",'Accounting data'!$I$2:$I$37000,"270*",'Accounting data'!$J$2:$J$37000,"21*",'Accounting data'!$K$2:$K$37000,"68*")+SUMIFS('Accounting data'!$G$2:$G$37000,'Accounting data'!$H$2:$H$37000,"1500*",'Accounting data'!$I$2:$I$37000,"270*",'Accounting data'!$J$2:$J$37000,"21*",'Accounting data'!$K$2:$K$37000,"68*") -> 0 | I27: 28603 | J27: =SUM(D27:H27) -> 27479 | K27: 12522 | M27: 18.
A28: 2200 Instruction | C28: 19. | D28: =SUMIFS('Accounting data'!$G$2:$G$37000,'Accounting data'!$H$2:$H$37000,"1000*",'Accounting data'!$I$2:$I$37000,"200*",'Accounting data'!$J$2:$J$37000,"22*",'Accounting data'!$K$2:$K$37000,"61*")+SUMIFS('Accounting data'!$G$2:$G$37000,'Accounting data'!$H$2:$H$37000,"1500*",'Accounting data'!$I$2:$I$37000,"200*",'Accounting data'!$J$2:$J$37000,"22*",'Accounting data'!$K$2:$K$37000,"61*")+SUMIFS('Accounting data'!$G$2:$G$37000,'Accounting data'!$H$2:$H$37000,"1000*",'Accounting data'!$I$2:$I$37000,"270*",'Accounting data'!$J$2:$J$37000,"22*",'Accounting data'!$K$2:$K$37000,"61*")+SUMIFS('Accounting data'!$G$2:$G$37000,'Accounting data'!$H$2:$H$37000,"1500*",'Accounting data'!$I$2:$I$37000,"270*",'Accounting data'!$J$2:$J$37000,"22*",'Accounting data'!$K$2:$K$37000,"61*") -> 0 | E28: =SUMIFS('Accounting data'!$G$2:$G$37000,'Accounting data'!$H$2:$H$37000,"1000*",'Accounting data'!$I$2:$I$37000,"200*",'Accounting data'!$J$2:$J$37000,"22*",'Accounting data'!$K$2:$K$37000,"62*")+SUMIFS('Accounting data'!$G$2:$G$37000,'Accounting data'!$H$2:$H$37000,"1500*",'Accounting data'!$I$2:$I$37000,"200*",'Accounting data'!$J$2:$J$37000,"22*",'Accounting data'!$K$2:$K$37000,"62*")+SUMIFS('Accounting data'!$G$2:$G$37000,'Accounting data'!$H$2:$H$37000,"1000*",'Accounting data'!$I$2:$I$37000,"270*",'Accounting data'!$J$2:$J$37000,"22*",'Accounting data'!$K$2:$K$37000,"62*")+SUMIFS('Accounting data'!$G$2:$G$37000,'Accounting data'!$H$2:$H$37000,"1500*",'Accounting data'!$I$2:$I$37000,"270*",'Accounting data'!$J$2:$J$37000,"22*",'Accounting data'!$K$2:$K$37000,"62*") -> 772 | F28: =SUMIFS('Accounting data'!$G$2:$G$37000,'Accounting data'!$H$2:$H$37000,"1000*",'Accounting data'!$I$2:$I$37000,"200*",'Accounting data'!$J$2:$J$37000,"22*",'Accounting data'!$K$2:$K$37000,"63*")+SUMIFS('Accounting data'!$G$2:$G$37000,'Accounting data'!$H$2:$H$37000,"1500*",'Accounting data'!$I$2:$I$37000,"200*",'Accounting data'!$J$2:$J$37000,"22*",'Accounting data'!$K$2:$K$37000,"63*")+SUMIFS('Accounting data'!$G$2:$G$37000,'Accounting data'!$H$2:$H$37000,"1000*",'Accounting data'!$I$2:$I$37000,"270*",'Accounting data'!$J$2:$J$37000,"22*",'Accounting data'!$K$2:$K$37000,"63*")+SUMIFS('Accounting data'!$G$2:$G$37000,'Accounting data'!$H$2:$H$37000,"1500*",'Accounting data'!$I$2:$I$37000,"270*",'Accounting data'!$J$2:$J$37000,"22*",'Accounting data'!$K$2:$K$37000,"63*") -> 13824 | G28: =SUMIFS('Accounting data'!$G$2:$G$37000,'Accounting data'!$H$2:$H$37000,"1000*",'Accounting data'!$I$2:$I$37000,"200*",'Accounting data'!$J$2:$J$37000,"22*",'Accounting data'!$K$2:$K$37000,"66*")+SUMIFS('Accounting data'!$G$2:$G$37000,'Accounting data'!$H$2:$H$37000,"1500*",'Accounting data'!$I$2:$I$37000,"200*",'Accounting data'!$J$2:$J$37000,"22*",'Accounting data'!$K$2:$K$37000,"66*")+SUMIFS('Accounting data'!$G$2:$G$37000,'Accounting data'!$H$2:$H$37000,"1000*",'Accounting data'!$I$2:$I$37000,"270*",'Accounting data'!$J$2:$J$37000,"22*",'Accounting data'!$K$2:$K$37000,"66*")+SUMIFS('Accounting data'!$G$2:$G$37000,'Accounting data'!$H$2:$H$37000,"1500*",'Accounting data'!$I$2:$I$37000,"270*",'Accounting data'!$J$2:$J$37000,"22*",'Accounting data'!$K$2:$K$37000,"66*") -> 0 | H28: =SUMIFS('Accounting data'!$G$2:$G$37000,'Accounting data'!$H$2:$H$37000,"1000*",'Accounting data'!$I$2:$I$37000,"200*",'Accounting data'!$J$2:$J$37000,"22*",'Accounting data'!$K$2:$K$37000,"68*")+SUMIFS('Accounting data'!$G$2:$G$37000,'Accounting data'!$H$2:$H$37000,"1500*",'Accounting data'!$I$2:$I$37000,"200*",'Accounting data'!$J$2:$J$37000,"22*",'Accounting data'!$K$2:$K$37000,"68*")+SUMIFS('Accounting data'!$G$2:$G$37000,'Accounting data'!$H$2:$H$37000,"1000*",'Accounting data'!$I$2:$I$37000,"270*",'Accounting data'!$J$2:$J$37000,"22*",'Accounting data'!$K$2:$K$37000,"68*")+SUMIFS('Accounting data'!$G$2:$G$37000,'Accounting data'!$H$2:$H$37000,"1500*",'Accounting data'!$I$2:$I$37000,"270*",'Accounting data'!$J$2:$J$37000,"22*",'Accounting data'!$K$2:$K$37000,"68*") -> 0 | I28: 14349 | J28: =SUM(D28:H28) -> 14596 | K28: 19894 | L28: =IF(J28=K28,0,IF(K28>0,(J28-K28)/K28,"--")) -> -0.2663 | M28: 19.
A29: 2300 General administration | C29: 20. | D29: =SUMIFS('Accounting data'!$G$2:$G$37000,'Accounting data'!$H$2:$H$37000,"1000*",'Accounting data'!$I$2:$I$37000,"200*",'Accounting data'!$J$2:$J$37000,"23*",'Accounting data'!$K$2:$K$37000,"61*")+SUMIFS('Accounting data'!$G$2:$G$37000,'Accounting data'!$H$2:$H$37000,"1500*",'Accounting data'!$I$2:$I$37000,"200*",'Accounting data'!$J$2:$J$37000,"23*",'Accounting data'!$K$2:$K$37000,"61*")+SUMIFS('Accounting data'!$G$2:$G$37000,'Accounting data'!$H$2:$H$37000,"1000*",'Accounting data'!$I$2:$I$37000,"270*",'Accounting data'!$J$2:$J$37000,"23*",'Accounting data'!$K$2:$K$37000,"61*")+SUMIFS('Accounting data'!$G$2:$G$37000,'Accounting data'!$H$2:$H$37000,"1500*",'Accounting data'!$I$2:$I$37000,"270*",'Accounting data'!$J$2:$J$37000,"23*",'Accounting data'!$K$2:$K$37000,"61*") -> 0 | E29: =SUMIFS('Accounting data'!$G$2:$G$37000,'Accounting data'!$H$2:$H$37000,"1000*",'Accounting data'!$I$2:$I$37000,"200*",'Accounting data'!$J$2:$J$37000,"23*",'Accounting data'!$K$2:$K$37000,"62*")+SUMIFS('Accounting data'!$G$2:$G$37000,'Accounting data'!$H$2:$H$37000,"1500*",'Accounting data'!$I$2:$I$37000,"200*",'Accounting data'!$J$2:$J$37000,"23*",'Accounting data'!$K$2:$K$37000,"62*")+SUMIFS('Accounting data'!$G$2:$G$37000,'Accounting data'!$H$2:$H$37000,"1000*",'Accounting data'!$I$2:$I$37000,"270*",'Accounting data'!$J$2:$J$37000,"23*",'Accounting data'!$K$2:$K$37000,"62*")+SUMIFS('Accounting data'!$G$2:$G$37000,'Accounting data'!$H$2:$H$37000,"1500*",'Accounting data'!$I$2:$I$37000,"270*",'Accounting data'!$J$2:$J$37000,"23*",'Accounting data'!$K$2:$K$37000,"62*") -> 0 | F29: =SUMIFS('Accounting data'!$G$2:$G$37000,'Accounting data'!$H$2:$H$37000,"1000*",'Accounting data'!$I$2:$I$37000,"200*",'Accounting data'!$J$2:$J$37000,"23*",'Accounting data'!$K$2:$K$37000,"63*")+SUMIFS('Accounting data'!$G$2:$G$37000,'Accounting data'!$H$2:$H$37000,"1500*",'Accounting data'!$I$2:$I$37000,"200*",'Accounting data'!$J$2:$J$37000,"23*",'Accounting data'!$K$2:$K$37000,"63*")+SUMIFS('Accounting data'!$G$2:$G$37000,'Accounting data'!$H$2:$H$37000,"1000*",'Accounting data'!$I$2:$I$37000,"270*",'Accounting data'!$J$2:$J$37000,"23*",'Accounting data'!$K$2:$K$37000,"63*")+SUMIFS('Accounting data'!$G$2:$G$37000,'Accounting data'!$H$2:$H$37000,"1500*",'Accounting data'!$I$2:$I$37000,"270*",'Accounting data'!$J$2:$J$37000,"23*",'Accounting data'!$K$2:$K$37000,"63*") -> 0 | G29: =SUMIFS('Accounting data'!$G$2:$G$37000,'Accounting data'!$H$2:$H$37000,"1000*",'Accounting data'!$I$2:$I$37000,"200*",'Accounting data'!$J$2:$J$37000,"23*",'Accounting data'!$K$2:$K$37000,"66*")+SUMIFS('Accounting data'!$G$2:$G$37000,'Accounting data'!$H$2:$H$37000,"1500*",'Accounting data'!$I$2:$I$37000,"200*",'Accounting data'!$J$2:$J$37000,"23*",'Accounting data'!$K$2:$K$37000,"66*")+SUMIFS('Accounting data'!$G$2:$G$37000,'Accounting data'!$H$2:$H$37000,"1000*",'Accounting data'!$I$2:$I$37000,"270*",'Accounting data'!$J$2:$J$37000,"23*",'Accounting data'!$K$2:$K$37000,"66*")+SUMIFS('Accounting data'!$G$2:$G$37000,'Accounting data'!$H$2:$H$37000,"1500*",'Accounting data'!$I$2:$I$37000,"270*",'Accounting data'!$J$2:$J$37000,"23*",'Accounting data'!$K$2:$K$37000,"66*") -> 0 | H29: =SUMIFS('Accounting data'!$G$2:$G$37000,'Accounting data'!$H$2:$H$37000,"1000*",'Accounting data'!$I$2:$I$37000,"200*",'Accounting data'!$J$2:$J$37000,"23*",'Accounting data'!$K$2:$K$37000,"68*")+SUMIFS('Accounting data'!$G$2:$G$37000,'Accounting data'!$H$2:$H$37000,"1500*",'Accounting data'!$I$2:$I$37000,"200*",'Accounting data'!$J$2:$J$37000,"23*",'Accounting data'!$K$2:$K$37000,"68*")+SUMIFS('Accounting data'!$G$2:$G$37000,'Accounting data'!$H$2:$H$37000,"1000*",'Accounting data'!$I$2:$I$37000,"270*",'Accounting data'!$J$2:$J$37000,"23*",'Accounting data'!$K$2:$K$37000,"68*")+SUMIFS('Accounting data'!$G$2:$G$37000,'Accounting data'!$H$2:$H$37000,"1500*",'Accounting data'!$I$2:$I$37000,"270*",'Accounting data'!$J$2:$J$37000,"23*",'Accounting data'!$K$2:$K$37000,"68*") -> 0 | I29: 0 | J29: =SUM(D29:H29) -> 0 | K29: 0 | L29: =IF(J29=K29,0,IF(K29>0,(J29-K29)/K29,"--")) -> 0 | M29: 20.
A30: 2400 School administration | C30: 21. | D30: =SUMIFS('Accounting data'!$G$2:$G$37000,'Accounting data'!$H$2:$H$37000,"1000*",'Accounting data'!$I$2:$I$37000,"200*",'Accounting data'!$J$2:$J$37000,"24*",'Accounting data'!$K$2:$K$37000,"61*")+SUMIFS('Accounting data'!$G$2:$G$37000,'Accounting data'!$H$2:$H$37000,"1500*",'Accounting data'!$I$2:$I$37000,"200*",'Accounting data'!$J$2:$J$37000,"24*",'Accounting data'!$K$2:$K$37000,"61*")+SUMIFS('Accounting data'!$G$2:$G$37000,'Accounting data'!$H$2:$H$37000,"1000*",'Accounting data'!$I$2:$I$37000,"270*",'Accounting data'!$J$2:$J$37000,"24*",'Accounting data'!$K$2:$K$37000,"61*")+SUMIFS('Accounting data'!$G$2:$G$37000,'Accounting data'!$H$2:$H$37000,"1500*",'Accounting data'!$I$2:$I$37000,"270*",'Accounting data'!$J$2:$J$37000,"24*",'Accounting data'!$K$2:$K$37000,"61*") -> 0 | E30: =SUMIFS('Accounting data'!$G$2:$G$37000,'Accounting data'!$H$2:$H$37000,"1000*",'Accounting data'!$I$2:$I$37000,"200*",'Accounting data'!$J$2:$J$37000,"24*",'Accounting data'!$K$2:$K$37000,"62*")+SUMIFS('Accounting data'!$G$2:$G$37000,'Accounting data'!$H$2:$H$37000,"1500*",'Accounting data'!$I$2:$I$37000,"200*",'Accounting data'!$J$2:$J$37000,"24*",'Accounting data'!$K$2:$K$37000,"62*")+SUMIFS('Accounting data'!$G$2:$G$37000,'Accounting data'!$H$2:$H$37000,"1000*",'Accounting data'!$I$2:$I$37000,"270*",'Accounting data'!$J$2:$J$37000,"24*",'Accounting data'!$K$2:$K$37000,"62*")+SUMIFS('Accounting data'!$G$2:$G$37000,'Accounting data'!$H$2:$H$37000,"1500*",'Accounting data'!$I$2:$I$37000,"270*",'Accounting data'!$J$2:$J$37000,"24*",'Accounting data'!$K$2:$K$37000,"62*") -> 0 | F30: =SUMIFS('Accounting data'!$G$2:$G$37000,'Accounting data'!$H$2:$H$37000,"1000*",'Accounting data'!$I$2:$I$37000,"200*",'Accounting data'!$J$2:$J$37000,"24*",'Accounting data'!$K$2:$K$37000,"63*")+SUMIFS('Accounting data'!$G$2:$G$37000,'Accounting data'!$H$2:$H$37000,"1500*",'Accounting data'!$I$2:$I$37000,"200*",'Accounting data'!$J$2:$J$37000,"24*",'Accounting data'!$K$2:$K$37000,"63*")+SUMIFS('Accounting data'!$G$2:$G$37000,'Accounting data'!$H$2:$H$37000,"1000*",'Accounting data'!$I$2:$I$37000,"270*",'Accounting data'!$J$2:$J$37000,"24*",'Accounting data'!$K$2:$K$37000,"63*")+SUMIFS('Accounting data'!$G$2:$G$37000,'Accounting data'!$H$2:$H$37000,"1500*",'Accounting data'!$I$2:$I$37000,"270*",'Accounting data'!$J$2:$J$37000,"24*",'Accounting data'!$K$2:$K$37000,"63*") -> 0 | G30: =SUMIFS('Accounting data'!$G$2:$G$37000,'Accounting data'!$H$2:$H$37000,"1000*",'Accounting data'!$I$2:$I$37000,"200*",'Accounting data'!$J$2:$J$37000,"24*",'Accounting data'!$K$2:$K$37000,"66*")+SUMIFS('Accounting data'!$G$2:$G$37000,'Accounting data'!$H$2:$H$37000,"1500*",'Accounting data'!$I$2:$I$37000,"200*",'Accounting data'!$J$2:$J$37000,"24*",'Accounting data'!$K$2:$K$37000,"66*")+SUMIFS('Accounting data'!$G$2:$G$37000,'Accounting data'!$H$2:$H$37000,"1000*",'Accounting data'!$I$2:$I$37000,"270*",'Accounting data'!$J$2:$J$37000,"24*",'Accounting data'!$K$2:$K$37000,"66*")+SUMIFS('Accounting data'!$G$2:$G$37000,'Accounting data'!$H$2:$H$37000,"1500*",'Accounting data'!$I$2:$I$37000,"270*",'Accounting data'!$J$2:$J$37000,"24*",'Accounting data'!$K$2:$K$37000,"66*") -> 0 | H30: =SUMIFS('Accounting data'!$G$2:$G$37000,'Accounting data'!$H$2:$H$37000,"1000*",'Accounting data'!$I$2:$I$37000,"200*",'Accounting data'!$J$2:$J$37000,"24*",'Accounting data'!$K$2:$K$37000,"68*")+SUMIFS('Accounting data'!$G$2:$G$37000,'Accounting data'!$H$2:$H$37000,"1500*",'Accounting data'!$I$2:$I$37000,"200*",'Accounting data'!$J$2:$J$37000,"24*",'Accounting data'!$K$2:$K$37000,"68*")+SUMIFS('Accounting data'!$G$2:$G$37000,'Accounting data'!$H$2:$H$37000,"1000*",'Accounting data'!$I$2:$I$37000,"270*",'Accounting data'!$J$2:$J$37000,"24*",'Accounting data'!$K$2:$K$37000,"68*")+SUMIFS('Accounting data'!$G$2:$G$37000,'Accounting data'!$H$2:$H$37000,"1500*",'Accounting data'!$I$2:$I$37000,"270*",'Accounting data'!$J$2:$J$37000,"24*",'Accounting data'!$K$2:$K$37000,"68*") -> 0 | I30: 0 | J30: =SUM(D30:H30) -> 0 | K30: 0 | L30: =IF(J30=K30,0,IF(K30>0,(J30-K30)/K30,"--")) -> 0 | M30: 21.
A31: 2500 Central services | C31: 22. | D31: =SUMIFS('Accounting data'!$G$2:$G$37000,'Accounting data'!$H$2:$H$37000,"1000*",'Accounting data'!$I$2:$I$37000,"200*",'Accounting data'!$J$2:$J$37000,"25*",'Accounting data'!$K$2:$K$37000,"61*")+SUMIFS('Accounting data'!$G$2:$G$37000,'Accounting data'!$H$2:$H$37000,"1500*",'Accounting data'!$I$2:$I$37000,"200*",'Accounting data'!$J$2:$J$37000,"25*",'Accounting data'!$K$2:$K$37000,"61*")+SUMIFS('Accounting data'!$G$2:$G$37000,'Accounting data'!$H$2:$H$37000,"1000*",'Accounting data'!$I$2:$I$37000,"270*",'Accounting data'!$J$2:$J$37000,"25*",'Accounting data'!$K$2:$K$37000,"61*")+SUMIFS('Accounting data'!$G$2:$G$37000,'Accounting data'!$H$2:$H$37000,"1500*",'Accounting data'!$I$2:$I$37000,"270*",'Accounting data'!$J$2:$J$37000,"25*",'Accounting data'!$K$2:$K$37000,"61*") -> 0 | E31: =SUMIFS('Accounting data'!$G$2:$G$37000,'Accounting data'!$H$2:$H$37000,"1000*",'Accounting data'!$I$2:$I$37000,"200*",'Accounting data'!$J$2:$J$37000,"25*",'Accounting data'!$K$2:$K$37000,"62*")+SUMIFS('Accounting data'!$G$2:$G$37000,'Accounting data'!$H$2:$H$37000,"1500*",'Accounting data'!$I$2:$I$37000,"200*",'Accounting data'!$J$2:$J$37000,"25*",'Accounting data'!$K$2:$K$37000,"62*")+SUMIFS('Accounting data'!$G$2:$G$37000,'Accounting data'!$H$2:$H$37000,"1000*",'Accounting data'!$I$2:$I$37000,"270*",'Accounting data'!$J$2:$J$37000,"25*",'Accounting data'!$K$2:$K$37000,"62*")+SUMIFS('Accounting data'!$G$2:$G$37000,'Accounting data'!$H$2:$H$37000,"1500*",'Accounting data'!$I$2:$I$37000,"270*",'Accounting data'!$J$2:$J$37000,"25*",'Accounting data'!$K$2:$K$37000,"62*") -> 0 | F31: =SUMIFS('Accounting data'!$G$2:$G$37000,'Accounting data'!$H$2:$H$37000,"1000*",'Accounting data'!$I$2:$I$37000,"200*",'Accounting data'!$J$2:$J$37000,"25*",'Accounting data'!$K$2:$K$37000,"63*")+SUMIFS('Accounting data'!$G$2:$G$37000,'Accounting data'!$H$2:$H$37000,"1500*",'Accounting data'!$I$2:$I$37000,"200*",'Accounting data'!$J$2:$J$37000,"25*",'Accounting data'!$K$2:$K$37000,"63*")+SUMIFS('Accounting data'!$G$2:$G$37000,'Accounting data'!$H$2:$H$37000,"1000*",'Accounting data'!$I$2:$I$37000,"270*",'Accounting data'!$J$2:$J$37000,"25*",'Accounting data'!$K$2:$K$37000,"63*")+SUMIFS('Accounting data'!$G$2:$G$37000,'Accounting data'!$H$2:$H$37000,"1500*",'Accounting data'!$I$2:$I$37000,"270*",'Accounting data'!$J$2:$J$37000,"25*",'Accounting data'!$K$2:$K$37000,"63*") -> 0 | G31: =SUMIFS('Accounting data'!$G$2:$G$37000,'Accounting data'!$H$2:$H$37000,"1000*",'Accounting data'!$I$2:$I$37000,"200*",'Accounting data'!$J$2:$J$37000,"25*",'Accounting data'!$K$2:$K$37000,"66*")+SUMIFS('Accounting data'!$G$2:$G$37000,'Accounting data'!$H$2:$H$37000,"1500*",'Accounting data'!$I$2:$I$37000,"200*",'Accounting data'!$J$2:$J$37000,"25*",'Accounting data'!$K$2:$K$37000,"66*")+SUMIFS('Accounting data'!$G$2:$G$37000,'Accounting data'!$H$2:$H$37000,"1000*",'Accounting data'!$I$2:$I$37000,"270*",'Accounting data'!$J$2:$J$37000,"25*",'Accounting data'!$K$2:$K$37000,"66*")+SUMIFS('Accounting data'!$G$2:$G$37000,'Accounting data'!$H$2:$H$37000,"1500*",'Accounting data'!$I$2:$I$37000,"270*",'Accounting data'!$J$2:$J$37000,"25*",'Accounting data'!$K$2:$K$37000,"66*") -> 0 | H31: =SUMIFS('Accounting data'!$G$2:$G$37000,'Accounting data'!$H$2:$H$37000,"1000*",'Accounting data'!$I$2:$I$37000,"200*",'Accounting data'!$J$2:$J$37000,"25*",'Accounting data'!$K$2:$K$37000,"68*")+SUMIFS('Accounting data'!$G$2:$G$37000,'Accounting data'!$H$2:$H$37000,"1500*",'Accounting data'!$I$2:$I$37000,"200*",'Accounting data'!$J$2:$J$37000,"25*",'Accounting data'!$K$2:$K$37000,"68*")+SUMIFS('Accounting data'!$G$2:$G$37000,'Accounting data'!$H$2:$H$37000,"1000*",'Accounting data'!$I$2:$I$37000,"270*",'Accounting data'!$J$2:$J$37000,"25*",'Accounting data'!$K$2:$K$37000,"68*")+SUMIFS('Accounting data'!$G$2:$G$37000,'Accounting data'!$H$2:$H$37000,"1500*",'Accounting data'!$I$2:$I$37000,"270*",'Accounting data'!$J$2:$J$37000,"25*",'Accounting data'!$K$2:$K$37000,"68*") -> 0 | I31: 0 | J31: =SUM(D31:H31) -> 0 | K31: 0 | L31: =IF(J31=K31,0,IF(K31>0,(J31-K31)/K31,"--")) -> 0 | M31: 22.
A32: 2600 Operation & maintenance of plant | C32: 23. | D32: =SUMIFS('Accounting data'!$G$2:$G$37000,'Accounting data'!$H$2:$H$37000,"1000*",'Accounting data'!$I$2:$I$37000,"200*",'Accounting data'!$J$2:$J$37000,"26*",'Accounting data'!$K$2:$K$37000,"61*")+SUMIFS('Accounting data'!$G$2:$G$37000,'Accounting data'!$H$2:$H$37000,"1500*",'Accounting data'!$I$2:$I$37000,"200*",'Accounting data'!$J$2:$J$37000,"26*",'Accounting data'!$K$2:$K$37000,"61*")+SUMIFS('Accounting data'!$G$2:$G$37000,'Accounting data'!$H$2:$H$37000,"1000*",'Accounting data'!$I$2:$I$37000,"270*",'Accounting data'!$J$2:$J$37000,"26*",'Accounting data'!$K$2:$K$37000,"61*")+SUMIFS('Accounting data'!$G$2:$G$37000,'Accounting data'!$H$2:$H$37000,"1500*",'Accounting data'!$I$2:$I$37000,"270*",'Accounting data'!$J$2:$J$37000,"26*",'Accounting data'!$K$2:$K$37000,"61*") -> 0 | E32: =SUMIFS('Accounting data'!$G$2:$G$37000,'Accounting data'!$H$2:$H$37000,"1000*",'Accounting data'!$I$2:$I$37000,"200*",'Accounting data'!$J$2:$J$37000,"26*",'Accounting data'!$K$2:$K$37000,"62*")+SUMIFS('Accounting data'!$G$2:$G$37000,'Accounting data'!$H$2:$H$37000,"1500*",'Accounting data'!$I$2:$I$37000,"200*",'Accounting data'!$J$2:$J$37000,"26*",'Accounting data'!$K$2:$K$37000,"62*")+SUMIFS('Accounting data'!$G$2:$G$37000,'Accounting data'!$H$2:$H$37000,"1000*",'Accounting data'!$I$2:$I$37000,"270*",'Accounting data'!$J$2:$J$37000,"26*",'Accounting data'!$K$2:$K$37000,"62*")+SUMIFS('Accounting data'!$G$2:$G$37000,'Accounting data'!$H$2:$H$37000,"1500*",'Accounting data'!$I$2:$I$37000,"270*",'Accounting data'!$J$2:$J$37000,"26*",'Accounting data'!$K$2:$K$37000,"62*") -> 0 | F32: =SUMIFS('Accounting data'!$G$2:$G$37000,'Accounting data'!$H$2:$H$37000,"1000*",'Accounting data'!$I$2:$I$37000,"200*",'Accounting data'!$J$2:$J$37000,"26*",'Accounting data'!$K$2:$K$37000,"63*")+SUMIFS('Accounting data'!$G$2:$G$37000,'Accounting data'!$H$2:$H$37000,"1500*",'Accounting data'!$I$2:$I$37000,"200*",'Accounting data'!$J$2:$J$37000,"26*",'Accounting data'!$K$2:$K$37000,"63*")+SUMIFS('Accounting data'!$G$2:$G$37000,'Accounting data'!$H$2:$H$37000,"1000*",'Accounting data'!$I$2:$I$37000,"270*",'Accounting data'!$J$2:$J$37000,"26*",'Accounting data'!$K$2:$K$37000,"63*")+SUMIFS('Accounting data'!$G$2:$G$37000,'Accounting data'!$H$2:$H$37000,"1500*",'Accounting data'!$I$2:$I$37000,"270*",'Accounting data'!$J$2:$J$37000,"26*",'Accounting data'!$K$2:$K$37000,"63*") -> 0 | G32: =SUMIFS('Accounting data'!$G$2:$G$37000,'Accounting data'!$H$2:$H$37000,"1000*",'Accounting data'!$I$2:$I$37000,"200*",'Accounting data'!$J$2:$J$37000,"26*",'Accounting data'!$K$2:$K$37000,"66*")+SUMIFS('Accounting data'!$G$2:$G$37000,'Accounting data'!$H$2:$H$37000,"1500*",'Accounting data'!$I$2:$I$37000,"200*",'Accounting data'!$J$2:$J$37000,"26*",'Accounting data'!$K$2:$K$37000,"66*")+SUMIFS('Accounting data'!$G$2:$G$37000,'Accounting data'!$H$2:$H$37000,"1000*",'Accounting data'!$I$2:$I$37000,"270*",'Accounting data'!$J$2:$J$37000,"26*",'Accounting data'!$K$2:$K$37000,"66*")+SUMIFS('Accounting data'!$G$2:$G$37000,'Accounting data'!$H$2:$H$37000,"1500*",'Accounting data'!$I$2:$I$37000,"270*",'Accounting data'!$J$2:$J$37000,"26*",'Accounting data'!$K$2:$K$37000,"66*") -> 0 | H32: =SUMIFS('Accounting data'!$G$2:$G$37000,'Accounting data'!$H$2:$H$37000,"1000*",'Accounting data'!$I$2:$I$37000,"200*",'Accounting data'!$J$2:$J$37000,"26*",'Accounting data'!$K$2:$K$37000,"68*")+SUMIFS('Accounting data'!$G$2:$G$37000,'Accounting data'!$H$2:$H$37000,"1500*",'Accounting data'!$I$2:$I$37000,"200*",'Accounting data'!$J$2:$J$37000,"26*",'Accounting data'!$K$2:$K$37000,"68*")+SUMIFS('Accounting data'!$G$2:$G$37000,'Accounting data'!$H$2:$H$37000,"1000*",'Accounting data'!$I$2:$I$37000,"270*",'Accounting data'!$J$2:$J$37000,"26*",'Accounting data'!$K$2:$K$37000,"68*")+SUMIFS('Accounting data'!$G$2:$G$37000,'Accounting data'!$H$2:$H$37000,"1500*",'Accounting data'!$I$2:$I$37000,"270*",'Accounting data'!$J$2:$J$37000,"26*",'Accounting data'!$K$2:$K$37000,"68*") -> 0 | I32: 0 | J32: =SUM(D32:H32) -> 0 | K32: 0 | L32: =IF(J32=K32,0,IF(K32>0,(J32-K32)/K32,"--")) -> 0 | M32: 23.
A33: 2900 Other support services | C33: 24. | D33: =SUMIFS('Accounting data'!$G$2:$G$37000,'Accounting data'!$H$2:$H$37000,"1000*",'Accounting data'!$I$2:$I$37000,"200*",'Accounting data'!$J$2:$J$37000,"29*",'Accounting data'!$K$2:$K$37000,"61*")+SUMIFS('Accounting data'!$G$2:$G$37000,'Accounting data'!$H$2:$H$37000,"1500*",'Accounting data'!$I$2:$I$37000,"200*",'Accounting data'!$J$2:$J$37000,"29*",'Accounting data'!$K$2:$K$37000,"61*")+SUMIFS('Accounting data'!$G$2:$G$37000,'Accounting data'!$H$2:$H$37000,"1000*",'Accounting data'!$I$2:$I$37000,"270*",'Accounting data'!$J$2:$J$37000,"29*",'Accounting data'!$K$2:$K$37000,"61*")+SUMIFS('Accounting data'!$G$2:$G$37000,'Accounting data'!$H$2:$H$37000,"1500*",'Accounting data'!$I$2:$I$37000,"270*",'Accounting data'!$J$2:$J$37000,"29*",'Accounting data'!$K$2:$K$37000,"61*") -> 0 | E33: =SUMIFS('Accounting data'!$G$2:$G$37000,'Accounting data'!$H$2:$H$37000,"1000*",'Accounting data'!$I$2:$I$37000,"200*",'Accounting data'!$J$2:$J$37000,"29*",'Accounting data'!$K$2:$K$37000,"62*")+SUMIFS('Accounting data'!$G$2:$G$37000,'Accounting data'!$H$2:$H$37000,"1500*",'Accounting data'!$I$2:$I$37000,"200*",'Accounting data'!$J$2:$J$37000,"29*",'Accounting data'!$K$2:$K$37000,"62*")+SUMIFS('Accounting data'!$G$2:$G$37000,'Accounting data'!$H$2:$H$37000,"1000*",'Accounting data'!$I$2:$I$37000,"270*",'Accounting data'!$J$2:$J$37000,"29*",'Accounting data'!$K$2:$K$37000,"62*")+SUMIFS('Accounting data'!$G$2:$G$37000,'Accounting data'!$H$2:$H$37000,"1500*",'Accounting data'!$I$2:$I$37000,"270*",'Accounting data'!$J$2:$J$37000,"29*",'Accounting data'!$K$2:$K$37000,"62*") -> 0 | F33: =SUMIFS('Accounting data'!$G$2:$G$37000,'Accounting data'!$H$2:$H$37000,"1000*",'Accounting data'!$I$2:$I$37000,"200*",'Accounting data'!$J$2:$J$37000,"29*",'Accounting data'!$K$2:$K$37000,"63*")+SUMIFS('Accounting data'!$G$2:$G$37000,'Accounting data'!$H$2:$H$37000,"1500*",'Accounting data'!$I$2:$I$37000,"200*",'Accounting data'!$J$2:$J$37000,"29*",'Accounting data'!$K$2:$K$37000,"63*")+SUMIFS('Accounting data'!$G$2:$G$37000,'Accounting data'!$H$2:$H$37000,"1000*",'Accounting data'!$I$2:$I$37000,"270*",'Accounting data'!$J$2:$J$37000,"29*",'Accounting data'!$K$2:$K$37000,"63*")+SUMIFS('Accounting data'!$G$2:$G$37000,'Accounting data'!$H$2:$H$37000,"1500*",'Accounting data'!$I$2:$I$37000,"270*",'Accounting data'!$J$2:$J$37000,"29*",'Accounting data'!$K$2:$K$37000,"63*") -> 0 | G33: =SUMIFS('Accounting data'!$G$2:$G$37000,'Accounting data'!$H$2:$H$37000,"1000*",'Accounting data'!$I$2:$I$37000,"200*",'Accounting data'!$J$2:$J$37000,"29*",'Accounting data'!$K$2:$K$37000,"66*")+SUMIFS('Accounting data'!$G$2:$G$37000,'Accounting data'!$H$2:$H$37000,"1500*",'Accounting data'!$I$2:$I$37000,"200*",'Accounting data'!$J$2:$J$37000,"29*",'Accounting data'!$K$2:$K$37000,"66*")+SUMIFS('Accounting data'!$G$2:$G$37000,'Accounting data'!$H$2:$H$37000,"1000*",'Accounting data'!$I$2:$I$37000,"270*",'Accounting data'!$J$2:$J$37000,"29*",'Accounting data'!$K$2:$K$37000,"66*")+SUMIFS('Accounting data'!$G$2:$G$37000,'Accounting data'!$H$2:$H$37000,"1500*",'Accounting data'!$I$2:$I$37000,"270*",'Accounting data'!$J$2:$J$37000,"29*",'Accounting data'!$K$2:$K$37000,"66*") -> 0 | H33: =SUMIFS('Accounting data'!$G$2:$G$37000,'Accounting data'!$H$2:$H$37000,"1000*",'Accounting data'!$I$2:$I$37000,"200*",'Accounting data'!$J$2:$J$37000,"29*",'Accounting data'!$K$2:$K$37000,"68*")+SUMIFS('Accounting data'!$G$2:$G$37000,'Accounting data'!$H$2:$H$37000,"1500*",'Accounting data'!$I$2:$I$37000,"200*",'Accounting data'!$J$2:$J$37000,"29*",'Accounting data'!$K$2:$K$37000,"68*")+SUMIFS('Accounting data'!$G$2:$G$37000,'Accounting data'!$H$2:$H$37000,"1000*",'Accounting data'!$I$2:$I$37000,"270*",'Accounting data'!$J$2:$J$37000,"29*",'Accounting data'!$K$2:$K$37000,"68*")+SUMIFS('Accounting data'!$G$2:$G$37000,'Accounting data'!$H$2:$H$37000,"1500*",'Accounting data'!$I$2:$I$37000,"270*",'Accounting data'!$J$2:$J$37000,"29*",'Accounting data'!$K$2:$K$37000,"68*") -> 0 | I33: 0 | J33: =SUM(D33:H33) -> 0 | K33: 0 | L33: =IF(J33=K33,0,IF(K33>0,(J33-K33)/K33,"--")) -> 0 | M33: 24.
A34: 3000 Operation of noninstructional services | C34: 25. | D34: =SUMIFS('Accounting data'!$G$2:$G$37000,'Accounting data'!$H$2:$H$37000,"1000*",'Accounting data'!$I$2:$I$37000,"200*",'Accounting data'!$J$2:$J$37000,"3*",'Accounting data'!$K$2:$K$37000,"61*")+SUMIFS('Accounting data'!$G$2:$G$37000,'Accounting data'!$H$2:$H$37000,"1500*",'Accounting data'!$I$2:$I$37000,"200*",'Accounting data'!$J$2:$J$37000,"3*",'Accounting data'!$K$2:$K$37000,"61*")+SUMIFS('Accounting data'!$G$2:$G$37000,'Accounting data'!$H$2:$H$37000,"1000*",'Accounting data'!$I$2:$I$37000,"270*",'Accounting data'!$J$2:$J$37000,"3*",'Accounting data'!$K$2:$K$37000,"61*")+SUMIFS('Accounting data'!$G$2:$G$37000,'Accounting data'!$H$2:$H$37000,"1500*",'Accounting data'!$I$2:$I$37000,"270*",'Accounting data'!$J$2:$J$37000,"3*",'Accounting data'!$K$2:$K$37000,"61*") -> 0 | E34: =SUMIFS('Accounting data'!$G$2:$G$37000,'Accounting data'!$H$2:$H$37000,"1000*",'Accounting data'!$I$2:$I$37000,"200*",'Accounting data'!$J$2:$J$37000,"3*",'Accounting data'!$K$2:$K$37000,"62*")+SUMIFS('Accounting data'!$G$2:$G$37000,'Accounting data'!$H$2:$H$37000,"1500*",'Accounting data'!$I$2:$I$37000,"200*",'Accounting data'!$J$2:$J$37000,"3*",'Accounting data'!$K$2:$K$37000,"62*")+SUMIFS('Accounting data'!$G$2:$G$37000,'Accounting data'!$H$2:$H$37000,"1000*",'Accounting data'!$I$2:$I$37000,"270*",'Accounting data'!$J$2:$J$37000,"3*",'Accounting data'!$K$2:$K$37000,"62*")+SUMIFS('Accounting data'!$G$2:$G$37000,'Accounting data'!$H$2:$H$37000,"1500*",'Accounting data'!$I$2:$I$37000,"270*",'Accounting data'!$J$2:$J$37000,"3*",'Accounting data'!$K$2:$K$37000,"62*") -> 0 | F34: =SUMIFS('Accounting data'!$G$2:$G$37000,'Accounting data'!$H$2:$H$37000,"1000*",'Accounting data'!$I$2:$I$37000,"200*",'Accounting data'!$J$2:$J$37000,"3*",'Accounting data'!$K$2:$K$37000,"63*")+SUMIFS('Accounting data'!$G$2:$G$37000,'Accounting data'!$H$2:$H$37000,"1500*",'Accounting data'!$I$2:$I$37000,"200*",'Accounting data'!$J$2:$J$37000,"3*",'Accounting data'!$K$2:$K$37000,"63*")+SUMIFS('Accounting data'!$G$2:$G$37000,'Accounting data'!$H$2:$H$37000,"1000*",'Accounting data'!$I$2:$I$37000,"270*",'Accounting data'!$J$2:$J$37000,"3*",'Accounting data'!$K$2:$K$37000,"63*")+SUMIFS('Accounting data'!$G$2:$G$37000,'Accounting data'!$H$2:$H$37000,"1500*",'Accounting data'!$I$2:$I$37000,"270*",'Accounting data'!$J$2:$J$37000,"3*",'Accounting data'!$K$2:$K$37000,"63*") -> 0 | G34: =SUMIFS('Accounting data'!$G$2:$G$37000,'Accounting data'!$H$2:$H$37000,"1000*",'Accounting data'!$I$2:$I$37000,"200*",'Accounting data'!$J$2:$J$37000,"3*",'Accounting data'!$K$2:$K$37000,"66*")+SUMIFS('Accounting data'!$G$2:$G$37000,'Accounting data'!$H$2:$H$37000,"1500*",'Accounting data'!$I$2:$I$37000,"200*",'Accounting data'!$J$2:$J$37000,"3*",'Accounting data'!$K$2:$K$37000,"66*")+SUMIFS('Accounting data'!$G$2:$G$37000,'Accounting data'!$H$2:$H$37000,"1000*",'Accounting data'!$I$2:$I$37000,"270*",'Accounting data'!$J$2:$J$37000,"3*",'Accounting data'!$K$2:$K$37000,"66*")+SUMIFS('Accounting data'!$G$2:$G$37000,'Accounting data'!$H$2:$H$37000,"1500*",'Accounting data'!$I$2:$I$37000,"270*",'Accounting data'!$J$2:$J$37000,"3*",'Accounting data'!$K$2:$K$37000,"66*") -> 0 | H34: =SUMIFS('Accounting data'!$G$2:$G$37000,'Accounting data'!$H$2:$H$37000,"1000*",'Accounting data'!$I$2:$I$37000,"200*",'Accounting data'!$J$2:$J$37000,"3*",'Accounting data'!$K$2:$K$37000,"68*")+SUMIFS('Accounting data'!$G$2:$G$37000,'Accounting data'!$H$2:$H$37000,"1500*",'Accounting data'!$I$2:$I$37000,"200*",'Accounting data'!$J$2:$J$37000,"3*",'Accounting data'!$K$2:$K$37000,"68*")+SUMIFS('Accounting data'!$G$2:$G$37000,'Accounting data'!$H$2:$H$37000,"1000*",'Accounting data'!$I$2:$I$37000,"270*",'Accounting data'!$J$2:$J$37000,"3*",'Accounting data'!$K$2:$K$37000,"68*")+SUMIFS('Accounting data'!$G$2:$G$37000,'Accounting data'!$H$2:$H$37000,"1500*",'Accounting data'!$I$2:$I$37000,"270*",'Accounting data'!$J$2:$J$37000,"3*",'Accounting data'!$K$2:$K$37000,"68*") -> 0 | I34: 0 | J34: =SUM(D34:H34) -> 0 | K34: 0 | L34: =IF(J34=K34,0,IF(K34>0,(J34-K34)/K34,"--")) -> 0 | M34: 25.
A35: 4000 Facilities acquisition & construction | C35: 26. | D35: =SUMIFS('Accounting data'!$G$2:$G$37000,'Accounting data'!$H$2:$H$37000,"1000*",'Accounting data'!$I$2:$I$37000,"200*",'Accounting data'!$J$2:$J$37000,"4*",'Accounting data'!$K$2:$K$37000,"61*")+SUMIFS('Accounting data'!$G$2:$G$37000,'Accounting data'!$H$2:$H$37000,"1500*",'Accounting data'!$I$2:$I$37000,"200*",'Accounting data'!$J$2:$J$37000,"4*",'Accounting data'!$K$2:$K$37000,"61*")+SUMIFS('Accounting data'!$G$2:$G$37000,'Accounting data'!$H$2:$H$37000,"1000*",'Accounting data'!$I$2:$I$37000,"270*",'Accounting data'!$J$2:$J$37000,"4*",'Accounting data'!$K$2:$K$37000,"61*")+SUMIFS('Accounting data'!$G$2:$G$37000,'Accounting data'!$H$2:$H$37000,"1500*",'Accounting data'!$I$2:$I$37000,"270*",'Accounting data'!$J$2:$J$37000,"4*",'Accounting data'!$K$2:$K$37000,"61*") -> 0 | E35: =SUMIFS('Accounting data'!$G$2:$G$37000,'Accounting data'!$H$2:$H$37000,"1000*",'Accounting data'!$I$2:$I$37000,"200*",'Accounting data'!$J$2:$J$37000,"4*",'Accounting data'!$K$2:$K$37000,"62*")+SUMIFS('Accounting data'!$G$2:$G$37000,'Accounting data'!$H$2:$H$37000,"1500*",'Accounting data'!$I$2:$I$37000,"200*",'Accounting data'!$J$2:$J$37000,"4*",'Accounting data'!$K$2:$K$37000,"62*")+SUMIFS('Accounting data'!$G$2:$G$37000,'Accounting data'!$H$2:$H$37000,"1000*",'Accounting data'!$I$2:$I$37000,"270*",'Accounting data'!$J$2:$J$37000,"4*",'Accounting data'!$K$2:$K$37000,"62*")+SUMIFS('Accounting data'!$G$2:$G$37000,'Accounting data'!$H$2:$H$37000,"1500*",'Accounting data'!$I$2:$I$37000,"270*",'Accounting data'!$J$2:$J$37000,"4*",'Accounting data'!$K$2:$K$37000,"62*") -> 0 | F35: =SUMIFS('Accounting data'!$G$2:$G$37000,'Accounting data'!$H$2:$H$37000,"1000*",'Accounting data'!$I$2:$I$37000,"200*",'Accounting data'!$J$2:$J$37000,"4*",'Accounting data'!$K$2:$K$37000,"63*")+SUMIFS('Accounting data'!$G$2:$G$37000,'Accounting data'!$H$2:$H$37000,"1500*",'Accounting data'!$I$2:$I$37000,"200*",'Accounting data'!$J$2:$J$37000,"4*",'Accounting data'!$K$2:$K$37000,"63*")+SUMIFS('Accounting data'!$G$2:$G$37000,'Accounting data'!$H$2:$H$37000,"1000*",'Accounting data'!$I$2:$I$37000,"270*",'Accounting data'!$J$2:$J$37000,"4*",'Accounting data'!$K$2:$K$37000,"63*")+SUMIFS('Accounting data'!$G$2:$G$37000,'Accounting data'!$H$2:$H$37000,"1500*",'Accounting data'!$I$2:$I$37000,"270*",'Accounting data'!$J$2:$J$37000,"4*",'Accounting data'!$K$2:$K$37000,"63*") -> 0 | G35: =SUMIFS('Accounting data'!$G$2:$G$37000,'Accounting data'!$H$2:$H$37000,"1000*",'Accounting data'!$I$2:$I$37000,"200*",'Accounting data'!$J$2:$J$37000,"4*",'Accounting data'!$K$2:$K$37000,"66*")+SUMIFS('Accounting data'!$G$2:$G$37000,'Accounting data'!$H$2:$H$37000,"1500*",'Accounting data'!$I$2:$I$37000,"200*",'Accounting data'!$J$2:$J$37000,"4*",'Accounting data'!$K$2:$K$37000,"66*")+SUMIFS('Accounting data'!$G$2:$G$37000,'Accounting data'!$H$2:$H$37000,"1000*",'Accounting data'!$I$2:$I$37000,"270*",'Accounting data'!$J$2:$J$37000,"4*",'Accounting data'!$K$2:$K$37000,"66*")+SUMIFS('Accounting data'!$G$2:$G$37000,'Accounting data'!$H$2:$H$37000,"1500*",'Accounting data'!$I$2:$I$37000,"270*",'Accounting data'!$J$2:$J$37000,"4*",'Accounting data'!$K$2:$K$37000,"66*") -> 0 | H35: =SUMIFS('Accounting data'!$G$2:$G$37000,'Accounting data'!$H$2:$H$37000,"1000*",'Accounting data'!$I$2:$I$37000,"200*",'Accounting data'!$J$2:$J$37000,"4*",'Accounting data'!$K$2:$K$37000,"68*")+SUMIFS('Accounting data'!$G$2:$G$37000,'Accounting data'!$H$2:$H$37000,"1500*",'Accounting data'!$I$2:$I$37000,"200*",'Accounting data'!$J$2:$J$37000,"4*",'Accounting data'!$K$2:$K$37000,"68*")+SUMIFS('Accounting data'!$G$2:$G$37000,'Accounting data'!$H$2:$H$37000,"1000*",'Accounting data'!$I$2:$I$37000,"270*",'Accounting data'!$J$2:$J$37000,"4*",'Accounting data'!$K$2:$K$37000,"68*")+SUMIFS('Accounting data'!$G$2:$G$37000,'Accounting data'!$H$2:$H$37000,"1500*",'Accounting data'!$I$2:$I$37000,"270*",'Accounting data'!$J$2:$J$37000,"4*",'Accounting data'!$K$2:$K$37000,"68*") -> 0 | I35: 0 | J35: =SUM(D35:H35) -> 0 | K35: 0 | L35: =IF(J35=K35,0,IF(K35>0,(J35-K35)/K35,"--")) -> 0 | M35: 26.
A36: 5000 Debt service | C36: 27. | D36: =SUMIFS('Accounting data'!$G$2:$G$37000,'Accounting data'!$H$2:$H$37000,"1000*",'Accounting data'!$I$2:$I$37000,"200*",'Accounting data'!$J$2:$J$37000,"5*",'Accounting data'!$K$2:$K$37000,"61*")+SUMIFS('Accounting data'!$G$2:$G$37000,'Accounting data'!$H$2:$H$37000,"1500*",'Accounting data'!$I$2:$I$37000,"200*",'Accounting data'!$J$2:$J$37000,"5*",'Accounting data'!$K$2:$K$37000,"61*")+SUMIFS('Accounting data'!$G$2:$G$37000,'Accounting data'!$H$2:$H$37000,"1000*",'Accounting data'!$I$2:$I$37000,"270*",'Accounting data'!$J$2:$J$37000,"5*",'Accounting data'!$K$2:$K$37000,"61*")+SUMIFS('Accounting data'!$G$2:$G$37000,'Accounting data'!$H$2:$H$37000,"1500*",'Accounting data'!$I$2:$I$37000,"270*",'Accounting data'!$J$2:$J$37000,"5*",'Accounting data'!$K$2:$K$37000,"61*") -> 0 | E36: =SUMIFS('Accounting data'!$G$2:$G$37000,'Accounting data'!$H$2:$H$37000,"1000*",'Accounting data'!$I$2:$I$37000,"200*",'Accounting data'!$J$2:$J$37000,"5*",'Accounting data'!$K$2:$K$37000,"62*")+SUMIFS('Accounting data'!$G$2:$G$37000,'Accounting data'!$H$2:$H$37000,"1500*",'Accounting data'!$I$2:$I$37000,"200*",'Accounting data'!$J$2:$J$37000,"5*",'Accounting data'!$K$2:$K$37000,"62*")+SUMIFS('Accounting data'!$G$2:$G$37000,'Accounting data'!$H$2:$H$37000,"1000*",'Accounting data'!$I$2:$I$37000,"270*",'Accounting data'!$J$2:$J$37000,"5*",'Accounting data'!$K$2:$K$37000,"62*")+SUMIFS('Accounting data'!$G$2:$G$37000,'Accounting data'!$H$2:$H$37000,"1500*",'Accounting data'!$I$2:$I$37000,"270*",'Accounting data'!$J$2:$J$37000,"5*",'Accounting data'!$K$2:$K$37000,"62*") -> 0 | F36: =SUMIFS('Accounting data'!$G$2:$G$37000,'Accounting data'!$H$2:$H$37000,"1000*",'Accounting data'!$I$2:$I$37000,"200*",'Accounting data'!$J$2:$J$37000,"5*",'Accounting data'!$K$2:$K$37000,"63*")+SUMIFS('Accounting data'!$G$2:$G$37000,'Accounting data'!$H$2:$H$37000,"1500*",'Accounting data'!$I$2:$I$37000,"200*",'Accounting data'!$J$2:$J$37000,"5*",'Accounting data'!$K$2:$K$37000,"63*")+SUMIFS('Accounting data'!$G$2:$G$37000,'Accounting data'!$H$2:$H$37000,"1000*",'Accounting data'!$I$2:$I$37000,"270*",'Accounting data'!$J$2:$J$37000,"5*",'Accounting data'!$K$2:$K$37000,"63*")+SUMIFS('Accounting data'!$G$2:$G$37000,'Accounting data'!$H$2:$H$37000,"1500*",'Accounting data'!$I$2:$I$37000,"270*",'Accounting data'!$J$2:$J$37000,"5*",'Accounting data'!$K$2:$K$37000,"63*") -> 0 | G36: =SUMIFS('Accounting data'!$G$2:$G$37000,'Accounting data'!$H$2:$H$37000,"1000*",'Accounting data'!$I$2:$I$37000,"200*",'Accounting data'!$J$2:$J$37000,"5*",'Accounting data'!$K$2:$K$37000,"66*")+SUMIFS('Accounting data'!$G$2:$G$37000,'Accounting data'!$H$2:$H$37000,"1500*",'Accounting data'!$I$2:$I$37000,"200*",'Accounting data'!$J$2:$J$37000,"5*",'Accounting data'!$K$2:$K$37000,"66*")+SUMIFS('Accounting data'!$G$2:$G$37000,'Accounting data'!$H$2:$H$37000,"1000*",'Accounting data'!$I$2:$I$37000,"270*",'Accounting data'!$J$2:$J$37000,"5*",'Accounting data'!$K$2:$K$37000,"66*")+SUMIFS('Accounting data'!$G$2:$G$37000,'Accounting data'!$H$2:$H$37000,"1500*",'Accounting data'!$I$2:$I$37000,"270*",'Accounting data'!$J$2:$J$37000,"5*",'Accounting data'!$K$2:$K$37000,"66*") -> 0 | H36: =SUMIFS('Accounting data'!$G$2:$G$37000,'Accounting data'!$H$2:$H$37000,"1000*",'Accounting data'!$I$2:$I$37000,"200*",'Accounting data'!$J$2:$J$37000,"5*",'Accounting data'!$K$2:$K$37000,"68*")+SUMIFS('Accounting data'!$G$2:$G$37000,'Accounting data'!$H$2:$H$37000,"1500*",'Accounting data'!$I$2:$I$37000,"200*",'Accounting data'!$J$2:$J$37000,"5*",'Accounting data'!$K$2:$K$37000,"68*")+SUMIFS('Accounting data'!$G$2:$G$37000,'Accounting data'!$H$2:$H$37000,"1000*",'Accounting data'!$I$2:$I$37000,"270*",'Accounting data'!$J$2:$J$37000,"5*",'Accounting data'!$K$2:$K$37000,"68*")+SUMIFS('Accounting data'!$G$2:$G$37000,'Accounting data'!$H$2:$H$37000,"1500*",'Accounting data'!$I$2:$I$37000,"270*",'Accounting data'!$J$2:$J$37000,"5*",'Accounting data'!$K$2:$K$37000,"68*") -> 0 | I36: 0 | J36: =SUM(D36:H36) -> 0 | K36: 0 | L36: =IF(J36=K36,0,IF(K36>0,(J36-K36)/K36,"--")) -> 0 | M36: 27.
A37: Subtotal (lines 17-27) | C37: 28. | D37: =SUM(D25:D36) -> 122737 | E37: =SUM(E25:E36) -> 36338 | F37: =SUM(F25:F36) -> 33326 | G37: =SUM(G25:G36) -> 2186 | H37: =SUM(H25:H36) -> 0 | I37: =SUM(I25:I36) -> 200939 | J37: =SUM(J25:J36) -> 194587 | K37: =SUM(K25:K36) -> 199131 | L37: =IF(J37=K37,0,IF(K37>0,(J37-K37)/K37,"--")) -> -0.0228 | M37: 28.
A38: 400 Pupil transportation | C38: 29. | D38: =SUMIFS('Accounting data'!$G$2:$G$37000,'Accounting data'!$H$2:$H$37000,"1000*",'Accounting data'!$I$2:$I$37000,"400*",'Accounting data'!$K$2:$K$37000,"61*")+SUMIFS('Accounting data'!$G$2:$G$37000,'Accounting data'!$H$2:$H$37000,"1500*",'Accounting data'!$I$2:$I$37000,"400*",'Accounting data'!$K$2:$K$37000,"61*") -> 0 | E38: =SUMIFS('Accounting data'!$G$2:$G$37000,'Accounting data'!$H$2:$H$37000,"1000*",'Accounting data'!$I$2:$I$37000,"400*",'Accounting data'!$K$2:$K$37000,"62*")+SUMIFS('Accounting data'!$G$2:$G$37000,'Accounting data'!$H$2:$H$37000,"1500*",'Accounting data'!$I$2:$I$37000,"400*",'Accounting data'!$K$2:$K$37000,"62*") -> 0 | F38: =SUMIFS('Accounting data'!$G$2:$G$37000,'Accounting data'!$H$2:$H$37000,"1000*",'Accounting data'!$I$2:$I$37000,"400*",'Accounting data'!$K$2:$K$37000,"63*")+SUMIFS('Accounting data'!$G$2:$G$37000,'Accounting data'!$H$2:$H$37000,"1500*",'Accounting data'!$I$2:$I$37000,"400*",'Accounting data'!$K$2:$K$37000,"63*") -> 0 | G38: =SUMIFS('Accounting data'!$G$2:$G$37000,'Accounting data'!$H$2:$H$37000,"1000*",'Accounting data'!$I$2:$I$37000,"400*",'Accounting data'!$K$2:$K$37000,"66*")+SUMIFS('Accounting data'!$G$2:$G$37000,'Accounting data'!$H$2:$H$37000,"1500*",'Accounting data'!$I$2:$I$37000,"400*",'Accounting data'!$K$2:$K$37000,"66*") -> 0 | H38: =SUMIFS('Accounting data'!$G$2:$G$37000,'Accounting data'!$H$2:$H$37000,"1000*",'Accounting data'!$I$2:$I$37000,"400*",'Accounting data'!$K$2:$K$37000,"68*")+SUMIFS('Accounting data'!$G$2:$G$37000,'Accounting data'!$H$2:$H$37000,"1500*",'Accounting data'!$I$2:$I$37000,"400*",'Accounting data'!$K$2:$K$37000,"68*") -> 0 | I38: 0 | J38: =SUM(D38:H38) -> 0 | K38: 0 | L38: =IF(J38=K38,0,IF(K38>0,(J38-K38)/K38,"--")) -> 0 | M38: 29.
A39: 530 Dropout prevention programs | C39: 30. | D39: =SUMIFS('Accounting data'!$G$2:$G$37000,'Accounting data'!$H$2:$H$37000,"1000*",'Accounting data'!$I$2:$I$37000,"53*",'Accounting data'!$K$2:$K$37000,"61*")+SUMIFS('Accounting data'!$G$2:$G$37000,'Accounting data'!$H$2:$H$37000,"1500*",'Accounting data'!$I$2:$I$37000,"53*",'Accounting data'!$K$2:$K$37000,"61*") -> 0 | E39: =SUMIFS('Accounting data'!$G$2:$G$37000,'Accounting data'!$H$2:$H$37000,"1000*",'Accounting data'!$I$2:$I$37000,"53*",'Accounting data'!$K$2:$K$37000,"62*")+SUMIFS('Accounting data'!$G$2:$G$37000,'Accounting data'!$H$2:$H$37000,"1000*",'Accounting data'!$I$2:$I$37000,"53*",'Accounting data'!$K$2:$K$37000,"62*") -> 0 | F39: =SUMIFS('Accounting data'!$G$2:$G$37000,'Accounting data'!$H$2:$H$37000,"1000*",'Accounting data'!$I$2:$I$37000,"53*",'Accounting data'!$K$2:$K$37000,"63*")+SUMIFS('Accounting data'!$G$2:$G$37000,'Accounting data'!$H$2:$H$37000,"1500*",'Accounting data'!$I$2:$I$37000,"53*",'Accounting data'!$K$2:$K$37000,"63*") -> 0 | G39: =SUMIFS('Accounting data'!$G$2:$G$37000,'Accounting data'!$H$2:$H$37000,"1000*",'Accounting data'!$I$2:$I$37000,"53*",'Accounting data'!$K$2:$K$37000,"66*")+SUMIFS('Accounting data'!$G$2:$G$37000,'Accounting data'!$H$2:$H$37000,"1500*",'Accounting data'!$I$2:$I$37000,"53*",'Accounting data'!$K$2:$K$37000,"66*") -> 0 | H39: =SUMIFS('Accounting data'!$G$2:$G$37000,'Accounting data'!$H$2:$H$37000,"1000*",'Accounting data'!$I$2:$I$37000,"53*",'Accounting data'!$K$2:$K$37000,"68*")+SUMIFS('Accounting data'!$G$2:$G$37000,'Accounting data'!$H$2:$H$37000,"1500*",'Accounting data'!$I$2:$I$37000,"53*",'Accounting data'!$K$2:$K$37000,"68*") -> 0 | I39: 0 | J39: =SUM(D39:H39) -> 0 | K39: 0 | L39: =IF(J39=K39,0,IF(K39>0,(J39-K39)/K39,"--")) -> 0 | M39: 30.
A40: 540 Joint career & technical ed. & vocational ed. center | C40: 31. | D40: =SUMIFS('Accounting data'!$G$2:$G$37000,'Accounting data'!$H$2:$H$37000,"1000*",'Accounting data'!$I$2:$I$37000,"54*",'Accounting data'!$K$2:$K$37000,"61*")+SUMIFS('Accounting data'!$G$2:$G$37000,'Accounting data'!$H$2:$H$37000,"1500*",'Accounting data'!$I$2:$I$37000,"54*",'Accounting data'!$K$2:$K$37000,"61*") -> 0 | E40: =SUMIFS('Accounting data'!$G$2:$G$37000,'Accounting data'!$H$2:$H$37000,"1000*",'Accounting data'!$I$2:$I$37000,"54*",'Accounting data'!$K$2:$K$37000,"62*")+SUMIFS('Accounting data'!$G$2:$G$37000,'Accounting data'!$H$2:$H$37000,"1500*",'Accounting data'!$I$2:$I$37000,"54*",'Accounting data'!$K$2:$K$37000,"62*") -> 0 | F40: =SUMIFS('Accounting data'!$G$2:$G$37000,'Accounting data'!$H$2:$H$37000,"1000*",'Accounting data'!$I$2:$I$37000,"54*",'Accounting data'!$K$2:$K$37000,"63*")+SUMIFS('Accounting data'!$G$2:$G$37000,'Accounting data'!$H$2:$H$37000,"1500*",'Accounting data'!$I$2:$I$37000,"54*",'Accounting data'!$K$2:$K$37000,"63*") -> 0 | G40: =SUMIFS('Accounting data'!$G$2:$G$37000,'Accounting data'!$H$2:$H$37000,"1000*",'Accounting data'!$I$2:$I$37000,"54*",'Accounting data'!$K$2:$K$37000,"66*")+SUMIFS('Accounting data'!$G$2:$G$37000,'Accounting data'!$H$2:$H$37000,"1500*",'Accounting data'!$I$2:$I$37000,"54*",'Accounting data'!$K$2:$K$37000,"66*") -> 0 | H40: =SUMIFS('Accounting data'!$G$2:$G$37000,'Accounting data'!$H$2:$H$37000,"1000*",'Accounting data'!$I$2:$I$37000,"54*",'Accounting data'!$K$2:$K$37000,"68*")+SUMIFS('Accounting data'!$G$2:$G$37000,'Accounting data'!$H$2:$H$37000,"1500*",'Accounting data'!$I$2:$I$37000,"54*",'Accounting data'!$K$2:$K$37000,"68*") -> 0 | I40: 0 | J40: =SUM(D40:H40) -> 0 | K40: 0 | L40: =IF(J40=K40,0,IF(K40>0,(J40-K40)/K40,"--")) -> 0 | M40: 31.
A41: 550 K-3 Reading | C41: 32. | D41: =SUMIFS('Accounting data'!$G$2:$G$37000,'Accounting data'!$H$2:$H$37000,"1000*",'Accounting data'!$I$2:$I$37000,"55*",'Accounting data'!$K$2:$K$37000,"61*")+SUMIFS('Accounting data'!$G$2:$G$37000,'Accounting data'!$H$2:$H$37000,"1500*",'Accounting data'!$I$2:$I$37000,"55*",'Accounting data'!$K$2:$K$37000,"61*") -> 0 | E41: =SUMIFS('Accounting data'!$G$2:$G$37000,'Accounting data'!$H$2:$H$37000,"1000*",'Accounting data'!$I$2:$I$37000,"55*",'Accounting data'!$K$2:$K$37000,"62*")+SUMIFS('Accounting data'!$G$2:$G$37000,'Accounting data'!$H$2:$H$37000,"1500*",'Accounting data'!$I$2:$I$37000,"55*",'Accounting data'!$K$2:$K$37000,"62*") -> 0 | F41: =SUMIFS('Accounting data'!$G$2:$G$37000,'Accounting data'!$H$2:$H$37000,"1000*",'Accounting data'!$I$2:$I$37000,"55*",'Accounting data'!$K$2:$K$37000,"63*")+SUMIFS('Accounting data'!$G$2:$G$37000,'Accounting data'!$H$2:$H$37000,"1500*",'Accounting data'!$I$2:$I$37000,"55*",'Accounting data'!$K$2:$K$37000,"63*") -> 0 | G41: =SUMIFS('Accounting data'!$G$2:$G$37000,'Accounting data'!$H$2:$H$37000,"1000*",'Accounting data'!$I$2:$I$37000,"55*",'Accounting data'!$K$2:$K$37000,"66*")+SUMIFS('Accounting data'!$G$2:$G$37000,'Accounting data'!$H$2:$H$37000,"1500*",'Accounting data'!$I$2:$I$37000,"55*",'Accounting data'!$K$2:$K$37000,"66*") -> 0 | H41: =SUMIFS('Accounting data'!$G$2:$G$37000,'Accounting data'!$H$2:$H$37000,"1000*",'Accounting data'!$I$2:$I$37000,"55*",'Accounting data'!$K$2:$K$37000,"68*")+SUMIFS('Accounting data'!$G$2:$G$37000,'Accounting data'!$H$2:$H$37000,"1500*",'Accounting data'!$I$2:$I$37000,"55*",'Accounting data'!$K$2:$K$37000,"68*") -> 0 | I41: 0 | J41: =SUM(D41:H41) -> 0 | K41: 0 | L41: =IF(J41=K41,0,IF(K41>0,(J41-K41)/K41,"--")) -> 0 | M41: 32.
A42: Subtotal (lines 16 and 28-32) | C42: 33. | D42: =SUM(D38:D41)+D37+D23 -> 661944 | E42: =SUM(E38:E41)+E37+E23 -> 214538 | F42: =SUM(F38:F41)+F37+F23 -> 412619 | G42: =SUM(G38:G41)+G37+G23 -> 64582 | H42: =SUM(H38:H41)+H37+H23 -> 207977 | I42: =SUM(I38:I41)+I37+I23 -> 1562360 | J42: =SUM(J37:J41)+J23 -> 1561660 | K42: =SUM(K23)+SUM(K37:K41) -> 1834343 | L42: =IF(J42=K42,0,IF(K42>0,(J42-K42)/K42,"--")) -> -0.1487 | M42: 33.
A43: Classroom Site Project (from page 3, lines 6 and 8) | C43: 34. | D43: ='Page 3'!F13 -> 147913 | E43: ='Page 3'!G13 -> 29490 | F43: ='Page 3'!H13 -> 0 | G43: ='Page 3'!I13 -> 0 | H43: ='Page 3'!G18 -> 0 | I43: 156899 | J43: =SUM(D43:H43) -> 177403 | K43: 257066 | L43: =IF(J43=K43,0,IF(K43>0,(J43-K43)/K43,"--")) -> -0.3099 | M43: 34.
A44: Instructional Improvement Project | C44: 35. | I44: 10558 | J44: =SUMIFS('Accounting data'!$G$2:$G$37000,'Accounting data'!$H$2:$H$37000,"1020*",'Accounting data'!$K$2:$K$37000,"6*") -> 15929 | K44: 11022 | L44: =IF(J44=K44,0,IF(K44>0,(J44-K44)/K44,"--")) -> 0.4452 | M44: 35.
A45: English Language Learner Project (from page 5, line 14) | C45: 36. | D45: =TotalSEIP6100 -> 0 | E45: =TotalSEIP6200 -> 0 | F45: =TotalSEIP630064006500 -> 0 | G45: =TotalSEIP6600 -> 0 | H45: =TotalSEIP6800 -> 0 | I45: 0 | J45: =SUM(D45:H45) -> 0 | K45: 0 | L45: =IF(J45=K45,0,IF(K45>0,(J45-K45)/K45,"--")) -> 0 | M45: 36.
A46: Compensatory Instruction Project (from page 5, line 28 ) | C46: 37. | D46: =TotalCIP6100 -> 0 | E46: =TotalCIP6200 -> 0 | F46: =TotalCIP630064006500 -> 0 | G46: =TotalCIP6600 -> 0 | H46: =TotalCIP6800 -> 0 | I46: 0 | J46: =SUM(D46:H46) -> 0 | K46: 0 | L46: =IF(J46=K46,0,IF(K46>0,(J46-K46)/K46,"--")) -> 0 | M46: 37.
A47: Federal and State Projects (from page 8, line 33) | C47: 38. | I47: 136461 | J47: =ActualTotalFederalAndStateProjects -> 126277 | K47: 247402 | L47: =IF(J47=K47,0,IF(K47>0,(J47-K47)/K47,"--")) -> -0.4896 | M47: 38.
A48: Total (lines 33-38) | C48: 39. | I48: =SUM(I42:I47) -> 1866278 | J48: =SUM(J42:J47) -> 1881269 | K48: =SUM(K42:K47) -> 2349833 | L48: =IF(J48=K48,0,IF(K48>0,(J48-K48)/K48,"--")) -> -0.1994 | M48: 39.

Sheet Page 3
A1: Charter school | D1: ='Cover Page'!D1 -> Edge School, Inc., The | F1: County | G1: ='Cover Page'!M1 -> Pima | I1: CTDS number | J1: ='Cover Page'!R1 -> 108653000
G4: Employee | H4: Purchased | J4: Totals
A5: Expenses | F5: Salaries | G5: benefits | H5: services | I5: Supplies
F6: 6100 | G6: 6200 | H6: 6300, 6400, 6500 | I6: 6600 | J6: Budget | K6: Actual
A7: Classroom Site Project 1010
C8: 1000 Instructions | E8: 1. | F8: =SUMIFS('Accounting data'!$G$2:$G$37000,'Accounting data'!$H$2:$H$37000,"1010*",'Accounting data'!$J$2:$J$37000,"1*",'Accounting data'!$K$2:$K$37000,"61*") -> 147913 | G8: =SUMIFS('Accounting data'!$G$2:$G$37000,'Accounting data'!$H$2:$H$37000,"1010*",'Accounting data'!$J$2:$J$37000,"1*",'Accounting data'!$K$2:$K$37000,"62*") -> 29490 | H8: =SUMIFS('Accounting data'!$G$2:$G$37000,'Accounting data'!$H$2:$H$37000,"1010*",'Accounting data'!$J$2:$J$37000,"1*",'Accounting data'!$K$2:$K$37000,"63*") -> 0 | I8: =SUMIFS('Accounting data'!$G$2:$G$37000,'Accounting data'!$H$2:$H$37000,"1010*",'Accounting data'!$J$2:$J$37000,"1*",'Accounting data'!$K$2:$K$37000,"66*") -> 0 | J8: 156899 | K8: =SUM(F8:I8) -> 177403
C9: 2100 Support services—students | E9: 2. | F9: =SUMIFS('Accounting data'!$G$2:$G$37000,'Accounting data'!$H$2:$H$37000,"1010*",'Accounting data'!$J$2:$J$37000,"21*",'Accounting data'!$K$2:$K$37000,"61*") -> 0 | G9: =SUMIFS('Accounting data'!$G$2:$G$37000,'Accounting data'!$H$2:$H$37000,"1010*",'Accounting data'!$J$2:$J$37000,"21*",'Accounting data'!$K$2:$K$37000,"62*") -> 0 | H9: =SUMIFS('Accounting data'!$G$2:$G$37000,'Accounting data'!$H$2:$H$37000,"1010*",'Accounting data'!$J$2:$J$37000,"21*",'Accounting data'!$K$2:$K$37000,"63*") -> 0 | I9: =SUMIFS('Accounting data'!$G$2:$G$37000,'Accounting data'!$H$2:$H$37000,"1010*",'Accounting data'!$J$2:$J$37000,"21*",'Accounting data'!$K$2:$K$37000,"66*") -> 0 | J9: 0 | K9: =SUM(F9:I9) -> 0
C10: 2200 Support services—instructions | E10: 3. | F10: =SUMIFS('Accounting data'!$G$2:$G$37000,'Accounting data'!$H$2:$H$37000,"1010*",'Accounting data'!$J$2:$J$37000,"22*",'Accounting data'!$K$2:$K$37000,"61*") -> 0 | G10: =SUMIFS('Accounting data'!$G$2:$G$37000,'Accounting data'!$H$2:$H$37000,"1010*",'Accounting data'!$J$2:$J$37000,"22*",'Accounting data'!$K$2:$K$37000,"62*") -> 0 | H10: =SUMIFS('Accounting data'!$G$2:$G$37000,'Accounting data'!$H$2:$H$37000,"1010*",'Accounting data'!$J$2:$J$37000,"22*",'Accounting data'!$K$2:$K$37000,"63*") -> 0 | I10: =SUMIFS('Accounting data'!$G$2:$G$37000,'Accounting data'!$H$2:$H$37000,"1010*",'Accounting data'!$J$2:$J$37000,"22*",'Accounting data'!$K$2:$K$37000,"66*") -> 0 | J10: 0 | K10: =SUM(F10:I10) -> 0
C11: 2300 Support services—general administration | E11: 4. | H11: =SUMIFS('Accounting data'!$G$2:$G$37000,'Accounting data'!$H$2:$H$37000,"1010*",'Accounting data'!$J$2:$J$37000,"23*",'Accounting data'!$K$2:$K$37000,"63*") -> 0 | J11: 0 | K11: =SUM(F11:I11) -> 0
C12: 3300 Community services operation | E12: 5. | F12: =SUMIFS('Accounting data'!$G$2:$G$37000,'Accounting data'!$H$2:$H$37000,"1010*",'Accounting data'!$J$2:$J$37000,"33*",'Accounting data'!$K$2:$K$37000,"61*") -> 0 | G12: =SUMIFS('Accounting data'!$G$2:$G$37000,'Accounting data'!$H$2:$H$37000,"1010*",'Accounting data'!$J$2:$J$37000,"33*",'Accounting data'!$K$2:$K$37000,"62*") -> 0 | H12: =SUMIFS('Accounting data'!$G$2:$G$37000,'Accounting data'!$H$2:$H$37000,"1010*",'Accounting data'!$J$2:$J$37000,"33*",'Accounting data'!$K$2:$K$37000,"63*") -> 0 | J12: 0 | K12: =SUM(F12:I12) -> 0 | M12: =IF('Page 2'!J48=0,"",IF(OR(K13<=0),"The Charter did not report any expenses for Classroom Site Project. If the Charter did not have any expense, verify by checking the box in A14 on the Cover Page.",""))
A13: Total Classroom Site Project (lines 1-5) | E13: 6. | F13: =SUM(F8:F12) -> 147913 | G13: =SUM(G8:G12) -> 29490 | H13: =SUM(H8:H12) -> 0 | I13: =SUM(I8:I12) -> 0 | J13: 156899 | K13: =SUM(F13:I13) -> 177403
A16: Classroom Site Project 1010 property payments | F16: Budget | G16: Actual
C17: Property disbursements | E17: 7. | G17: 0
C18: Interest 6850 | E18: 8. | F18: 0 | G18: =SUMIFS('Accounting data'!$G$2:$G$37000,'Accounting data'!$H$2:$H$37000,"1010*",'Accounting data'!$K$2:$K$37000,"685*") -> 0 | AA18: =IF(OR(F17="",F18="",F19=""),"yes","") -> yes
C19: Redemption of principal | E19: 9. | G19: 0
F22: Classroom Site Project
A23: Additional Classroom Site Project information | F23: 1010
A24: PY ending project balance | E24: 10. | F24: 17189
A25: Final CY beginning project balance | E25: 11. | F25: 17189
B26: Revenues | E26: 12. | F26: =-(SUMIFS('Accounting data'!$G$2:$G$37000,'Accounting data'!$H$2:$H$37000,"1010*",'Accounting data'!$K$2:$K$37000,"3*")) -> 164100
B27: Interest earned | E27: 13. | F27: =-(SUMIFS('Accounting data'!$G$2:$G$37000,'Accounting data'!$H$2:$H$37000,"1010*",'Accounting data'!$K$2:$K$37000,"15*")) -> 0
A28: Total revenues (lines 12 and 13) | E28: 14. | F28: =F26+F27 -> 164100
A29: Total available (lines 10 or 11, and 14) | E29: 15. | F29: =IF(F25="",F24,F25)+F28 -> 181289
A30: Expenses (from lines 6, 7, 8, and 9) | E30: 16. | F30: =K13+G17+G18+G19 -> 177403
A31: Ending project balance (line 15 minus line 16) | E31: 17. | F31: =F29-F30 -> 3886

Sheet Page 4
A1: Charter school | C1: ='Cover Page'!D1 -> Edge School, Inc., The | G1: County | H1: ='Cover Page'!M1 -> Pima | L1: CTDS number | M1: ='Cover Page'!R1 -> 108653000
G3: Support | H3: Totals
A4: Expenses | F4: Instruction | G4: services
F5: 1000 | G5: 2000 | H5: Budget | I5: Actual
A6: Instructional Improvement Project 1020
B7: Teacher compensation increases | E7: 1 | F7: 0 | G7: 0 | H7: 0 | I7: =SUM(F7:G7) -> 0 | J7: 1 | AA7: =IF(OR(F7="",F8="",F9="",F10="",G7="",G9="",G10="",G24="",G26="",G27="",G28=""),"yes","")
B8: Class size reduction | E8: 2 | F8: 0 | H8: 0 | I8: =SUM(F8:G8) -> 0 | J8: 2
B9: Dropout prevention programs | E9: 3 | F9: 8528 | G9: 7401 | H9: 10558 | I9: =SUM(F9:G9) -> 15929 | J9: 3
B10: Instructional improvement programs | E10: 4 | F10: 0 | G10: 0 | H10: 0 | I10: =SUM(F10:G10) -> 0 | J10: 4 | K10: =IF('Page 2'!J48=0,"",IF(('Page 4'!I11=0),"If the Charter did not have any expense, verify by checking the box in A18 on the Cover Page.",""))
A11: Total Inst. Imp. expenses (lines 1-4, should equal line 9 below) | E11: 5 | F11: =SUM(F6:F10) -> 8528 | G11: =SUM(G6:G10) -> 7401 | H11: =SUM(H7:H10) -> 10558 | I11: =SUM(I7:I10) -> 15929 | J11: 5 | K11: =IF('Page 2'!J48=0,"",IF(('Page 4'!I11<>'Page 2'!J44),"Total expenses for Instructional Improvement Project on line 5 should agree to the line 35 on page 2.",""))
A14: Additional Instructional Improvement Project information | F14: Actual
A15: PY ending project balance | E15: 6 | F15: 5566 | G15: 6
A16: Final CY beginning project balance | E16: 7 | F16: 6712.98 | G16: 7
A17: Revenues | E17: 8 | F17: =-(SUMIFS('Accounting data'!$G$2:$G$37000,'Accounting data'!$H$2:$H$37000,"1020*",'Accounting data'!$K$2:$K$37000,"1*")+SUMIFS('Accounting data'!$G$2:$G$37000,'Accounting data'!$H$2:$H$37000,"1020*",'Accounting data'!$K$2:$K$37000,"2*")+SUMIFS('Accounting data'!$G$2:$G$37000,'Accounting data'!$H$2:$H$37000,"1020*",'Accounting data'!$K$2:$K$37000,"3*")+SUMIFS('Accounting data'!$G$2:$G$37000,'Accounting data'!$H$2:$H$37000,"1020*",'Accounting data'!$K$2:$K$37000,"4*")+SUMIFS('Accounting data'!$G$2:$G$37000,'Accounting data'!$H$2:$H$37000,"1020*",'Accounting data'!$K$2:$K$37000,"Other*")) -> 10365 | G17: 8
A18: Total available (lines 6 or 7, and 8) | E18: 9 | F18: =IF(F16="",F15,F16)+F17 -> 17078 | G18: 9
A19: Expenses (line 5 above) | E19: 10 | F19: =ActualTotalInstImpExp -> 15929 | G19: 10
A20: Ending project balance (line 9 minus line 10) | E20: 11 | F20: =F18-F19 -> 1149 | G20: 11
A23: Arizona Industry Credentials Incentive Project—detailed expenses | F23: Budget | G23: Actual
B24: Teacher instructional costs and professional development | E24: 1 | G24: 0 | H24: 1
B25: Student cost of certification, credentialing or licensure | E25: 2 | G25: 0 | H25: 2
B26: Developmental costs | E26: 3 | G26: 0 | H26: 3
B27: Instructional hardware, software or supplies | E27: 4 | G27: 0 | H27: 4
B28: Career exploration | E28: 5 | G28: 0 | H28: 5
A29: Total Arizona Industry Credentials Incentives expenses | E29: 6 | G29: =SUM(G24:G28) -> 0 | H29: 6

Sheet Page 5
A1: Charter school | D1: ='Cover Page'!D1 -> Edge School, Inc., The | J1: County | K1: ='Cover Page'!M1 -> Pima | N1: CTDS number | P1: ='Cover Page'!R1 -> 108653000
F3: PY ending | G3: Final CY beginning project balance | J3: Employee | K3: Purchased | N3: Total expenses | P3: Ending
A4: Revenues and expenses | F4: project | H4: Actual | I4: Salaries | J4: benefits | K4: services | L4: Supplies | M4: Other | P4: project
F5: balance | H5: revenues | I5: 6100 | J5: 6200 | K5: 6300, 6400, 6500 | L5: 6600 | M5: 6800 | N5: Budget | O5: Actual | P5: balance
A6: English Language Learner Project—1071
A7: Revenues
B8: 3200 Restricted revenue from State sources | E8: 1 | H8: =-(SUMIFS('Accounting data'!$G$2:$G$37000,'Accounting data'!$H$2:$H$37000,"1071*",'Accounting data'!$K$2:$K$37000,"32*")) -> 0 | Q8: 1
B9: 1500 Earnings on investments | E9: 2 | H9: =-(SUMIFS('Accounting data'!$G$2:$G$37000,'Accounting data'!$H$2:$H$37000,"1071*",'Accounting data'!$K$2:$K$37000,"15*")) -> 0 | Q9: 2
A10: Total revenues (lines 1 and 2) | E10: 3 | H10: =SUM(H8:H9) -> 0 | Q10: 3
A11: Expenses
A12: 260 Special education—ELL incremental costs
B13: 1000 Instruction | E13: 4 | I13: =SUMIFS('Accounting data'!$G$2:$G$37000,'Accounting data'!$H$2:$H$37000,"1071*",'Accounting data'!$I$2:$I$37000,"260*",'Accounting data'!$J$2:$J$37000,"1*",'Accounting data'!$K$2:$K$37000,"61*") -> 0 | J13: =SUMIFS('Accounting data'!$G$2:$G$37000,'Accounting data'!$H$2:$H$37000,"1071*",'Accounting data'!$I$2:$I$37000,"260*",'Accounting data'!$J$2:$J$37000,"1*",'Accounting data'!$K$2:$K$37000,"62*") -> 0 | K13: =SUMIFS('Accounting data'!$G$2:$G$37000,'Accounting data'!$H$2:$H$37000,"1071*",'Accounting data'!$I$2:$I$37000,"260*",'Accounting data'!$J$2:$J$37000,"1*",'Accounting data'!$K$2:$K$37000,"63*") -> 0 | L13: =SUMIFS('Accounting data'!$G$2:$G$37000,'Accounting data'!$H$2:$H$37000,"1071*",'Accounting data'!$I$2:$I$37000,"260*",'Accounting data'!$J$2:$J$37000,"1*",'Accounting data'!$K$2:$K$37000,"66*") -> 0 | M13: =SUMIFS('Accounting data'!$G$2:$G$37000,'Accounting data'!$H$2:$H$37000,"1071*",'Accounting data'!$I$2:$I$37000,"260*",'Accounting data'!$J$2:$J$37000,"1*",'Accounting data'!$K$2:$K$37000,"68*") -> 0 | N13: 0 | O13: =SUM(I13:M13) -> 0 | Q13: 4
B14: 2000 Support services | N14: 0 | O14: =SUM(I15:M15) -> 0
C15: 2100 Students | E15: 5 | I15: =SUMIFS('Accounting data'!$G$2:$G$37000,'Accounting data'!$H$2:$H$37000,"1071*",'Accounting data'!$I$2:$I$37000,"260*",'Accounting data'!$J$2:$J$37000,"21*",'Accounting data'!$K$2:$K$37000,"61*") -> 0 | J15: =SUMIFS('Accounting data'!$G$2:$G$37000,'Accounting data'!$H$2:$H$37000,"1071*",'Accounting data'!$I$2:$I$37000,"260*",'Accounting data'!$J$2:$J$37000,"21*",'Accounting data'!$K$2:$K$37000,"62*") -> 0 | K15: =SUMIFS('Accounting data'!$G$2:$G$37000,'Accounting data'!$H$2:$H$37000,"1071*",'Accounting data'!$I$2:$I$37000,"260*",'Accounting data'!$J$2:$J$37000,"21*",'Accounting data'!$K$2:$K$37000,"63*") -> 0 | L15: =SUMIFS('Accounting data'!$G$2:$G$37000,'Accounting data'!$H$2:$H$37000,"1071*",'Accounting data'!$I$2:$I$37000,"260*",'Accounting data'!$J$2:$J$37000,"21*",'Accounting data'!$K$2:$K$37000,"66*") -> 0 | M15: =SUMIFS('Accounting data'!$G$2:$G$37000,'Accounting data'!$H$2:$H$37000,"1071*",'Accounting data'!$I$2:$I$37000,"260*",'Accounting data'!$J$2:$J$37000,"21*",'Accounting data'!$K$2:$K$37000,"68*") -> 0 | Q15: 5
C16: 2200 Instruction | E16: 6 | I16: =SUMIFS('Accounting data'!$G$2:$G$37000,'Accounting data'!$H$2:$H$37000,"1071*",'Accounting data'!$I$2:$I$37000,"260*",'Accounting data'!$J$2:$J$37000,"22*",'Accounting data'!$K$2:$K$37000,"61*") -> 0 | J16: =SUMIFS('Accounting data'!$G$2:$G$37000,'Accounting data'!$H$2:$H$37000,"1071*",'Accounting data'!$I$2:$I$37000,"260*",'Accounting data'!$J$2:$J$37000,"22*",'Accounting data'!$K$2:$K$37000,"62*") -> 0 | K16: =SUMIFS('Accounting data'!$G$2:$G$37000,'Accounting data'!$H$2:$H$37000,"1071*",'Accounting data'!$I$2:$I$37000,"260*",'Accounting data'!$J$2:$J$37000,"22*",'Accounting data'!$K$2:$K$37000,"63*") -> 0 | L16: =SUMIFS('Accounting data'!$G$2:$G$37000,'Accounting data'!$H$2:$H$37000,"1071*",'Accounting data'!$I$2:$I$37000,"260*",'Accounting data'!$J$2:$J$37000,"22*",'Accounting data'!$K$2:$K$37000,"66*") -> 0 | M16: =SUMIFS('Accounting data'!$G$2:$G$37000,'Accounting data'!$H$2:$H$37000,"1071*",'Accounting data'!$I$2:$I$37000,"260*",'Accounting data'!$J$2:$J$37000,"22*",'Accounting data'!$K$2:$K$37000,"68*") -> 0 | N16: 0 | O16: =SUM(I16:M16) -> 0 | Q16: 6
C17: 2300 General administration | E17: 7 | I17: =SUMIFS('Accounting data'!$G$2:$G$37000,'Accounting data'!$H$2:$H$37000,"1071*",'Accounting data'!$I$2:$I$37000,"260*",'Accounting data'!$J$2:$J$37000,"23*",'Accounting data'!$K$2:$K$37000,"61*") -> 0 | J17: =SUMIFS('Accounting data'!$G$2:$G$37000,'Accounting data'!$H$2:$H$37000,"1071*",'Accounting data'!$I$2:$I$37000,"260*",'Accounting data'!$J$2:$J$37000,"23*",'Accounting data'!$K$2:$K$37000,"62*") -> 0 | K17: =SUMIFS('Accounting data'!$G$2:$G$37000,'Accounting data'!$H$2:$H$37000,"1071*",'Accounting data'!$I$2:$I$37000,"260*",'Accounting data'!$J$2:$J$37000,"23*",'Accounting data'!$K$2:$K$37000,"63*") -> 0 | L17: =SUMIFS('Accounting data'!$G$2:$G$37000,'Accounting data'!$H$2:$H$37000,"1071*",'Accounting data'!$I$2:$I$37000,"260*",'Accounting data'!$J$2:$J$37000,"23*",'Accounting data'!$K$2:$K$37000,"66*") -> 0 | M17: =SUMIFS('Accounting data'!$G$2:$G$37000,'Accounting data'!$H$2:$H$37000,"1071*",'Accounting data'!$I$2:$I$37000,"260*",'Accounting data'!$J$2:$J$37000,"23*",'Accounting data'!$K$2:$K$37000,"68*") -> 0 | N17: 0 | O17: =SUM(I17:M17) -> 0 | Q17: 7
C18: 2400 School administration | E18: 8 | I18: =SUMIFS('Accounting data'!$G$2:$G$37000,'Accounting data'!$H$2:$H$37000,"1071*",'Accounting data'!$I$2:$I$37000,"260*",'Accounting data'!$J$2:$J$37000,"24*",'Accounting data'!$K$2:$K$37000,"61*") -> 0 | J18: =SUMIFS('Accounting data'!$G$2:$G$37000,'Accounting data'!$H$2:$H$37000,"1071*",'Accounting data'!$I$2:$I$37000,"260*",'Accounting data'!$J$2:$J$37000,"24*",'Accounting data'!$K$2:$K$37000,"62*") -> 0 | K18: =SUMIFS('Accounting data'!$G$2:$G$37000,'Accounting data'!$H$2:$H$37000,"1071*",'Accounting data'!$I$2:$I$37000,"260*",'Accounting data'!$J$2:$J$37000,"24*",'Accounting data'!$K$2:$K$37000,"63*") -> 0 | L18: =SUMIFS('Accounting data'!$G$2:$G$37000,'Accounting data'!$H$2:$H$37000,"1071*",'Accounting data'!$I$2:$I$37000,"260*",'Accounting data'!$J$2:$J$37000,"24*",'Accounting data'!$K$2:$K$37000,"66*") -> 0 | M18: =SUMIFS('Accounting data'!$G$2:$G$37000,'Accounting data'!$H$2:$H$37000,"1071*",'Accounting data'!$I$2:$I$37000,"260*",'Accounting data'!$J$2:$J$37000,"24*",'Accounting data'!$K$2:$K$37000,"68*") -> 0 | N18: 0 | O18: =SUM(I18:M18) -> 0 | Q18: 8
C19: 2500 Central services | E19: 9 | I19: =SUMIFS('Accounting data'!$G$2:$G$37000,'Accounting data'!$H$2:$H$37000,"1071*",'Accounting data'!$I$2:$I$37000,"260*",'Accounting data'!$J$2:$J$37000,"25*",'Accounting data'!$K$2:$K$37000,"61*") -> 0 | J19: =SUMIFS('Accounting data'!$G$2:$G$37000,'Accounting data'!$H$2:$H$37000,"1071*",'Accounting data'!$I$2:$I$37000,"260*",'Accounting data'!$J$2:$J$37000,"25*",'Accounting data'!$K$2:$K$37000,"62*") -> 0 | K19: =SUMIFS('Accounting data'!$G$2:$G$37000,'Accounting data'!$H$2:$H$37000,"1071*",'Accounting data'!$I$2:$I$37000,"260*",'Accounting data'!$J$2:$J$37000,"25*",'Accounting data'!$K$2:$K$37000,"63*") -> 0 | L19: =SUMIFS('Accounting data'!$G$2:$G$37000,'Accounting data'!$H$2:$H$37000,"1071*",'Accounting data'!$I$2:$I$37000,"260*",'Accounting data'!$J$2:$J$37000,"25*",'Accounting data'!$K$2:$K$37000,"66*") -> 0 | M19: =SUMIFS('Accounting data'!$G$2:$G$37000,'Accounting data'!$H$2:$H$37000,"1071*",'Accounting data'!$I$2:$I$37000,"260*",'Accounting data'!$J$2:$J$37000,"25*",'Accounting data'!$K$2:$K$37000,"68*") -> 0 | N19: 0 | O19: =SUM(I19:M19) -> 0 | Q19: 9
C20: 2600 Operation & maintenance of plant | E20: 10 | I20: =SUMIFS('Accounting data'!$G$2:$G$37000,'Accounting data'!$H$2:$H$37000,"1071*",'Accounting data'!$I$2:$I$37000,"260*",'Accounting data'!$J$2:$J$37000,"26*",'Accounting data'!$K$2:$K$37000,"61*") -> 0 | J20: =SUMIFS('Accounting data'!$G$2:$G$37000,'Accounting data'!$H$2:$H$37000,"1071*",'Accounting data'!$I$2:$I$37000,"260*",'Accounting data'!$J$2:$J$37000,"26*",'Accounting data'!$K$2:$K$37000,"62*") -> 0 | K20: =SUMIFS('Accounting data'!$G$2:$G$37000,'Accounting data'!$H$2:$H$37000,"1071*",'Accounting data'!$I$2:$I$37000,"260*",'Accounting data'!$J$2:$J$37000,"26*",'Accounting data'!$K$2:$K$37000,"63*") -> 0 | L20: =SUMIFS('Accounting data'!$G$2:$G$37000,'Accounting data'!$H$2:$H$37000,"1071*",'Accounting data'!$I$2:$I$37000,"260*",'Accounting data'!$J$2:$J$37000,"26*",'Accounting data'!$K$2:$K$37000,"66*") -> 0 | M20: =SUMIFS('Accounting data'!$G$2:$G$37000,'Accounting data'!$H$2:$H$37000,"1071*",'Accounting data'!$I$2:$I$37000,"260*",'Accounting data'!$J$2:$J$37000,"26*",'Accounting data'!$K$2:$K$37000,"68*") -> 0 | N20: 0 | O20: =SUM(I20:M20) -> 0 | Q20: 10
C21: 2900 Other support services | E21: 11 | I21: =SUMIFS('Accounting data'!$G$2:$G$37000,'Accounting data'!$H$2:$H$37000,"1071*",'Accounting data'!$I$2:$I$37000,"260*",'Accounting data'!$J$2:$J$37000,"29*",'Accounting data'!$K$2:$K$37000,"61*") -> 0 | J21: =SUMIFS('Accounting data'!$G$2:$G$37000,'Accounting data'!$H$2:$H$37000,"1071*",'Accounting data'!$I$2:$I$37000,"260*",'Accounting data'!$J$2:$J$37000,"29*",'Accounting data'!$K$2:$K$37000,"62*") -> 0 | K21: =SUMIFS('Accounting data'!$G$2:$G$37000,'Accounting data'!$H$2:$H$37000,"1071*",'Accounting data'!$I$2:$I$37000,"260*",'Accounting data'!$J$2:$J$37000,"29*",'Accounting data'!$K$2:$K$37000,"63*") -> 0 | L21: =SUMIFS('Accounting data'!$G$2:$G$37000,'Accounting data'!$H$2:$H$37000,"1071*",'Accounting data'!$I$2:$I$37000,"260*",'Accounting data'!$J$2:$J$37000,"29*",'Accounting data'!$K$2:$K$37000,"66*") -> 0 | M21: =SUMIFS('Accounting data'!$G$2:$G$37000,'Accounting data'!$H$2:$H$37000,"1071*",'Accounting data'!$I$2:$I$37000,"260*",'Accounting data'!$J$2:$J$37000,"29*",'Accounting data'!$K$2:$K$37000,"68*") -> 0 | N21: 0 | O21: =SUM(I21:M21) -> 0 | Q21: 11
B22: Program 260 subtotal (lines 4-11) | E22: 12 | I22: =SUM(I13:I21) -> 0 | J22: =SUM(J13:J21) -> 0 | K22: =SUM(K13:K21) -> 0 | L22: =SUM(L13:L21) -> 0 | M22: =SUM(M13:M21) -> 0 | N22: =SUM(N13:N21) -> 0 | O22: =SUM(O13:O21) -> 0 | Q22: 12
A23: 430 Pupil transportation—ELL incremental costs
B24: 2000 Support services
C25: 2700 Student transportation | E25: 13 | I25: =SUMIFS('Accounting data'!$G$2:$G$37000,'Accounting data'!$H$2:$H$37000,"1071*",'Accounting data'!$I$2:$I$37000,"43*",'Accounting data'!$J$2:$J$37000,"27*",'Accounting data'!$K$2:$K$37000,"61*") -> 0 | J25: =SUMIFS('Accounting data'!$G$2:$G$37000,'Accounting data'!$H$2:$H$37000,"1071*",'Accounting data'!$I$2:$I$37000,"43*",'Accounting data'!$J$2:$J$37000,"27*",'Accounting data'!$K$2:$K$37000,"62*") -> 0 | K25: =SUMIFS('Accounting data'!$G$2:$G$37000,'Accounting data'!$H$2:$H$37000,"1071*",'Accounting data'!$I$2:$I$37000,"43*",'Accounting data'!$J$2:$J$37000,"27*",'Accounting data'!$K$2:$K$37000,"63*") -> 0 | L25: =SUMIFS('Accounting data'!$G$2:$G$37000,'Accounting data'!$H$2:$H$37000,"1071*",'Accounting data'!$I$2:$I$37000,"43*",'Accounting data'!$J$2:$J$37000,"27*",'Accounting data'!$K$2:$K$37000,"66*") -> 0 | M25: =SUMIFS('Accounting data'!$G$2:$G$37000,'Accounting data'!$H$2:$H$37000,"1071*",'Accounting data'!$I$2:$I$37000,"43*",'Accounting data'!$J$2:$J$37000,"27*",'Accounting data'!$K$2:$K$37000,"68*") -> 0 | N25: 0 | O25: =SUM(I25:M25) -> 0 | Q25: 13
A26: Total (lines 12 and 13) | E26: 14 | F26: 0 | G26: 0 | H26: =H10 -> 0 | I26: =SUM(I22:I24) -> 0 | J26: =SUM(J22:J24) -> 0 | K26: =SUM(K22:K24) -> 0 | L26: =SUM(L22:L24) -> 0 | M26: =SUM(M22:M24) -> 0 | N26: =SUM(N22:N25) -> 0 | O26: =SUM(O22:O25) -> 0 | P26: =IF(G26="",F26,G26)+H26-O26 -> 0 | Q26: 14
A28: Compensatory Instruction Project—1072
A29: Revenues
B30: 3200 Restricted revenue from State sources | E30: 15 | H30: =-(SUMIFS('Accounting data'!$G$2:$G$37000,'Accounting data'!$H$2:$H$37000,"1072*",'Accounting data'!$K$2:$K$37000,"32*")) -> 0 | Q30: 15
B31: 1500 Earnings on investments | E31: 16 | H31: =-(SUMIFS('Accounting data'!$G$2:$G$37000,'Accounting data'!$H$2:$H$37000,"1072*",'Accounting data'!$K$2:$K$37000,"15*")) -> 0 | Q31: 16
A32: Total revenues (lines 15 and 16) | E32: 17 | H32: =SUM(H30:H31) -> 0 | Q32: 17
A33: Expenses
A34: 265 Special education—ELL compensatory instruction
B35: 1000 Instruction | E35: 18 | I35: =SUMIFS('Accounting data'!$G$2:$G$37000,'Accounting data'!$H$2:$H$37000,"1072*",'Accounting data'!$I$2:$I$37000,"265*",'Accounting data'!$J$2:$J$37000,"1*",'Accounting data'!$K$2:$K$37000,"61*") -> 0 | J35: =SUMIFS('Accounting data'!$G$2:$G$37000,'Accounting data'!$H$2:$H$37000,"1072*",'Accounting data'!$I$2:$I$37000,"265*",'Accounting data'!$J$2:$J$37000,"1*",'Accounting data'!$K$2:$K$37000,"62*") -> 0 | K35: =SUMIFS('Accounting data'!$G$2:$G$37000,'Accounting data'!$H$2:$H$37000,"1072*",'Accounting data'!$I$2:$I$37000,"265*",'Accounting data'!$J$2:$J$37000,"1*",'Accounting data'!$K$2:$K$37000,"63*") -> 0 | L35: =SUMIFS('Accounting data'!$G$2:$G$37000,'Accounting data'!$H$2:$H$37000,"1072*",'Accounting data'!$I$2:$I$37000,"265*",'Accounting data'!$J$2:$J$37000,"1*",'Accounting data'!$K$2:$K$37000,"66*") -> 0 | M35: =SUMIFS('Accounting data'!$G$2:$G$37000,'Accounting data'!$H$2:$H$37000,"1072*",'Accounting data'!$I$2:$I$37000,"265*",'Accounting data'!$J$2:$J$37000,"1*",'Accounting data'!$K$2:$K$37000,"68*") -> 0 | N35: 0 | O35: =SUM(I35:M35) -> 0 | Q35: 18
B36: 2000 Support services
C37: 2100 Students | E37: 19 | I37: =SUMIFS('Accounting data'!$G$2:$G$37000,'Accounting data'!$H$2:$H$37000,"1072*",'Accounting data'!$I$2:$I$37000,"265*",'Accounting data'!$J$2:$J$37000,"21*",'Accounting data'!$K$2:$K$37000,"61*") -> 0 | J37: =SUMIFS('Accounting data'!$G$2:$G$37000,'Accounting data'!$H$2:$H$37000,"1072*",'Accounting data'!$I$2:$I$37000,"265*",'Accounting data'!$J$2:$J$37000,"21*",'Accounting data'!$K$2:$K$37000,"62*") -> 0 | K37: =SUMIFS('Accounting data'!$G$2:$G$37000,'Accounting data'!$H$2:$H$37000,"1072*",'Accounting data'!$I$2:$I$37000,"265*",'Accounting data'!$J$2:$J$37000,"21*",'Accounting data'!$K$2:$K$37000,"63*") -> 0 | L37: =SUMIFS('Accounting data'!$G$2:$G$37000,'Accounting data'!$H$2:$H$37000,"1072*",'Accounting data'!$I$2:$I$37000,"265*",'Accounting data'!$J$2:$J$37000,"21*",'Accounting data'!$K$2:$K$37000,"66*") -> 0 | M37: =SUMIFS('Accounting data'!$G$2:$G$37000,'Accounting data'!$H$2:$H$37000,"1072*",'Accounting data'!$I$2:$I$37000,"265*",'Accounting data'!$J$2:$J$37000,"21*",'Accounting data'!$K$2:$K$37000,"68*") -> 0 | N37: 0 | O37: =SUM(I37:M37) -> 0 | Q37: 19
C38: 2200 Instruction | E38: 20 | I38: =SUMIFS('Accounting data'!$G$2:$G$37000,'Accounting data'!$H$2:$H$37000,"1072*",'Accounting data'!$I$2:$I$37000,"265*",'Accounting data'!$J$2:$J$37000,"22*",'Accounting data'!$K$2:$K$37000,"61*") -> 0 | J38: =SUMIFS('Accounting data'!$G$2:$G$37000,'Accounting data'!$H$2:$H$37000,"1072*",'Accounting data'!$I$2:$I$37000,"265*",'Accounting data'!$J$2:$J$37000,"22*",'Accounting data'!$K$2:$K$37000,"62*") -> 0 | K38: =SUMIFS('Accounting data'!$G$2:$G$37000,'Accounting data'!$H$2:$H$37000,"1072*",'Accounting data'!$I$2:$I$37000,"265*",'Accounting data'!$J$2:$J$37000,"22*",'Accounting data'!$K$2:$K$37000,"63*") -> 0 | L38: =SUMIFS('Accounting data'!$G$2:$G$37000,'Accounting data'!$H$2:$H$37000,"1072*",'Accounting data'!$I$2:$I$37000,"265*",'Accounting data'!$J$2:$J$37000,"22*",'Accounting data'!$K$2:$K$37000,"66*") -> 0 | M38: =SUMIFS('Accounting data'!$G$2:$G$37000,'Accounting data'!$H$2:$H$37000,"1072*",'Accounting data'!$I$2:$I$37000,"265*",'Accounting data'!$J$2:$J$37000,"22*",'Accounting data'!$K$2:$K$37000,"68*") -> 0 | N38: 0 | O38: =SUM(I38:M38) -> 0 | Q38: 20
C39: 2300 General administration | E39: 21 | I39: =SUMIFS('Accounting data'!$G$2:$G$37000,'Accounting data'!$H$2:$H$37000,"1072*",'Accounting data'!$I$2:$I$37000,"265*",'Accounting data'!$J$2:$J$37000,"23*",'Accounting data'!$K$2:$K$37000,"61*") -> 0 | J39: =SUMIFS('Accounting data'!$G$2:$G$37000,'Accounting data'!$H$2:$H$37000,"1072*",'Accounting data'!$I$2:$I$37000,"265*",'Accounting data'!$J$2:$J$37000,"23*",'Accounting data'!$K$2:$K$37000,"62*") -> 0 | K39: =SUMIFS('Accounting data'!$G$2:$G$37000,'Accounting data'!$H$2:$H$37000,"1072*",'Accounting data'!$I$2:$I$37000,"265*",'Accounting data'!$J$2:$J$37000,"23*",'Accounting data'!$K$2:$K$37000,"63*") -> 0 | L39: =SUMIFS('Accounting data'!$G$2:$G$37000,'Accounting data'!$H$2:$H$37000,"1072*",'Accounting data'!$I$2:$I$37000,"265*",'Accounting data'!$J$2:$J$37000,"23*",'Accounting data'!$K$2:$K$37000,"66*") -> 0 | M39: =SUMIFS('Accounting data'!$G$2:$G$37000,'Accounting data'!$H$2:$H$37000,"1072*",'Accounting data'!$I$2:$I$37000,"265*",'Accounting data'!$J$2:$J$37000,"23*",'Accounting data'!$K$2:$K$37000,"68*") -> 0 | N39: 0 | O39: =SUM(I39:M39) -> 0 | Q39: 21
C40: 2400 School administration | E40: 22 | I40: =SUMIFS('Accounting data'!$G$2:$G$37000,'Accounting data'!$H$2:$H$37000,"1072*",'Accounting data'!$I$2:$I$37000,"265*",'Accounting data'!$J$2:$J$37000,"24*",'Accounting data'!$K$2:$K$37000,"61*") -> 0 | J40: =SUMIFS('Accounting data'!$G$2:$G$37000,'Accounting data'!$H$2:$H$37000,"1072*",'Accounting data'!$I$2:$I$37000,"265*",'Accounting data'!$J$2:$J$37000,"24*",'Accounting data'!$K$2:$K$37000,"62*") -> 0 | K40: =SUMIFS('Accounting data'!$G$2:$G$37000,'Accounting data'!$H$2:$H$37000,"1072*",'Accounting data'!$I$2:$I$37000,"265*",'Accounting data'!$J$2:$J$37000,"24*",'Accounting data'!$K$2:$K$37000,"63*") -> 0 | L40: =SUMIFS('Accounting data'!$G$2:$G$37000,'Accounting data'!$H$2:$H$37000,"1072*",'Accounting data'!$I$2:$I$37000,"265*",'Accounting data'!$J$2:$J$37000,"24*",'Accounting data'!$K$2:$K$37000,"66*") -> 0 | M40: =SUMIFS('Accounting data'!$G$2:$G$37000,'Accounting data'!$H$2:$H$37000,"1072*",'Accounting data'!$I$2:$I$37000,"265*",'Accounting data'!$J$2:$J$37000,"24*",'Accounting data'!$K$2:$K$37000,"68*") -> 0 | N40: 0 | O40: =SUM(I40:M40) -> 0 | Q40: 22
C41: 2500 Central services | E41: 23 | I41: =SUMIFS('Accounting data'!$G$2:$G$37000,'Accounting data'!$H$2:$H$37000,"1072*",'Accounting data'!$I$2:$I$37000,"265*",'Accounting data'!$J$2:$J$37000,"25*",'Accounting data'!$K$2:$K$37000,"61*") -> 0 | J41: =SUMIFS('Accounting data'!$G$2:$G$37000,'Accounting data'!$H$2:$H$37000,"1072*",'Accounting data'!$I$2:$I$37000,"265*",'Accounting data'!$J$2:$J$37000,"25*",'Accounting data'!$K$2:$K$37000,"62*") -> 0 | K41: =SUMIFS('Accounting data'!$G$2:$G$37000,'Accounting data'!$H$2:$H$37000,"1072*",'Accounting data'!$I$2:$I$37000,"265*",'Accounting data'!$J$2:$J$37000,"25*",'Accounting data'!$K$2:$K$37000,"63*") -> 0 | L41: =SUMIFS('Accounting data'!$G$2:$G$37000,'Accounting data'!$H$2:$H$37000,"1072*",'Accounting data'!$I$2:$I$37000,"265*",'Accounting data'!$J$2:$J$37000,"25*",'Accounting data'!$K$2:$K$37000,"66*") -> 0 | M41: =SUMIFS('Accounting data'!$G$2:$G$37000,'Accounting data'!$H$2:$H$37000,"1072*",'Accounting data'!$I$2:$I$37000,"265*",'Accounting data'!$J$2:$J$37000,"25*",'Accounting data'!$K$2:$K$37000,"68*") -> 0 | N41: 0 | O41: =SUM(I41:M41) -> 0 | Q41: 23
C42: 2600 Operation & maintenance of plant | E42: 24 | I42: =SUMIFS('Accounting data'!$G$2:$G$37000,'Accounting data'!$H$2:$H$37000,"1072*",'Accounting data'!$I$2:$I$37000,"265*",'Accounting data'!$J$2:$J$37000,"26*",'Accounting data'!$K$2:$K$37000,"61*") -> 0 | J42: =SUMIFS('Accounting data'!$G$2:$G$37000,'Accounting data'!$H$2:$H$37000,"1072*",'Accounting data'!$I$2:$I$37000,"265*",'Accounting data'!$J$2:$J$37000,"26*",'Accounting data'!$K$2:$K$37000,"62*") -> 0 | K42: =SUMIFS('Accounting data'!$G$2:$G$37000,'Accounting data'!$H$2:$H$37000,"1072*",'Accounting data'!$I$2:$I$37000,"265*",'Accounting data'!$J$2:$J$37000,"26*",'Accounting data'!$K$2:$K$37000,"63*") -> 0 | L42: =SUMIFS('Accounting data'!$G$2:$G$37000,'Accounting data'!$H$2:$H$37000,"1072*",'Accounting data'!$I$2:$I$37000,"265*",'Accounting data'!$J$2:$J$37000,"26*",'Accounting data'!$K$2:$K$37000,"66*") -> 0 | M42: =SUMIFS('Accounting data'!$G$2:$G$37000,'Accounting data'!$H$2:$H$37000,"1072*",'Accounting data'!$I$2:$I$37000,"265*",'Accounting data'!$J$2:$J$37000,"26*",'Accounting data'!$K$2:$K$37000,"68*") -> 0 | N42: 0 | O42: =SUM(I42:M42) -> 0 | Q42: 24
C43: 2900 Other support services | E43: 25 | I43: =SUMIFS('Accounting data'!$G$2:$G$37000,'Accounting data'!$H$2:$H$37000,"1072*",'Accounting data'!$I$2:$I$37000,"265*",'Accounting data'!$J$2:$J$37000,"29*",'Accounting data'!$K$2:$K$37000,"61*") -> 0 | J43: =SUMIFS('Accounting data'!$G$2:$G$37000,'Accounting data'!$H$2:$H$37000,"1072*",'Accounting data'!$I$2:$I$37000,"265*",'Accounting data'!$J$2:$J$37000,"29*",'Accounting data'!$K$2:$K$37000,"62*") -> 0 | K43: =SUMIFS('Accounting data'!$G$2:$G$37000,'Accounting data'!$H$2:$H$37000,"1072*",'Accounting data'!$I$2:$I$37000,"265*",'Accounting data'!$J$2:$J$37000,"29*",'Accounting data'!$K$2:$K$37000,"63*") -> 0 | L43: =SUMIFS('Accounting data'!$G$2:$G$37000,'Accounting data'!$H$2:$H$37000,"1072*",'Accounting data'!$I$2:$I$37000,"265*",'Accounting data'!$J$2:$J$37000,"29*",'Accounting data'!$K$2:$K$37000,"66*") -> 0 | M43: =SUMIFS('Accounting data'!$G$2:$G$37000,'Accounting data'!$H$2:$H$37000,"1072*",'Accounting data'!$I$2:$I$37000,"265*",'Accounting data'!$J$2:$J$37000,"29*",'Accounting data'!$K$2:$K$37000,"68*") -> 0 | N43: 0 | O43: =SUM(I43:M43) -> 0 | Q43: 25
B44: Program 265 subtotal (lines 18-25) | E44: 26 | I44: =SUM(I35:I43) -> 0 | J44: =SUM(J35:J43) -> 0 | K44: =SUM(K35:K43) -> 0 | L44: =SUM(L35:L43) -> 0 | M44: =SUM(M35:M43) -> 0 | N44: =SUM(N35:N43) -> 0 | O44: =SUM(O35:O43) -> 0 | Q44: 26
A45: 435 Pupil Trans.—ELL compensatory instruction
B46: 2000 Support services
C47: 2700 Student transportation | E47: 27 | I47: =SUMIFS('Accounting data'!$G$2:$G$37000,'Accounting data'!$H$2:$H$37000,"1072*",'Accounting data'!$I$2:$I$37000,"435*",'Accounting data'!$J$2:$J$37000,"27*",'Accounting data'!$K$2:$K$37000,"61*") -> 0 | J47: =SUMIFS('Accounting data'!$G$2:$G$37000,'Accounting data'!$H$2:$H$37000,"1072*",'Accounting data'!$I$2:$I$37000,"435*",'Accounting data'!$J$2:$J$37000,"27*",'Accounting data'!$K$2:$K$37000,"62*") -> 0 | K47: =SUMIFS('Accounting data'!$G$2:$G$37000,'Accounting data'!$H$2:$H$37000,"1072*",'Accounting data'!$I$2:$I$37000,"435*",'Accounting data'!$J$2:$J$37000,"27*",'Accounting data'!$K$2:$K$37000,"63*") -> 0 | L47: =SUMIFS('Accounting data'!$G$2:$G$37000,'Accounting data'!$H$2:$H$37000,"1072*",'Accounting data'!$I$2:$I$37000,"435*",'Accounting data'!$J$2:$J$37000,"27*",'Accounting data'!$K$2:$K$37000,"66*") -> 0 | M47: =SUMIFS('Accounting data'!$G$2:$G$37000,'Accounting data'!$H$2:$H$37000,"1072*",'Accounting data'!$I$2:$I$37000,"435*",'Accounting data'!$J$2:$J$37000,"27*",'Accounting data'!$K$2:$K$37000,"68*") -> 0 | N47: 0 | O47: =SUM(I47:M47) -> 0 | Q47: 27
A48: Total (lines 26 and 27) | E48: 28 | F48: 0 | G48: 0 | H48: =H32 -> 0 | I48: =SUM(I44:I47) -> 0 | J48: =SUM(J44:J47) -> 0 | K48: =SUM(K44:K47) -> 0 | L48: =SUM(L44:L47) -> 0 | M48: =SUM(M44:M47) -> 0 | N48: =SUM(N44:N47) -> 0 | O48: =SUM(O44:O47) -> 0 | P48: =IF(G48="",F48,G48)+H48-O48 -> 0 | Q48: 28

Sheet Page 6
A1: Charter school | C1: ='Cover Page'!D1 -> Edge School, Inc., The | I1: County | L1: ='Cover Page'!M1 -> Pima | T1: CTDS number | U1: ='Cover Page'!R1 -> 108653000
A4: Supplementary information
D5: July 1, 2025 | F5: June 30, 2026
A6: A. | B6: Cash balance | C6: $ | D6: 294278 | E6: $ | F6: 261289 | I6: F. | J6: 1. | K6: Number of full-time equivalent certified teachers | T6: 4
J7: 2. | K7: Number of full-time equivalent noncertified teachers | T7: 5 | AA7: =IF(OR(CashBal="",F9="",G9="",F10="",G10="",G14="",G15="",G16="",G17="",G18="",G19="",F23="",F24="",F25="",F26="",F27="",F28="",G33="",G34="",G35="",G36="",G38="",G40=""),"yes","")
A8: B. | B8: Audit services | F8: Budget | G8: Actual | J8: 3. | K8: Number of full-time equivalent contract teachers | T8: 0 | AA8: =IF(OR(T6="",T7="",T8="",T9="",T10="",T11="",T12="",T13="",T29=""),"yes","")
B9: 1. Nonfederal | F9: 10000 | G9: 10555 | J9: 4. | K9: Number of schools | T9: 2 | AA9: =IF(OR(M19="",P19="",R19="",S19="",T19="",M20="",P20="",R20="",S20="",T20="",M21="",P21="",R21="",S21="",T21="",M22="",P22="",R22="",S22="",T22="",M24="",P24="",R24="",S24="",T24=""),"yes","")
B10: 2. Federal | F10: 0 | G10: 0 | J10: 5. | K10: Actual days in session | T10: 180 | AA10: =IF(AND(AA7="",AA8="",AA9=""),"","yes")
B11: 3. Total (lines 1 and 2) | F11: =SUM(F9:F10) -> 10000 | G11: =SUM(G9:G10) -> 10555 | J11: 6. | K11: Tuition expense (except payments to other Arizona schools or districts) | S11: $ | T11: 0
J12: 7. | K12: Tuition expense (paid to other Arizona schools or districts) | S12: $ | T12: 0
A13: C. | B13: Capital acquisitions | F13: Budget | G13: Actual | J13: 8. | K13: Textbooks (function 1000, object code 6642) | S13: $ | T13: 0
B14: 1. 0181 Intangible assets | F14: 0 | G14: 0
B15: 2. 0191 Land and land improvements | F15: 0 | G15: 0
B16: 3. 0192 Site improvements | F16: 0 | G16: 0 | M16: Certified | P16: Noncertified | R16: Certified | S16: Noncertified | T16: Contract
B17: 4. 0194 Buildings and building improvements | F17: 0 | G17: 0 | I17: G. | J17: Teacher salaries | M17: teachers | P17: teachers | R17: substitutes | S17: substitutes | T17: teachers
B18: 5. 0196 Equipment | F18: 15000 | G18: 8130 | J18: (function 1000) | M18: (object 6112) | P18: (object 6152) | R18: (object 6113) | S18: (object 6153) | T18: (object 6325)
B19: 6. 0198 Construction in progress | F19: 0 | G19: 0 | J19: 1. | K19: Regular education | M19: 105600 | P19: 237450 | R19: 0 | S19: 2335 | T19: 0
B20: 7. Total capital acquisitions (lines 1-6) | F20: =SUM(F14:F19) -> 15000 | G20: =SUM(G14:G19) -> 8130 | J20: 2. | K20: Special education | M20: 113835 | P20: 0 | R20: 0 | S20: 2675 | T20: 0
J21: 3. | K21: Vocational education | M21: 0 | P21: 0 | R21: 0 | S21: 0 | T21: 0
A22: D. | B22: Investment in capital assets as of June 30, 2026 | J22: 4. | K22: Other programs | M22: 0 | P22: 0 | R22: 0 | S22: 0 | T22: 0
B23: 1. 0181 Intangible assets | E23: $ | F23: 0 | J23: 5. | K23: Cocurr. act., athletics, & other (program 600)
B24: 2. 0191 Land and land improvements | E24: $ | F24: 420000 | M24: 0 | P24: 0 | R24: 0 | S24: 0 | T24: 0
B25: 3. 0192 Site improvements | E25: $ | F25: 123094
B26: 4. 0194 Buildings and building improvements | E26: $ | F26: 3766025
B27: 5. 0196 Equipment | E27: $ | F27: 121902 | I27: H. | J27: Average teacher salary (A.R.S. §15-189.05, as added by Laws 2018, Ch. 285, §3)
B28: 6. 0198 Construction in progress | E28: $ | F28: 0 | L28: Check box if the Charter was new and began operations in FY 2026.
B29: 7. Total (lines 1-6) | E29: $ | F29: =SUM(F23:F28) -> 4431021 | J29: 1. | K29: Average salary of all teachers employed in FY 2026 | S29: $ | T29: 52606
J30: 2. | K30: Average salary of all teachers employed in FY 2025 | S30: $ | T30: 53837
A31: E. | B31: Current expenses by category | J31: 3. | K31: Increase in average teacher salary from FY 2025 | S31: $ | T31: =T29-T30 -> -1231
B32: 1. Classroom instruction excluding classroom supplies (function 1000, | J32: 4. | K32: Percentage increase | S32: $ | T32: =IF(PriorYearSalary>0,T31/T30,0) -> -0.023
B33: except line 2 amount) | F33: $ | G33: 670680 | H33: =IF('Page 2'!J48=0,"",IF(OR(G36<=0),"The Charter did not report any current expenses for student support services on line 4. If the Charter did not have any expense, verify by checking the box in A16 on the Cover Page.",""))
B34: 2. Classroom supplies (function 1000, object code 6600) | F34: $ | G34: 47367
B35: 3. Administration (functions 2300, 2400, 2500, and 2900) | F35: $ | G35: 426193 | K35: Comments on average salary calculation (optional):
B36: 4. Support services—students (function 2100) | F36: $ | G36: 271641 | K36: The average salary decreased as three positions were replaced with new staff at a lower beginning salary based on years of experience. In addition, one higher salary position was eliminated.
B37: 5. All other support services and operations (functions 2200, 2600,
B38: 2700, 3100, and 3400) | F38: $ | G38: 472388
B39: 6. Total (lines 1-5) | F39: $ | G39: =SUM(G33:G38) -> 1888269
B40: 7. Current expenses from federal sources | F40: $ | G40: 126277
B41: 8. Current expenses from State and local sources | F41: $ | G41: =G39-G40 -> 1761992

Sheet Page 7
A1: Charter school | D1: ='Cover Page'!D1 -> Edge School, Inc., The | K1: County | L1: ='Cover Page'!M1 -> Pima | U1: CTDS number | V1: ='Cover Page'!R1 -> 108653000
A3: Supplementary information (Cont’d)
A5: A. Enrollment of gifted pupils by grade
E6: Grade
B7: Areas of identification | E7: K | F7: 1 | G7: 2 | H7: 3 | I7: 4 | J7: 5 | K7: 6 | L7: 7 | M7: 8 | N7: 9 | O7: 10 | P7: 11 | Q7: 12 | R7: Total
B8: 1. Quantitative reasoning | E8: 0 | F8: 0 | G8: 0 | H8: 0 | I8: 0 | J8: 0 | K8: 0 | L8: 0 | M8: 0 | N8: 0 | O8: 0 | P8: 0 | Q8: 0 | R8: =SUM(E8:Q8) -> 0 | S8: 1. | AA8: =IF(OR(E8="",F8="",G8="",H8="",I8="",J8="",K8="",L8="",M8="",N8="",O8="",P8="",Q8="",E9="",F9="",G9="",H9="",I9="",J9="",K9="",L9="",M9="",N9="",O9="",P9="",Q9=""),"yes","")
B9: 2. Verbal reasoning | E9: 0 | F9: 0 | G9: 0 | H9: 0 | I9: 0 | J9: 0 | K9: 0 | L9: 0 | M9: 0 | N9: 0 | O9: 0 | P9: 0 | Q9: 0 | R9: =SUM(E9:Q9) -> 0 | S9: 2. | AA9: =IF(OR(E10="",F10="",G10="",H10="",I10="",J10="",K10="",L10="",M10="",N10="",O10="",P10="",Q10=""),"yes","")
B10: 3. Nonverbal reasoning | E10: 0 | F10: 0 | G10: 0 | H10: 0 | I10: 0 | J10: 0 | K10: 0 | L10: 0 | M10: 0 | N10: 0 | O10: 0 | P10: 0 | Q10: 0 | R10: =SUM(E10:Q10) -> 0 | S10: 3.
B11: 4. Total duplicated enrollment | E11: =SUM(E8:E10) -> 0 | F11: =SUM(F8:F10) -> 0 | G11: =SUM(G8:G10) -> 0 | H11: =SUM(H8:H10) -> 0 | I11: =SUM(I8:I10) -> 0 | J11: =SUM(J8:J10) -> 0 | K11: =SUM(K8:K10) -> 0 | L11: =SUM(L8:L10) -> 0 | ... Q11: =SUM(Q8:Q10) -> 0 | R11: =SUM(E11:Q11) -> 0 | AA11: =IF(OR(D17="",D18="",T16="",T17="",T18="",T19="",T20="",T21="",T22="",T25=""),"yes","")
B12: (lines 1-3) | S12: 4. | AA12: =IF(AND(AA8="",AA9="",AA11=""),"","yes")
A14: B. Expenses for gifted pupils
B15: (elementary & secondary) | K15: C. Special education programs by type | S15: Program 200 budget | T15: Program 200 actual
B16: Actual expenses for all gifted programs: | K16: 1. | L16: Total all disability classifications | S16: 200939 | T16: 194587.27 | U16: 1.
B17: K-8 | C17: $ | D17: 0 | K17: 2. | L17: Gifted education | S17: 0 | T17: 0 | U17: 2.
B18: 9-12 | C18: $ | D18: 0 | K18: 3. | L18: ELL incremental costs | S18: 0 | T18: 0 | U18: 3.
B19: Total | C19: $ | D19: =SUM(D17:D18) -> 0 | K19: 4. | L19: ELL compensatory instruction | S19: 0 | T19: 0 | U19: 4.
K20: 5. | L20: Remedial education | S20: 0 | T20: 0 | U20: 5.
K21: 6. | L21: Vocational and technical education | S21: 0 | T21: 0 | U21: 6.
K22: 7. | L22: Career education | S22: 0 | T22: 0 | U22: 7.
K23: 8. | L23: Total (lines 1-7) | S23: =SUM(S16:S22) -> 200939 | T23: =SUM(T16:T22) -> 194587 | U23: 8.
K25: 9. | L25: Expenses incurred for transporting students with disabilities (as defined in A.R.S. §15-761) unique to the IEP | S25: 0 | T25: 0 | U25: 9.
K28: D. Special Education Current Expenditures | T28: Amount
K29: 1. | L29: Current expenditures for public elementary-secondary special education programs (All Projects, Program 200, Functions 1000-3100, Objects 6100-6600, 6810, 6820, and 6890, excluding 6511, 6512, 6591, and 6592) | T29: 223099 | U29: 1.
K30: 2. | L30: Instructional expenditures for public elementary-secondary special education programs (All Projects, Program 200, Function 1000, Objects 6100-6600, 6810, and 6890, excluding 6591 and 6592) | T30: 172626 | U30: 2.
K31: 3. | L31: Student support services expenditures for public elementary-secondary special education programs (All Projects, Program 200, Function 2100, Objects 6100-6600, 6810, and 6890, excluding 6591 and 6592) | T31: 35876 | U31: 3.
K32: 4. | L32: Instructional staff support services expenditures for public elementary-secondary special education programs (All Projects, Program 200, Function 2200, Objects 6100-6600, 6810, and 6890, excluding 6591 and 6592) | T32: 14596 | U32: 4.
K33: 5. | L33: Student transportation expenditures for public elementary-secondary special education programs (All Projects, Program 400, Objects 6100-6600, 6810, and 6890, excluding 6591 and 6592) | T33: 0 | U33: 5.

Sheet Page 8
A1: Charter school | B1: ='Cover Page'!D1 -> Edge School, Inc., The | G1: County | H1: ='Cover Page'!M1 -> Pima | M1: CTDS number | N1: ='Cover Page'!R1 -> 108653000
A3: Federal and State projects | E3: PY ending | F3: Final CY | H3: Indirect | L3: Redemption | M3: Capital | N3: Ending
B4: Instructions | E4: project | F4: Beginning | G4: Revenue | H4: costs | I4: Reversions | J4: Expenses | L4: of | M4: acquisitions | N4: balance
A5: Federal projects | E5: balance | F5: Project Balance | G5: actual | H5: actual | I5: actual | J5: Budget | K5: Actual | L5: principal | M5: actual | N5: actual
A6: 1100-1130 ESEA Title I—Helping Disadvantaged Children | D6: 1. | E6: 0 | F6: 0 | G6: =-(SUMIFS('Accounting data'!$G$2:$G$37000,'Accounting data'!$H$2:$H$37000,"1100*",'Accounting data'!$K$2:$K$37000,"1*")+SUMIFS('Accounting data'!$G$2:$G$37000,'Accounting data'!$H$2:$H$37000,"1100*",'Accounting data'!$K$2:$K$37000,"2*")+SUMIFS('Accounting data'!$G$2:$G$37000,'Accounting data'!$H$2:$H$37000,"1100*",'Accounting data'!$K$2:$K$37000,"3*")+SUMIFS('Accounting data'!$G$2:$G$37000,'Accounting data'!$H$2:$H$37000,"1100*",'Accounting data'!$K$2:$K$37000,"4*")+SUMIFS('Accounting data'!$G$2:$G$37000,'Accounting data'!$H$2:$H$37000,"1100*",'Accounting data'!$K$2:$K$37000,"Other*")) -> 48749 | H6: =SUMIFS('Accounting data'!$G$2:$G$37000,'Accounting data'!$H$2:$H$37000,"1100*",'Accounting data'!$K$2:$K$37000,"69*") -> 3997 | I6: 0 | J6: 45875 | K6: =SUMIFS('Accounting data'!$G$2:$G$37000,'Accounting data'!$H$2:$H$37000,"1100*",'Accounting data'!$K$2:$K$37000,"6*")-SUMIFS('Accounting data'!$G$2:$G$37000,'Accounting data'!$H$2:$H$37000,"1100*",'Accounting data'!$K$2:$K$37000,"69*")-SUMIFS('Accounting data'!$G$2:$G$37000,'Accounting data'!$H$2:$H$37000,"1100*",'Accounting data'!$K$2:$K$37000,"67*") -> 44752 | M6: 0 | N6: =SUM(IF(F6="",E6,F6)+G6-H6-I6-K6-M6) -> 0 | O6: 1. | AC6: =IF(OR(I6="",I7="",I8="",I9="",I10="",I11="",I12="",I13="",I14="",I15="",I16="",I17="",I18="",I19="",I20="",I21="",I22=""),"yes","")
A7: 1140-1150 ESEA Title II—Prof. Dev. And Technology | D7: 2. | E7: 0 | F7: 0 | G7: =-(SUMIFS('Accounting data'!$G$2:$G$37000,'Accounting data'!$H$2:$H$37000,"1140*",'Accounting data'!$K$2:$K$37000,"1*")+SUMIFS('Accounting data'!$G$2:$G$37000,'Accounting data'!$H$2:$H$37000,"1140*",'Accounting data'!$K$2:$K$37000,"2*")+SUMIFS('Accounting data'!$G$2:$G$37000,'Accounting data'!$H$2:$H$37000,"1140*",'Accounting data'!$K$2:$K$37000,"3*")+SUMIFS('Accounting data'!$G$2:$G$37000,'Accounting data'!$H$2:$H$37000,"1140*",'Accounting data'!$K$2:$K$37000,"4*")+SUMIFS('Accounting data'!$G$2:$G$37000,'Accounting data'!$H$2:$H$37000,"1140*",'Accounting data'!$K$2:$K$37000,"Other*")) -> 0 | H7: =SUMIFS('Accounting data'!$G$2:$G$37000,'Accounting data'!$H$2:$H$37000,"1140*",'Accounting data'!$K$2:$K$37000,"69*") -> 0 | I7: 0 | J7: 0 | K7: =SUMIFS('Accounting data'!$G$2:$G$37000,'Accounting data'!$H$2:$H$37000,"1140*",'Accounting data'!$K$2:$K$37000,"6*")-SUMIFS('Accounting data'!$G$2:$G$37000,'Accounting data'!$H$2:$H$37000,"1140*",'Accounting data'!$K$2:$K$37000,"69*")-SUMIFS('Accounting data'!$G$2:$G$37000,'Accounting data'!$H$2:$H$37000,"1140*",'Accounting data'!$K$2:$K$37000,"67*") -> 0 | M7: 0 | N7: =SUM(IF(F7="",E7,F7)+G7-H7-I7-K7-M7) -> 0 | O7: 2. | AC7: =IF(OR(M6="",M7="",M8="",M9="",M10="",M11="",M12="",M13="",M14="",M15="",M16="",M17="",M18="",M19="",M20="",M21="",M22=""),"yes","")
A8: 1160 ESEA Title IV—21st Century Schools | D8: 3. | E8: 0 | F8: 0 | G8: =-(SUMIFS('Accounting data'!$G$2:$G$37000,'Accounting data'!$H$2:$H$37000,"1160*",'Accounting data'!$K$2:$K$37000,"1*")+SUMIFS('Accounting data'!$G$2:$G$37000,'Accounting data'!$H$2:$H$37000,"1160*",'Accounting data'!$K$2:$K$37000,"2*")+SUMIFS('Accounting data'!$G$2:$G$37000,'Accounting data'!$H$2:$H$37000,"1160*",'Accounting data'!$K$2:$K$37000,"3*")+SUMIFS('Accounting data'!$G$2:$G$37000,'Accounting data'!$H$2:$H$37000,"1160*",'Accounting data'!$K$2:$K$37000,"4*")+SUMIFS('Accounting data'!$G$2:$G$37000,'Accounting data'!$H$2:$H$37000,"1160*",'Accounting data'!$K$2:$K$37000,"Other*")) -> 10000 | H8: =SUMIFS('Accounting data'!$G$2:$G$37000,'Accounting data'!$H$2:$H$37000,"1160*",'Accounting data'!$K$2:$K$37000,"69*") -> 0 | I8: 0 | J8: 10000 | K8: =SUMIFS('Accounting data'!$G$2:$G$37000,'Accounting data'!$H$2:$H$37000,"1160*",'Accounting data'!$K$2:$K$37000,"6*")-SUMIFS('Accounting data'!$G$2:$G$37000,'Accounting data'!$H$2:$H$37000,"1160*",'Accounting data'!$K$2:$K$37000,"69*")-SUMIFS('Accounting data'!$G$2:$G$37000,'Accounting data'!$H$2:$H$37000,"1160*",'Accounting data'!$K$2:$K$37000,"67*") -> 10000 | M8: 0 | N8: =SUM(IF(F8="",E8,F8)+G8-H8-I8-K8-M8) -> 0 | O8: 3. | AC8: =IF(OR(I25="",J25="",M25=""),"yes","") -> yes
A9: 1170-1180 ESEA Title V—Promote Informed Parent Choice | D9: 4. | E9: 0 | F9: 0 | G9: =-(SUMIFS('Accounting data'!$G$2:$G$37000,'Accounting data'!$H$2:$H$37000,"1170*",'Accounting data'!$K$2:$K$37000,"1*")+SUMIFS('Accounting data'!$G$2:$G$37000,'Accounting data'!$H$2:$H$37000,"1170*",'Accounting data'!$K$2:$K$37000,"2*")+SUMIFS('Accounting data'!$G$2:$G$37000,'Accounting data'!$H$2:$H$37000,"1170*",'Accounting data'!$K$2:$K$37000,"3*")+SUMIFS('Accounting data'!$G$2:$G$37000,'Accounting data'!$H$2:$H$37000,"1170*",'Accounting data'!$K$2:$K$37000,"4*")+SUMIFS('Accounting data'!$G$2:$G$37000,'Accounting data'!$H$2:$H$37000,"1170*",'Accounting data'!$K$2:$K$37000,"Other*")) -> 0 | H9: =SUMIFS('Accounting data'!$G$2:$G$37000,'Accounting data'!$H$2:$H$37000,"1170*",'Accounting data'!$K$2:$K$37000,"69*") -> 0 | I9: 0 | J9: 0 | K9: =SUMIFS('Accounting data'!$G$2:$G$37000,'Accounting data'!$H$2:$H$37000,"1170*",'Accounting data'!$K$2:$K$37000,"6*")-SUMIFS('Accounting data'!$G$2:$G$37000,'Accounting data'!$H$2:$H$37000,"1170*",'Accounting data'!$K$2:$K$37000,"69*")-SUMIFS('Accounting data'!$G$2:$G$37000,'Accounting data'!$H$2:$H$37000,"1170*",'Accounting data'!$K$2:$K$37000,"67*") -> 0 | M9: 0 | N9: =SUM(IF(F9="",E9,F9)+G9-H9-I9-K9-M9) -> 0 | O9: 4. | AC9: =IF(OR(I28="",I29="",I30="",I31="",I32="",I33="",I34="",I35="",I36="",I37="",I38="",I39=""),"yes","")
A10: 1190 ESEA Title III—Limited Eng. & Immigrant Students | D10: 5. | E10: 0 | F10: 0 | G10: =-(SUMIFS('Accounting data'!$G$2:$G$37000,'Accounting data'!$H$2:$H$37000,"1190*",'Accounting data'!$K$2:$K$37000,"1*")+SUMIFS('Accounting data'!$G$2:$G$37000,'Accounting data'!$H$2:$H$37000,"1190*",'Accounting data'!$K$2:$K$37000,"2*")+SUMIFS('Accounting data'!$G$2:$G$37000,'Accounting data'!$H$2:$H$37000,"1190*",'Accounting data'!$K$2:$K$37000,"3*")+SUMIFS('Accounting data'!$G$2:$G$37000,'Accounting data'!$H$2:$H$37000,"1190*",'Accounting data'!$K$2:$K$37000,"4*")+SUMIFS('Accounting data'!$G$2:$G$37000,'Accounting data'!$H$2:$H$37000,"1190*",'Accounting data'!$K$2:$K$37000,"Other*")) -> 0 | H10: =SUMIFS('Accounting data'!$G$2:$G$37000,'Accounting data'!$H$2:$H$37000,"1190*",'Accounting data'!$K$2:$K$37000,"69*") -> 0 | I10: 0 | J10: 0 | K10: =SUMIFS('Accounting data'!$G$2:$G$37000,'Accounting data'!$H$2:$H$37000,"1190*",'Accounting data'!$K$2:$K$37000,"6*")-SUMIFS('Accounting data'!$G$2:$G$37000,'Accounting data'!$H$2:$H$37000,"1190*",'Accounting data'!$K$2:$K$37000,"69*")-SUMIFS('Accounting data'!$G$2:$G$37000,'Accounting data'!$H$2:$H$37000,"1190*",'Accounting data'!$K$2:$K$37000,"67*") -> 0 | M10: 0 | N10: =SUM(IF(F10="",E10,F10)+G10-H10-I10-K10-M10) -> 0 | O10: 5. | AC10: =IF(OR(M28="",M29="",M30="",M31="",M32="",M33="",M34="",M35="",M36="",M37="",M38="",M39=""),"yes","")
A11: 1200 ESEA Title VII—Indian Education | D11: 6. | E11: 0 | F11: 0 | G11: =-(SUMIFS('Accounting data'!$G$2:$G$37000,'Accounting data'!$H$2:$H$37000,"1200*",'Accounting data'!$K$2:$K$37000,"1*")+SUMIFS('Accounting data'!$G$2:$G$37000,'Accounting data'!$H$2:$H$37000,"1200*",'Accounting data'!$K$2:$K$37000,"2*")+SUMIFS('Accounting data'!$G$2:$G$37000,'Accounting data'!$H$2:$H$37000,"1200*",'Accounting data'!$K$2:$K$37000,"3*")+SUMIFS('Accounting data'!$G$2:$G$37000,'Accounting data'!$H$2:$H$37000,"1200*",'Accounting data'!$K$2:$K$37000,"4*")+SUMIFS('Accounting data'!$G$2:$G$37000,'Accounting data'!$H$2:$H$37000,"1200*",'Accounting data'!$K$2:$K$37000,"Other*")) -> 0 | H11: =SUMIFS('Accounting data'!$G$2:$G$37000,'Accounting data'!$H$2:$H$37000,"1200*",'Accounting data'!$K$2:$K$37000,"69*") -> 0 | I11: 0 | J11: 0 | K11: =SUMIFS('Accounting data'!$G$2:$G$37000,'Accounting data'!$H$2:$H$37000,"1200*",'Accounting data'!$K$2:$K$37000,"6*")-SUMIFS('Accounting data'!$G$2:$G$37000,'Accounting data'!$H$2:$H$37000,"1200*",'Accounting data'!$K$2:$K$37000,"69*")-SUMIFS('Accounting data'!$G$2:$G$37000,'Accounting data'!$H$2:$H$37000,"1200*",'Accounting data'!$K$2:$K$37000,"67*") -> 0 | M11: 0 | N11: =SUM(IF(F11="",E11,F11)+G11-H11-I11-K11-M11) -> 0 | O11: 6. | AC11: =IF(AND(AC6="",AC8="",AC9="",AC7="",AC10=""),"","yes") -> yes
A12: 1210 ESEA Title VI—Flexibility and Accountability | D12: 7. | E12: 0 | F12: 0 | G12: =-(SUMIFS('Accounting data'!$G$2:$G$37000,'Accounting data'!$H$2:$H$37000,"1210*",'Accounting data'!$K$2:$K$37000,"1*")+SUMIFS('Accounting data'!$G$2:$G$37000,'Accounting data'!$H$2:$H$37000,"1210*",'Accounting data'!$K$2:$K$37000,"2*")+SUMIFS('Accounting data'!$G$2:$G$37000,'Accounting data'!$H$2:$H$37000,"1210*",'Accounting data'!$K$2:$K$37000,"3*")+SUMIFS('Accounting data'!$G$2:$G$37000,'Accounting data'!$H$2:$H$37000,"1210*",'Accounting data'!$K$2:$K$37000,"4*")+SUMIFS('Accounting data'!$G$2:$G$37000,'Accounting data'!$H$2:$H$37000,"1210*",'Accounting data'!$K$2:$K$37000,"Other*")) -> 0 | H12: =SUMIFS('Accounting data'!$G$2:$G$37000,'Accounting data'!$H$2:$H$37000,"1210*",'Accounting data'!$K$2:$K$37000,"69*") -> 0 | I12: 0 | J12: 0 | K12: =SUMIFS('Accounting data'!$G$2:$G$37000,'Accounting data'!$H$2:$H$37000,"1210*",'Accounting data'!$K$2:$K$37000,"6*")-SUMIFS('Accounting data'!$G$2:$G$37000,'Accounting data'!$H$2:$H$37000,"1210*",'Accounting data'!$K$2:$K$37000,"69*")-SUMIFS('Accounting data'!$G$2:$G$37000,'Accounting data'!$H$2:$H$37000,"1210*",'Accounting data'!$K$2:$K$37000,"67*") -> 0 | M12: 0 | N12: =SUM(IF(F12="",E12,F12)+G12-H12-I12-K12-M12) -> 0 | O12: 7.
A13: 1220 IDEA, Part B, including ARP—IDEA Grants | D13: 8. | E13: 0 | F13: 0 | G13: =-(SUMIFS('Accounting data'!$G$2:$G$37000,'Accounting data'!$H$2:$H$37000,"122*",'Accounting data'!$K$2:$K$37000,"1*")+SUMIFS('Accounting data'!$G$2:$G$37000,'Accounting data'!$H$2:$H$37000,"122*",'Accounting data'!$K$2:$K$37000,"2*")+SUMIFS('Accounting data'!$G$2:$G$37000,'Accounting data'!$H$2:$H$37000,"122*",'Accounting data'!$K$2:$K$37000,"3*")+SUMIFS('Accounting data'!$G$2:$G$37000,'Accounting data'!$H$2:$H$37000,"122*",'Accounting data'!$K$2:$K$37000,"4*")+SUMIFS('Accounting data'!$G$2:$G$37000,'Accounting data'!$H$2:$H$37000,"122*",'Accounting data'!$K$2:$K$37000,"Other*")) -> 30737 | H13: =SUMIFS('Accounting data'!$G$2:$G$37000,'Accounting data'!$H$2:$H$37000,"122*",'Accounting data'!$K$2:$K$37000,"69*") -> 2275 | I13: 0 | J13: 28461 | K13: =SUMIFS('Accounting data'!$G$2:$G$37000,'Accounting data'!$H$2:$H$37000,"122*",'Accounting data'!$K$2:$K$37000,"6*")-SUMIFS('Accounting data'!$G$2:$G$37000,'Accounting data'!$H$2:$H$37000,"122*",'Accounting data'!$K$2:$K$37000,"69*")-SUMIFS('Accounting data'!$G$2:$G$37000,'Accounting data'!$H$2:$H$37000,"122*",'Accounting data'!$K$2:$K$37000,"67*") -> 28462 | M13: 0 | N13: =SUM(IF(F13="",E13,F13)+G13-H13-I13-K13-M13) -> 0 | O13: 8.
A14: 1230 Johnson-O'Malley | D14: 9. | E14: 0 | F14: 0 | G14: =-(SUMIFS('Accounting data'!$G$2:$G$37000,'Accounting data'!$H$2:$H$37000,"1230*",'Accounting data'!$K$2:$K$37000,"1*")+SUMIFS('Accounting data'!$G$2:$G$37000,'Accounting data'!$H$2:$H$37000,"1230*",'Accounting data'!$K$2:$K$37000,"2*")+SUMIFS('Accounting data'!$G$2:$G$37000,'Accounting data'!$H$2:$H$37000,"1230*",'Accounting data'!$K$2:$K$37000,"3*")+SUMIFS('Accounting data'!$G$2:$G$37000,'Accounting data'!$H$2:$H$37000,"1230*",'Accounting data'!$K$2:$K$37000,"4*")+SUMIFS('Accounting data'!$G$2:$G$37000,'Accounting data'!$H$2:$H$37000,"1230*",'Accounting data'!$K$2:$K$37000,"Other*")) -> 0 | H14: =SUMIFS('Accounting data'!$G$2:$G$37000,'Accounting data'!$H$2:$H$37000,"1230*",'Accounting data'!$K$2:$K$37000,"69*") -> 0 | I14: 0 | J14: 0 | K14: =SUMIFS('Accounting data'!$G$2:$G$37000,'Accounting data'!$H$2:$H$37000,"1230*",'Accounting data'!$K$2:$K$37000,"6*")-SUMIFS('Accounting data'!$G$2:$G$37000,'Accounting data'!$H$2:$H$37000,"1230*",'Accounting data'!$K$2:$K$37000,"69*")-SUMIFS('Accounting data'!$G$2:$G$37000,'Accounting data'!$H$2:$H$37000,"1230*",'Accounting data'!$K$2:$K$37000,"67*") -> 0 | M14: 0 | N14: =SUM(IF(F14="",E14,F14)+G14-H14-I14-K14-M14) -> 0 | O14: 9.
A15: 1240 Workforce Investment Act | D15: 10. | E15: 0 | F15: 0 | G15: =-(SUMIFS('Accounting data'!$G$2:$G$37000,'Accounting data'!$H$2:$H$37000,"1240*",'Accounting data'!$K$2:$K$37000,"1*")+SUMIFS('Accounting data'!$G$2:$G$37000,'Accounting data'!$H$2:$H$37000,"1240*",'Accounting data'!$K$2:$K$37000,"2*")+SUMIFS('Accounting data'!$G$2:$G$37000,'Accounting data'!$H$2:$H$37000,"1240*",'Accounting data'!$K$2:$K$37000,"3*")+SUMIFS('Accounting data'!$G$2:$G$37000,'Accounting data'!$H$2:$H$37000,"1240*",'Accounting data'!$K$2:$K$37000,"4*")+SUMIFS('Accounting data'!$G$2:$G$37000,'Accounting data'!$H$2:$H$37000,"1240*",'Accounting data'!$K$2:$K$37000,"Other*")) -> 0 | H15: =SUMIFS('Accounting data'!$G$2:$G$37000,'Accounting data'!$H$2:$H$37000,"1240*",'Accounting data'!$K$2:$K$37000,"69*") -> 0 | I15: 0 | J15: 0 | K15: =SUMIFS('Accounting data'!$G$2:$G$37000,'Accounting data'!$H$2:$H$37000,"1240*",'Accounting data'!$K$2:$K$37000,"6*")-SUMIFS('Accounting data'!$G$2:$G$37000,'Accounting data'!$H$2:$H$37000,"1240*",'Accounting data'!$K$2:$K$37000,"69*")-SUMIFS('Accounting data'!$G$2:$G$37000,'Accounting data'!$H$2:$H$37000,"1240*",'Accounting data'!$K$2:$K$37000,"67*") -> 0 | M15: 0 | N15: =SUM(IF(F15="",E15,F15)+G15-H15-I15-K15-M15) -> 0 | O15: 10.
A16: 1250 AEA—Adult Education | D16: 11. | E16: 0 | F16: 0 | G16: =-(SUMIFS('Accounting data'!$G$2:$G$37000,'Accounting data'!$H$2:$H$37000,"1250*",'Accounting data'!$K$2:$K$37000,"1*")+SUMIFS('Accounting data'!$G$2:$G$37000,'Accounting data'!$H$2:$H$37000,"1250*",'Accounting data'!$K$2:$K$37000,"2*")+SUMIFS('Accounting data'!$G$2:$G$37000,'Accounting data'!$H$2:$H$37000,"1250*",'Accounting data'!$K$2:$K$37000,"3*")+SUMIFS('Accounting data'!$G$2:$G$37000,'Accounting data'!$H$2:$H$37000,"1250*",'Accounting data'!$K$2:$K$37000,"4*")+SUMIFS('Accounting data'!$G$2:$G$37000,'Accounting data'!$H$2:$H$37000,"1250*",'Accounting data'!$K$2:$K$37000,"Other*")) -> 0 | H16: =SUMIFS('Accounting data'!$G$2:$G$37000,'Accounting data'!$H$2:$H$37000,"1250*",'Accounting data'!$K$2:$K$37000,"69*") -> 0 | I16: 0 | J16: 0 | K16: =SUMIFS('Accounting data'!$G$2:$G$37000,'Accounting data'!$H$2:$H$37000,"1250*",'Accounting data'!$K$2:$K$37000,"6*")-SUMIFS('Accounting data'!$G$2:$G$37000,'Accounting data'!$H$2:$H$37000,"1250*",'Accounting data'!$K$2:$K$37000,"69*")-SUMIFS('Accounting data'!$G$2:$G$37000,'Accounting data'!$H$2:$H$37000,"1250*",'Accounting data'!$K$2:$K$37000,"67*") -> 0 | M16: 0 | N16: =SUM(IF(F16="",E16,F16)+G16-H16-I16-K16-M16) -> 0 | O16: 11.
A17: 1260-1270 Vocational Education—Basic Grants | D17: 12. | E17: 0 | F17: 0 | G17: =-(SUMIFS('Accounting data'!$G$2:$G$37000,'Accounting data'!$H$2:$H$37000,"1260*",'Accounting data'!$K$2:$K$37000,"1*")+SUMIFS('Accounting data'!$G$2:$G$37000,'Accounting data'!$H$2:$H$37000,"1260*",'Accounting data'!$K$2:$K$37000,"2*")+SUMIFS('Accounting data'!$G$2:$G$37000,'Accounting data'!$H$2:$H$37000,"1260*",'Accounting data'!$K$2:$K$37000,"3*")+SUMIFS('Accounting data'!$G$2:$G$37000,'Accounting data'!$H$2:$H$37000,"1260*",'Accounting data'!$K$2:$K$37000,"4*")+SUMIFS('Accounting data'!$G$2:$G$37000,'Accounting data'!$H$2:$H$37000,"1260*",'Accounting data'!$K$2:$K$37000,"Other*")) -> 0 | H17: =SUMIFS('Accounting data'!$G$2:$G$37000,'Accounting data'!$H$2:$H$37000,"1260*",'Accounting data'!$K$2:$K$37000,"69*") -> 0 | I17: 0 | J17: 0 | K17: =SUMIFS('Accounting data'!$G$2:$G$37000,'Accounting data'!$H$2:$H$37000,"1260*",'Accounting data'!$K$2:$K$37000,"6*")-SUMIFS('Accounting data'!$G$2:$G$37000,'Accounting data'!$H$2:$H$37000,"1260*",'Accounting data'!$K$2:$K$37000,"69*")-SUMIFS('Accounting data'!$G$2:$G$37000,'Accounting data'!$H$2:$H$37000,"1260*",'Accounting data'!$K$2:$K$37000,"67*") -> 0 | M17: 0 | N17: =SUM(IF(F17="",E17,F17)+G17-H17-I17-K17-M17) -> 0 | O17: 12.
A18: 1280 ESEA Title X—Homeless Education | D18: 13. | E18: 0 | F18: 0 | G18: =-(SUMIFS('Accounting data'!$G$2:$G$37000,'Accounting data'!$H$2:$H$37000,"1280*",'Accounting data'!$K$2:$K$37000,"1*")+SUMIFS('Accounting data'!$G$2:$G$37000,'Accounting data'!$H$2:$H$37000,"1280*",'Accounting data'!$K$2:$K$37000,"2*")+SUMIFS('Accounting data'!$G$2:$G$37000,'Accounting data'!$H$2:$H$37000,"1280*",'Accounting data'!$K$2:$K$37000,"3*")+SUMIFS('Accounting data'!$G$2:$G$37000,'Accounting data'!$H$2:$H$37000,"1280*",'Accounting data'!$K$2:$K$37000,"4*")+SUMIFS('Accounting data'!$G$2:$G$37000,'Accounting data'!$H$2:$H$37000,"1280*",'Accounting data'!$K$2:$K$37000,"Other*")) -> 0 | H18: =SUMIFS('Accounting data'!$G$2:$G$37000,'Accounting data'!$H$2:$H$37000,"1280*",'Accounting data'!$K$2:$K$37000,"69*") -> 0 | I18: 0 | J18: 0 | K18: =SUMIFS('Accounting data'!$G$2:$G$37000,'Accounting data'!$H$2:$H$37000,"1280*",'Accounting data'!$K$2:$K$37000,"6*")-SUMIFS('Accounting data'!$G$2:$G$37000,'Accounting data'!$H$2:$H$37000,"1280*",'Accounting data'!$K$2:$K$37000,"69*")-SUMIFS('Accounting data'!$G$2:$G$37000,'Accounting data'!$H$2:$H$37000,"1280*",'Accounting data'!$K$2:$K$37000,"67*") -> 0 | M18: 0 | N18: =SUM(IF(F18="",E18,F18)+G18-H18-I18-K18-M18) -> 0 | O18: 13.
A19: 1290 Medicaid Reimbursement | D19: 14. | E19: 0 | F19: 0 | G19: =-(SUMIFS('Accounting data'!$G$2:$G$37000,'Accounting data'!$H$2:$H$37000,"1290*",'Accounting data'!$K$2:$K$37000,"1*")+SUMIFS('Accounting data'!$G$2:$G$37000,'Accounting data'!$H$2:$H$37000,"1290*",'Accounting data'!$K$2:$K$37000,"2*")+SUMIFS('Accounting data'!$G$2:$G$37000,'Accounting data'!$H$2:$H$37000,"1290*",'Accounting data'!$K$2:$K$37000,"3*")+SUMIFS('Accounting data'!$G$2:$G$37000,'Accounting data'!$H$2:$H$37000,"1290*",'Accounting data'!$K$2:$K$37000,"4*")+SUMIFS('Accounting data'!$G$2:$G$37000,'Accounting data'!$H$2:$H$37000,"1290*",'Accounting data'!$K$2:$K$37000,"Other*")) -> 0 | H19: =SUMIFS('Accounting data'!$G$2:$G$37000,'Accounting data'!$H$2:$H$37000,"1290*",'Accounting data'!$K$2:$K$37000,"69*") -> 0 | I19: 0 | J19: 0 | K19: =SUMIFS('Accounting data'!$G$2:$G$37000,'Accounting data'!$H$2:$H$37000,"1290*",'Accounting data'!$K$2:$K$37000,"6*")-SUMIFS('Accounting data'!$G$2:$G$37000,'Accounting data'!$H$2:$H$37000,"1290*",'Accounting data'!$K$2:$K$37000,"69*")-SUMIFS('Accounting data'!$G$2:$G$37000,'Accounting data'!$H$2:$H$37000,"1290*",'Accounting data'!$K$2:$K$37000,"67*") -> 0 | M19: 0 | N19: =SUM(IF(F19="",E19,F19)+G19-H19-I19-K19-M19) -> 0 | O19: 14.
A20: 1300 Charter School Implementation Project (Stimulus) | D20: 15. | E20: 0 | F20: 0 | G20: =-(SUMIFS('Accounting data'!$G$2:$G$37000,'Accounting data'!$H$2:$H$37000,"1300*",'Accounting data'!$K$2:$K$37000,"1*")+SUMIFS('Accounting data'!$G$2:$G$37000,'Accounting data'!$H$2:$H$37000,"1300*",'Accounting data'!$K$2:$K$37000,"2*")+SUMIFS('Accounting data'!$G$2:$G$37000,'Accounting data'!$H$2:$H$37000,"1300*",'Accounting data'!$K$2:$K$37000,"3*")+SUMIFS('Accounting data'!$G$2:$G$37000,'Accounting data'!$H$2:$H$37000,"1300*",'Accounting data'!$K$2:$K$37000,"4*")+SUMIFS('Accounting data'!$G$2:$G$37000,'Accounting data'!$H$2:$H$37000,"1300*",'Accounting data'!$K$2:$K$37000,"Other*")) -> 0 | H20: =SUMIFS('Accounting data'!$G$2:$G$37000,'Accounting data'!$H$2:$H$37000,"1300*",'Accounting data'!$K$2:$K$37000,"69*") -> 0 | I20: 0 | J20: 0 | K20: =SUMIFS('Accounting data'!$G$2:$G$37000,'Accounting data'!$H$2:$H$37000,"1300*",'Accounting data'!$K$2:$K$37000,"6*")-SUMIFS('Accounting data'!$G$2:$G$37000,'Accounting data'!$H$2:$H$37000,"1300*",'Accounting data'!$K$2:$K$37000,"69*")-SUMIFS('Accounting data'!$G$2:$G$37000,'Accounting data'!$H$2:$H$37000,"1300*",'Accounting data'!$K$2:$K$37000,"67*") -> 0 | M20: 0 | N20: =SUM(IF(F20="",E20,F20)+G20-H20-I20-K20-M20) -> 0 | O20: 15.
A21: 13__ Impact Aid | D21: 16. | E21: 0 | F21: 0 | G21: =-(SUMIFS('Accounting data'!$G$2:$G$37000,'Accounting data'!$H$2:$H$37000,"13XX*",'Accounting data'!$K$2:$K$37000,"1*")+SUMIFS('Accounting data'!$G$2:$G$37000,'Accounting data'!$H$2:$H$37000,"13XX*",'Accounting data'!$K$2:$K$37000,"2*")+SUMIFS('Accounting data'!$G$2:$G$37000,'Accounting data'!$H$2:$H$37000,"13XX*",'Accounting data'!$K$2:$K$37000,"3*")+SUMIFS('Accounting data'!$G$2:$G$37000,'Accounting data'!$H$2:$H$37000,"13XX*",'Accounting data'!$K$2:$K$37000,"4*")+SUMIFS('Accounting data'!$G$2:$G$37000,'Accounting data'!$H$2:$H$37000,"13XX*",'Accounting data'!$K$2:$K$37000,"Other*")) -> 0 | H21: =SUMIFS('Accounting data'!$G$2:$G$37000,'Accounting data'!$H$2:$H$37000,"13XX*",'Accounting data'!$K$2:$K$37000,"69*") -> 0 | I21: 0 | J21: 0 | K21: =SUMIFS('Accounting data'!$G$2:$G$37000,'Accounting data'!$H$2:$H$37000,"13XX*",'Accounting data'!$K$2:$K$37000,"6*")-SUMIFS('Accounting data'!$G$2:$G$37000,'Accounting data'!$H$2:$H$37000,"13XX*",'Accounting data'!$K$2:$K$37000,"69*")-SUMIFS('Accounting data'!$G$2:$G$37000,'Accounting data'!$H$2:$H$37000,"13XX*",'Accounting data'!$K$2:$K$37000,"67*") -> 0 | M21: 0 | N21: =SUM(IF(F21="",E21,F21)+G21-H21-I21-K21-M21) -> 0 | O21: 16.
A22: 1310-1399 Other Federal Projects | D22: 17. | E22: 0 | F22: 0 | G22: =-(SUMIFS('Accounting data'!$G$2:$G$37000,'Accounting data'!$H$2:$H$37000,"1310*",'Accounting data'!$K$2:$K$37000,"1*")+SUMIFS('Accounting data'!$G$2:$G$37000,'Accounting data'!$H$2:$H$37000,"1310*",'Accounting data'!$K$2:$K$37000,"2*")+SUMIFS('Accounting data'!$G$2:$G$37000,'Accounting data'!$H$2:$H$37000,"1310*",'Accounting data'!$K$2:$K$37000,"3*")+SUMIFS('Accounting data'!$G$2:$G$37000,'Accounting data'!$H$2:$H$37000,"1310*",'Accounting data'!$K$2:$K$37000,"4*")+SUMIFS('Accounting data'!$G$2:$G$37000,'Accounting data'!$H$2:$H$37000,"1310*",'Accounting data'!$K$2:$K$37000,"Other*")) -> 49996 | H22: =SUMIFS('Accounting data'!$G$2:$G$37000,'Accounting data'!$H$2:$H$37000,"1310*",'Accounting data'!$K$2:$K$37000,"69*") -> 1689 | I22: 0 | J22: 52125 | K22: =SUMIFS('Accounting data'!$G$2:$G$37000,'Accounting data'!$H$2:$H$37000,"1310*",'Accounting data'!$K$2:$K$37000,"6*")-SUMIFS('Accounting data'!$G$2:$G$37000,'Accounting data'!$H$2:$H$37000,"1310*",'Accounting data'!$K$2:$K$37000,"69*")-SUMIFS('Accounting data'!$G$2:$G$37000,'Accounting data'!$H$2:$H$37000,"1310*",'Accounting data'!$K$2:$K$37000,"67*") -> 43063 | L22: 0 | M22: 5244 | N22: =SUM(IF(F22="",E22,F22)+G22-H22-I22-K22-M22-L22) -> 0 | O22: 17.
A23: Total federal projects (lines 1-17) | D23: 18. | E23: =SUM(E6:E22) -> 0 | F23: {=SUM(IF(F6:F22="",E6:E22,F6:F22))} -> 0 | G23: =SUM(G6:G22) -> 139482 | H23: =SUM(H6:H22) -> 7961 | I23: =SUM(I6:I22) -> 0 | J23: =SUM(J6:J22) -> 136461 | K23: =SUM(K6:K22) -> 126277 | L23: =SUM(L6:L22) -> 0 | M23: =SUM(M6:M22) -> 5244 | N23: =SUM(IF(F23="",E23,F23)+G23-H23-I23-K23-M23) -> 0 | O23: 18.
A25: Total COVID-19 federal relief projects included above | D25: 19. | E25: 0 | F25: 0 | G25: =Q25+Z25 -> 0 | H25: {=SUM(SUMIFS('Accounting data'!$G$2:$G$37000,'Accounting data'!$H$2:$H$37000,{"1310-1399-COVID-19*","1227*","1228*"},'Accounting data'!$K$2:$K$37000,"69*"))} -> 0 | I25: 0 | K25: {=SUM(SUMIFS('Accounting data'!$G$2:$G$37000,'Accounting data'!$H$2:$H$37000,{"1310-1399-COVID-19*","1227*","1228*"},'Accounting data'!$K$2:$K$37000,"6*"))-SUM(SUMIFS('Accounting data'!$G$2:$G$37000,'Accounting data'!$H$2:$H$37000,{"1310-1399-COVID-19*","1227*","1228*"},'Accounting data'!$K$2:$K$37000,"69*"))-SUM(SUMIFS('Accounting data'!$G$2:$G$37000,'Accounting data'!$H$2:$H$37000,{"1310-1399-COVID-19*","1227*","1228*"},'Accounting data'!$K$2:$K$37000,"67*"))} -> 0 | L25: 0 | M25: 0 | N25: =SUM(IF(F25="",E25,F25)+G25-H25-I25-K25-M25-L25) -> 0 | O25: 19. | Q25: {=-(SUMIFS('Accounting data'!$G$2:$G$37000,'Accounting data'!$H$2:$H$37000,"1310-1399-COVID-19*",'Accounting data'!$K$2:$K$37000,"1*")+SUMIFS('Accounting data'!$G$2:$G$37000,'Accounting data'!$H$2:$H$37000,"1310-1399-COVID-19*",'Accounting data'!$K$2:$K$37000,"2*")+SUMIFS('Accounting data'!$G$2:$G$37000,'Accounting data'!$H$2:$H$37000,"1310-1399-COVID-19*",'Accounting data'!$K$2:$K$37000,"3*")+SUMIFS('Accounting data'!$G$2:$G$37000,'Accounting data'!$H$2:$H$37000,"1310-1399-COVID-19*",'Accounting data'!$K$2:$K$37000,"4*")+SUMIFS('Accounting data'!$G$2:$G$37000,'Accounting data'!$H$2:$H$37000,"1310-1399-COVID-19*",'Accounting data'!$K$2:$K$37000,"Other*")+SUM(SUMIFS('Accounting data'!$G$2:$G$37000,'Accounting data'!$H$2:$H$37000,"1227*",'Accounting data'!$K$2:$K$37000,{"1*","2*","3*","4*","Other*"})))} -> 0 | Z25: {=-SUM(SUMIFS('Accounting data'!$G$2:$G$37000,'Accounting data'!$H$2:$H$37000,"1228*",'Accounting data'!$K$2:$K$37000,{"1*","2*","3*","4*","Other*"}))} -> 0
A27: State projects
A28: 1400 Vocational Education | D28: 20. | E28: 0 | F28: 0 | G28: =-(SUMIFS('Accounting data'!$G$2:$G$37000,'Accounting data'!$H$2:$H$37000,"1400*",'Accounting data'!$K$2:$K$37000,"1*")+SUMIFS('Accounting data'!$G$2:$G$37000,'Accounting data'!$H$2:$H$37000,"1400*",'Accounting data'!$K$2:$K$37000,"2*")+SUMIFS('Accounting data'!$G$2:$G$37000,'Accounting data'!$H$2:$H$37000,"1400*",'Accounting data'!$K$2:$K$37000,"3*")+SUMIFS('Accounting data'!$G$2:$G$37000,'Accounting data'!$H$2:$H$37000,"1400*",'Accounting data'!$K$2:$K$37000,"4*")+SUMIFS('Accounting data'!$G$2:$G$37000,'Accounting data'!$H$2:$H$37000,"1400*",'Accounting data'!$K$2:$K$37000,"Other*")) -> 0 | I28: 0 | J28: 0 | K28: =SUMIFS('Accounting data'!$G$2:$G$37000,'Accounting data'!$H$2:$H$37000,"1400*",'Accounting data'!$K$2:$K$37000,"6*")-SUMIFS('Accounting data'!$G$2:$G$37000,'Accounting data'!$H$2:$H$37000,"1400*",'Accounting data'!$K$2:$K$37000,"69*")-SUMIFS('Accounting data'!$G$2:$G$37000,'Accounting data'!$H$2:$H$37000,"1400*",'Accounting data'!$K$2:$K$37000,"67*") -> 0 | L28: 0 | M28: 0 | N28: =SUM(IF(F28="",E28,F28)+G28-H28-I28-K28-L28-M28) -> 0 | O28: 20.
A29: 1410 Early Childhood Block Grant | D29: 21. | E29: 0 | F29: 0 | G29: =-(SUMIFS('Accounting data'!$G$2:$G$37000,'Accounting data'!$H$2:$H$37000,"1410*",'Accounting data'!$K$2:$K$37000,"1*")+SUMIFS('Accounting data'!$G$2:$G$37000,'Accounting data'!$H$2:$H$37000,"1410*",'Accounting data'!$K$2:$K$37000,"2*")+SUMIFS('Accounting data'!$G$2:$G$37000,'Accounting data'!$H$2:$H$37000,"1410*",'Accounting data'!$K$2:$K$37000,"3*")+SUMIFS('Accounting data'!$G$2:$G$37000,'Accounting data'!$H$2:$H$37000,"1410*",'Accounting data'!$K$2:$K$37000,"4*")+SUMIFS('Accounting data'!$G$2:$G$37000,'Accounting data'!$H$2:$H$37000,"1410*",'Accounting data'!$K$2:$K$37000,"Other*")) -> 0 | I29: 0 | J29: 0 | K29: =SUMIFS('Accounting data'!$G$2:$G$37000,'Accounting data'!$H$2:$H$37000,"1410*",'Accounting data'!$K$2:$K$37000,"6*")-SUMIFS('Accounting data'!$G$2:$G$37000,'Accounting data'!$H$2:$H$37000,"1410*",'Accounting data'!$K$2:$K$37000,"69*")-SUMIFS('Accounting data'!$G$2:$G$37000,'Accounting data'!$H$2:$H$37000,"1410*",'Accounting data'!$K$2:$K$37000,"67*") -> 0 | L29: 0 | M29: 0 | N29: =SUM(IF(F29="",E29,F29)+G29-H29-I29-K29-L29-M29) -> 0 | O29: 21.
A30: 1420 Extended School Year—Pupils with Disabilities | D30: 22. | E30: 0 | F30: 0 | G30: =-(SUMIFS('Accounting data'!$G$2:$G$37000,'Accounting data'!$H$2:$H$37000,"1420*",'Accounting data'!$K$2:$K$37000,"1*")+SUMIFS('Accounting data'!$G$2:$G$37000,'Accounting data'!$H$2:$H$37000,"1420*",'Accounting data'!$K$2:$K$37000,"2*")+SUMIFS('Accounting data'!$G$2:$G$37000,'Accounting data'!$H$2:$H$37000,"1420*",'Accounting data'!$K$2:$K$37000,"3*")+SUMIFS('Accounting data'!$G$2:$G$37000,'Accounting data'!$H$2:$H$37000,"1420*",'Accounting data'!$K$2:$K$37000,"4*")+SUMIFS('Accounting data'!$G$2:$G$37000,'Accounting data'!$H$2:$H$37000,"1420*",'Accounting data'!$K$2:$K$37000,"Other*")) -> 0 | I30: 0 | J30: 0 | K30: =SUMIFS('Accounting data'!$G$2:$G$37000,'Accounting data'!$H$2:$H$37000,"1420*",'Accounting data'!$K$2:$K$37000,"6*")-SUMIFS('Accounting data'!$G$2:$G$37000,'Accounting data'!$H$2:$H$37000,"1420*",'Accounting data'!$K$2:$K$37000,"69*")-SUMIFS('Accounting data'!$G$2:$G$37000,'Accounting data'!$H$2:$H$37000,"1420*",'Accounting data'!$K$2:$K$37000,"67*") -> 0 | L30: 0 | M30: 0 | N30: =SUM(IF(F30="",E30,F30)+G30-H30-I30-K30-L30-M30) -> 0 | O30: 22.
A31: 1425 Adult Basic Education | D31: 23. | E31: 0 | F31: 0 | G31: =-(SUMIFS('Accounting data'!$G$2:$G$37000,'Accounting data'!$H$2:$H$37000,"1425*",'Accounting data'!$K$2:$K$37000,"1*")+SUMIFS('Accounting data'!$G$2:$G$37000,'Accounting data'!$H$2:$H$37000,"1425*",'Accounting data'!$K$2:$K$37000,"2*")+SUMIFS('Accounting data'!$G$2:$G$37000,'Accounting data'!$H$2:$H$37000,"1425*",'Accounting data'!$K$2:$K$37000,"3*")+SUMIFS('Accounting data'!$G$2:$G$37000,'Accounting data'!$H$2:$H$37000,"1425*",'Accounting data'!$K$2:$K$37000,"4*")+SUMIFS('Accounting data'!$G$2:$G$37000,'Accounting data'!$H$2:$H$37000,"1425*",'Accounting data'!$K$2:$K$37000,"Other*")) -> 0 | I31: 0 | J31: 0 | K31: =SUMIFS('Accounting data'!$G$2:$G$37000,'Accounting data'!$H$2:$H$37000,"1425*",'Accounting data'!$K$2:$K$37000,"6*")-SUMIFS('Accounting data'!$G$2:$G$37000,'Accounting data'!$H$2:$H$37000,"1425*",'Accounting data'!$K$2:$K$37000,"69*")-SUMIFS('Accounting data'!$G$2:$G$37000,'Accounting data'!$H$2:$H$37000,"1425*",'Accounting data'!$K$2:$K$37000,"67*") -> 0 | L31: 0 | M31: 0 | N31: =SUM(IF(F31="",E31,F31)+G31-H31-I31-K31-L31-M31) -> 0 | O31: 23.
A32: 1430 Chemical Abuse Prevention Programs | D32: 24. | E32: 0 | F32: 0 | G32: =-(SUMIFS('Accounting data'!$G$2:$G$37000,'Accounting data'!$H$2:$H$37000,"1430*",'Accounting data'!$K$2:$K$37000,"1*")+SUMIFS('Accounting data'!$G$2:$G$37000,'Accounting data'!$H$2:$H$37000,"1430*",'Accounting data'!$K$2:$K$37000,"2*")+SUMIFS('Accounting data'!$G$2:$G$37000,'Accounting data'!$H$2:$H$37000,"1430*",'Accounting data'!$K$2:$K$37000,"3*")+SUMIFS('Accounting data'!$G$2:$G$37000,'Accounting data'!$H$2:$H$37000,"1430*",'Accounting data'!$K$2:$K$37000,"4*")+SUMIFS('Accounting data'!$G$2:$G$37000,'Accounting data'!$H$2:$H$37000,"1430*",'Accounting data'!$K$2:$K$37000,"Other*")) -> 0 | I32: 0 | J32: 0 | K32: =SUMIFS('Accounting data'!$G$2:$G$37000,'Accounting data'!$H$2:$H$37000,"1430*",'Accounting data'!$K$2:$K$37000,"6*")-SUMIFS('Accounting data'!$G$2:$G$37000,'Accounting data'!$H$2:$H$37000,"1430*",'Accounting data'!$K$2:$K$37000,"69*")-SUMIFS('Accounting data'!$G$2:$G$37000,'Accounting data'!$H$2:$H$37000,"1430*",'Accounting data'!$K$2:$K$37000,"67*") -> 0 | L32: 0 | M32: 0 | N32: =SUM(IF(F32="",E32,F32)+G32-H32-I32-K32-L32-M32) -> 0 | O32: 24.
A33: 1435 Academic Contests | D33: 25. | E33: 0 | F33: 0 | G33: =-(SUMIFS('Accounting data'!$G$2:$G$37000,'Accounting data'!$H$2:$H$37000,"1435*",'Accounting data'!$K$2:$K$37000,"1*")+SUMIFS('Accounting data'!$G$2:$G$37000,'Accounting data'!$H$2:$H$37000,"1435*",'Accounting data'!$K$2:$K$37000,"2*")+SUMIFS('Accounting data'!$G$2:$G$37000,'Accounting data'!$H$2:$H$37000,"1435*",'Accounting data'!$K$2:$K$37000,"3*")+SUMIFS('Accounting data'!$G$2:$G$37000,'Accounting data'!$H$2:$H$37000,"1435*",'Accounting data'!$K$2:$K$37000,"4*")+SUMIFS('Accounting data'!$G$2:$G$37000,'Accounting data'!$H$2:$H$37000,"1435*",'Accounting data'!$K$2:$K$37000,"Other*")) -> 0 | I33: 0 | J33: 0 | K33: =SUMIFS('Accounting data'!$G$2:$G$37000,'Accounting data'!$H$2:$H$37000,"1435*",'Accounting data'!$K$2:$K$37000,"6*")-SUMIFS('Accounting data'!$G$2:$G$37000,'Accounting data'!$H$2:$H$37000,"1435*",'Accounting data'!$K$2:$K$37000,"69*")-SUMIFS('Accounting data'!$G$2:$G$37000,'Accounting data'!$H$2:$H$37000,"1435*",'Accounting data'!$K$2:$K$37000,"67*") -> 0 | L33: 0 | M33: 0 | N33: =SUM(IF(F33="",E33,F33)+G33-H33-I33-K33-L33-M33) -> 0 | O33: 25.
A34: 1450 Gifted Education | D34: 26. | E34: 0 | F34: 0 | G34: =-(SUMIFS('Accounting data'!$G$2:$G$37000,'Accounting data'!$H$2:$H$37000,"1450*",'Accounting data'!$K$2:$K$37000,"1*")+SUMIFS('Accounting data'!$G$2:$G$37000,'Accounting data'!$H$2:$H$37000,"1450*",'Accounting data'!$K$2:$K$37000,"2*")+SUMIFS('Accounting data'!$G$2:$G$37000,'Accounting data'!$H$2:$H$37000,"1450*",'Accounting data'!$K$2:$K$37000,"3*")+SUMIFS('Accounting data'!$G$2:$G$37000,'Accounting data'!$H$2:$H$37000,"1450*",'Accounting data'!$K$2:$K$37000,"4*")+SUMIFS('Accounting data'!$G$2:$G$37000,'Accounting data'!$H$2:$H$37000,"1450*",'Accounting data'!$K$2:$K$37000,"Other*")) -> 0 | I34: 0 | J34: 0 | K34: =SUMIFS('Accounting data'!$G$2:$G$37000,'Accounting data'!$H$2:$H$37000,"1450*",'Accounting data'!$K$2:$K$37000,"6*")-SUMIFS('Accounting data'!$G$2:$G$37000,'Accounting data'!$H$2:$H$37000,"1450*",'Accounting data'!$K$2:$K$37000,"69*")-SUMIFS('Accounting data'!$G$2:$G$37000,'Accounting data'!$H$2:$H$37000,"1450*",'Accounting data'!$K$2:$K$37000,"67*") -> 0 | L34: 0 | M34: 0 | N34: =SUM(IF(F34="",E34,F34)+G34-H34-I34-K34-L34-M34) -> 0 | O34: 26.
A35: 1456 College Credit Exam Incentives | D35: 27. | E35: 0 | F35: 0 | G35: =-(SUMIFS('Accounting data'!$G$2:$G$37000,'Accounting data'!$H$2:$H$37000,"1456*",'Accounting data'!$K$2:$K$37000,"1*")+SUMIFS('Accounting data'!$G$2:$G$37000,'Accounting data'!$H$2:$H$37000,"1456*",'Accounting data'!$K$2:$K$37000,"2*")+SUMIFS('Accounting data'!$G$2:$G$37000,'Accounting data'!$H$2:$H$37000,"1456*",'Accounting data'!$K$2:$K$37000,"3*")+SUMIFS('Accounting data'!$G$2:$G$37000,'Accounting data'!$H$2:$H$37000,"1456*",'Accounting data'!$K$2:$K$37000,"4*")+SUMIFS('Accounting data'!$G$2:$G$37000,'Accounting data'!$H$2:$H$37000,"1456*",'Accounting data'!$K$2:$K$37000,"Other*")) -> 0 | I35: 0 | J35: 0 | K35: =SUMIFS('Accounting data'!$G$2:$G$37000,'Accounting data'!$H$2:$H$37000,"1456*",'Accounting data'!$K$2:$K$37000,"6*")-SUMIFS('Accounting data'!$G$2:$G$37000,'Accounting data'!$H$2:$H$37000,"1456*",'Accounting data'!$K$2:$K$37000,"69*")-SUMIFS('Accounting data'!$G$2:$G$37000,'Accounting data'!$H$2:$H$37000,"1456*",'Accounting data'!$K$2:$K$37000,"67*") -> 0 | L35: 0 | M35: 0 | N35: =SUM(IF(F35="",E35,F35)+G35-H35-I35-K35-L35-M35) -> 0 | O35: 27.
A36: 1460 Environmental Special Plate | D36: 28. | E36: 0 | F36: 0 | G36: =-(SUMIFS('Accounting data'!$G$2:$G$37000,'Accounting data'!$H$2:$H$37000,"1460*",'Accounting data'!$K$2:$K$37000,"1*")+SUMIFS('Accounting data'!$G$2:$G$37000,'Accounting data'!$H$2:$H$37000,"1460*",'Accounting data'!$K$2:$K$37000,"2*")+SUMIFS('Accounting data'!$G$2:$G$37000,'Accounting data'!$H$2:$H$37000,"1460*",'Accounting data'!$K$2:$K$37000,"3*")+SUMIFS('Accounting data'!$G$2:$G$37000,'Accounting data'!$H$2:$H$37000,"1460*",'Accounting data'!$K$2:$K$37000,"4*")+SUMIFS('Accounting data'!$G$2:$G$37000,'Accounting data'!$H$2:$H$37000,"1460*",'Accounting data'!$K$2:$K$37000,"Other*")) -> 0 | I36: 0 | J36: 0 | K36: =SUMIFS('Accounting data'!$G$2:$G$37000,'Accounting data'!$H$2:$H$37000,"1460*",'Accounting data'!$K$2:$K$37000,"6*")-SUMIFS('Accounting data'!$G$2:$G$37000,'Accounting data'!$H$2:$H$37000,"1460*",'Accounting data'!$K$2:$K$37000,"69*")-SUMIFS('Accounting data'!$G$2:$G$37000,'Accounting data'!$H$2:$H$37000,"1460*",'Accounting data'!$K$2:$K$37000,"67*") -> 0 | L36: 0 | M36: 0 | N36: =SUM(IF(F36="",E36,F36)+G36-H36-I36-K36-L36-M36) -> 0 | O36: 29.
A37: 1465 Charter School Stimulus Fund | D37: 29. | E37: 0 | F37: 0 | G37: =-(SUMIFS('Accounting data'!$G$2:$G$37000,'Accounting data'!$H$2:$H$37000,"1465*",'Accounting data'!$K$2:$K$37000,"1*")+SUMIFS('Accounting data'!$G$2:$G$37000,'Accounting data'!$H$2:$H$37000,"1465*",'Accounting data'!$K$2:$K$37000,"2*")+SUMIFS('Accounting data'!$G$2:$G$37000,'Accounting data'!$H$2:$H$37000,"1465*",'Accounting data'!$K$2:$K$37000,"3*")+SUMIFS('Accounting data'!$G$2:$G$37000,'Accounting data'!$H$2:$H$37000,"1465*",'Accounting data'!$K$2:$K$37000,"4*")+SUMIFS('Accounting data'!$G$2:$G$37000,'Accounting data'!$H$2:$H$37000,"1465*",'Accounting data'!$K$2:$K$37000,"Other*")) -> 0 | I37: 0 | J37: 0 | K37: =SUMIFS('Accounting data'!$G$2:$G$37000,'Accounting data'!$H$2:$H$37000,"1465*",'Accounting data'!$K$2:$K$37000,"6*")-SUMIFS('Accounting data'!$G$2:$G$37000,'Accounting data'!$H$2:$H$37000,"1465*",'Accounting data'!$K$2:$K$37000,"69*")-SUMIFS('Accounting data'!$G$2:$G$37000,'Accounting data'!$H$2:$H$37000,"1465*",'Accounting data'!$K$2:$K$37000,"67*") -> 0 | L37: 0 | M37: 0 | N37: =SUM(IF(F37="",E37,F37)+G37-H37-I37-K37-L37-M37) -> 0 | O37: 30.
A38: 14_ Arizona Industry Credentials Incentive | D38: 30. | E38: 0 | F38: 0 | G38: =-(SUMIFS('Accounting data'!$G$2:$G$37000,'Accounting data'!$H$2:$H$37000,"14XX*",'Accounting data'!$K$2:$K$37000,"1*")+SUMIFS('Accounting data'!$G$2:$G$37000,'Accounting data'!$H$2:$H$37000,"14XX*",'Accounting data'!$K$2:$K$37000,"2*")+SUMIFS('Accounting data'!$G$2:$G$37000,'Accounting data'!$H$2:$H$37000,"14XX*",'Accounting data'!$K$2:$K$37000,"3*")+SUMIFS('Accounting data'!$G$2:$G$37000,'Accounting data'!$H$2:$H$37000,"14XX*",'Accounting data'!$K$2:$K$37000,"4*")+SUMIFS('Accounting data'!$G$2:$G$37000,'Accounting data'!$H$2:$H$37000,"14XX*",'Accounting data'!$K$2:$K$37000,"Other*")) -> 0 | I38: 0 | J38: 0 | K38: =SUMIFS('Accounting data'!$G$2:$G$37000,'Accounting data'!$H$2:$H$37000,"14XX*",'Accounting data'!$K$2:$K$37000,"6*")-SUMIFS('Accounting data'!$G$2:$G$37000,'Accounting data'!$H$2:$H$37000,"14XX*",'Accounting data'!$K$2:$K$37000,"69*")-SUMIFS('Accounting data'!$G$2:$G$37000,'Accounting data'!$H$2:$H$37000,"14XX*",'Accounting data'!$K$2:$K$37000,"67*") -> 0 | L38: 0 | M38: 0 | N38: =SUM(IF(F38="",E38,F38)+G38-H38-I38-K38-L38-M38) -> 0 | O38: 31.
A39: 1470-1499 Other State Projects | D39: 31. | E39: 0 | F39: 0 | G39: =-(SUMIFS('Accounting data'!$G$2:$G$37000,'Accounting data'!$H$2:$H$37000,"1470*",'Accounting data'!$K$2:$K$37000,"1*")+SUMIFS('Accounting data'!$G$2:$G$37000,'Accounting data'!$H$2:$H$37000,"1470*",'Accounting data'!$K$2:$K$37000,"2*")+SUMIFS('Accounting data'!$G$2:$G$37000,'Accounting data'!$H$2:$H$37000,"1470*",'Accounting data'!$K$2:$K$37000,"3*")+SUMIFS('Accounting data'!$G$2:$G$37000,'Accounting data'!$H$2:$H$37000,"1470*",'Accounting data'!$K$2:$K$37000,"4*")+SUMIFS('Accounting data'!$G$2:$G$37000,'Accounting data'!$H$2:$H$37000,"1470*",'Accounting data'!$K$2:$K$37000,"Other*")) -> 1576 | I39: 0 | J39: 0 | K39: =SUMIFS('Accounting data'!$G$2:$G$37000,'Accounting data'!$H$2:$H$37000,"1470*",'Accounting data'!$K$2:$K$37000,"6*")-SUMIFS('Accounting data'!$G$2:$G$37000,'Accounting data'!$H$2:$H$37000,"1470*",'Accounting data'!$K$2:$K$37000,"69*")-SUMIFS('Accounting data'!$G$2:$G$37000,'Accounting data'!$H$2:$H$37000,"1470*",'Accounting data'!$K$2:$K$37000,"67*") -> 0 | L39: 0 | M39: 1576 | N39: =SUM(IF(F39="",E39,F39)+G39-H39-I39-K39-L39-M39) -> 0 | O39: 32.
A40: Total State projects (lines 20-31) | D40: 32. | E40: =SUM(E28:E39) -> 0 | F40: {=SUM(IF(F28:F39="",E28:E39,F28:F39))} -> 0 | G40: =SUM(G28:G39) -> 1576 | I40: =SUM(I28:I39) -> 0 | J40: =SUM(J28:J39) -> 0 | K40: =SUM(K28:K39) -> 0 | L40: =SUM(L28:L39) -> 0 | M40: =SUM(M28:M39) -> 1576 | N40: =SUM(IF(F40="",E40,F40)+G40-H40-I40-K40-L40-M40) -> 0 | O40: 33.
A42: Total federal and State projects (lines 18 and 32) | D42: 33. | E42: =SUM(E23+E40) -> 0 | F42: =SUM(F23+F40) -> 0 | G42: =SUM(G23+G40) -> 141058 | H42: =H23 -> 7961 | I42: =SUM(I23+I40) -> 0 | J42: =SUM(J23+J40) -> 136461 | K42: =SUM(K23+K40) -> 126277 | L42: =SUM(L23+L40) -> 0 | M42: =SUM(M23+M40) -> 6820 | N42: =SUM(IF(F42="",E42,F42)+G42-H42-I42-K42-L42-M42) -> 0 | O42: 34.

Sheet Page 9
A1: Charter school | B1: ='Cover Page'!D1 -> Edge School, Inc., The | E1: County | F1: ='Cover Page'!M1 -> Pima | J1: CTDS number | K1: ='Cover Page'!R1 -> 108653000
C4: Additional information for National Public Education Financial Survey Reporting
D6: Programs 100-630
F7: Purchased | J7: Other
E8: Employee | F8: services | H8: Dues and | J8: 6800
D9: Salaries | E9: benefits | F9: 6300, 6400, | G9: Supplies | H9: fees | I9: Miscellaneous | J9: (excluding 6810, | K9: Property
A10: Projects (1000-1999) | D10: 6100 | E10: 6200 | F10: 6500 | G10: 6600 | H10: 6810 | I10: 6890 | J10: 6850 and 6890) | K10: disbursements
A11: 1000 Instruction | C11: 1. | D11: =Calculations!E8 -> 513539 | E11: =Calculations!E113 -> 151219 | F11: =Calculations!E238 -> 5717 | G11: =Calculations!E636 -> 47367 | H11: =Calculations!E944 -> 205 | I11: =Calculations!E1109 -> 0 | J11: =Calculations!E1447-H11-I11 -> 0 | K11: 0 | L11: 1. | AA11: =IF(OR(K11="",K14="",K13="",K15="",K16="",K17="",K18="",K19="",K21="",K22="",K24="",K25="",K26=""),"yes","")
A12: 2000 Support services | AA12: =IF(OR(E33="",E34="",E35="",E36="",E40="",E41="",E42="",E43="",E44="",E49="",E53="",E54="",E55="",E56=""),"yes","")
A13: 2100 Students | C13: 2. | D13: =Calculations!E15 -> 165915 | E13: =Calculations!E120 -> 47632 | F13: =Calculations!E265 -> 47743 | G13: =Calculations!E643 -> 10289 | H13: =Calculations!E951 -> 62 | I13: =Calculations!E1116 -> 0 | J13: =Calculations!E1452-H13-I13 -> 0 | K13: 1575 | L13: 2. | AA13: =IF(OR(K30="",K31="",K32="",K36="",K37="",K38="",K41="",K42="",K46="",K47="",K51="",K52="",K53="",K54="",K55="",K56="",K59="",K60=""),"yes","")
A14: 2200 Instruction | C14: 3. | D14: =Calculations!E22 -> 5146 | E14: =Calculations!E127 -> 2022 | F14: =Calculations!E292 -> 22046 | G14: =Calculations!E650 -> 1925 | H14: =Calculations!E958 -> 0 | I14: =Calculations!E1123 -> 0 | J14: =Calculations!E1457-H14-I14 -> 0 | K14: 0 | L14: 3. | AA14: =IF(AND(AA11="",AA12="",AA13=""),"","yes")
A15: 2300 General administration | C15: 4. | D15: =Calculations!E29 -> 0 | E15: =Calculations!E134 -> 0 | F15: =Calculations!E319 -> 17872 | G15: =Calculations!E657 -> 161 | H15: =Calculations!E965 -> 1640 | I15: =Calculations!E1130 -> 0 | J15: =Calculations!E1462-H15-I15 -> 0 | K15: 0 | L15: 4.
A16: 2400 School administration | C16: 5. | D16: =Calculations!E36 -> 143938 | E16: =Calculations!E141 -> 45850 | F16: =Calculations!E346 -> 64833 | G16: =Calculations!E664 -> 3266 | H16: =Calculations!E972 -> 11182 | I16: =Calculations!E1137 -> 0 | J16: =Calculations!E1467-H16-I16 -> 0 | K16: 0 | L16: 5.
A17: 2500, 2900 Central services, other support services | C17: 6. | D17: =Calculations!E43+Calculations!E50 -> 54874 | E17: =Calculations!E148+Calculations!E155 -> 15303 | F17: =Calculations!E373+Calculations!E400 -> 46655 | G17: =Calculations!E671+Calculations!E678 -> 224 | H17: =Calculations!E979+Calculations!E986 -> 20396 | I17: =Calculations!E1144+Calculations!E1151 -> 0 | J17: =Calculations!E1472+Calculations!E1477-Calculations!E1075-H17-I17 -> 0 | K17: 0 | L17: 6.
A18: 2600 Operation & maintenance of plant | C18: 7. | D18: =Calculations!E57 -> 0 | E18: =Calculations!E162 -> 127 | F18: =Calculations!E427 -> 238336 | G18: =Calculations!E685 -> 21292 | H18: =Calculations!E993 -> 620 | I18: =Calculations!E1158 -> 0 | J18: =Calculations!E1482-H18-I18 -> 0 | K18: 6555 | L18: 7.
A19: 2700 Student transportation | C19: 8. | D19: =Calculations!E64 -> 0 | E19: =Calculations!E169 -> 0 | F19: =Calculations!E454 -> 0 | G19: =Calculations!E692 -> 0 | H19: =Calculations!E1000 -> 0 | I19: =Calculations!E1165 -> 0 | J19: =Calculations!E1487-H19-I19 -> 0 | K19: 0 | L19: 8.
A20: 3000 Operation of noninstructional services
A21: 3100 Food service operations | C21: 9. | D21: =Calculations!E71 -> 0 | E21: =Calculations!E176 -> 0 | F21: =Calculations!E481 -> 0 | G21: =Calculations!E699 -> 0 | H21: =Calculations!E1007 -> 0 | I21: =Calculations!E1172 -> 0 | J21: =Calculations!E1492-H21-I21 -> 0 | K21: 0 | L21: 9.
A22: 3400 Bookstore operations | C22: 10. | D22: =Calculations!E85 -> 0 | E22: =Calculations!E190 -> 0 | F22: =Calculations!E535 -> 0 | G22: =Calculations!E713 -> 0 | H22: =Calculations!E1021 -> 0 | I22: =Calculations!E1186 -> 0 | J22: =Calculations!E1497-H22-I22 -> 0 | K22: 0 | L22: 10.
A23: Total (lines 1-10) | C23: 11. | D23: =SUM(D11:D22) -> 883412 | E23: =SUM(E11:E22) -> 262153 | F23: =SUM(F11:F22) -> 443202 | G23: =SUM(G11:G22) -> 84524 | H23: =SUM(H11:H22) -> 34105 | I23: =SUM(I11:I22) -> 0 | J23: =SUM(J11:J22) -> 0 | K23: =SUM(K11:K22) -> 8130 | L23: 11.
A24: From federal sources (from line 11 above) | C24: 12. | D24: =Calculations!E106 -> 67370 | E24: =Calculations!E211 -> 16911 | F24: =Calculations!E629 -> 30584 | G24: =Calculations!E734+'Food Service'!$E$10+'Food Service'!$E$12 -> 11412 | H24: =Calculations!E1042 -> 0 | I24: =Calculations!E1207 -> 0 | J24: =Calculations!E1511-Calculations!E1102-H24-I24 -> 0 | K24: 6555 | L24: 12.
A25: From State & local sources (from line 11 above) | C25: 13. | D25: =Calculations!E93-Calculations!E106 -> 816042 | E25: =Calculations!E198-Calculations!E211 -> 245242 | F25: =Calculations!E563-Calculations!E629 -> 412618 | G25: =Calculations!E721-Calculations!E734-'Food Service'!$E$10-'Food Service'!$E$12 -> 73112 | H25: =Calculations!E1029-Calculations!E1042 -> 34105 | I25: =Calculations!E1194-Calculations!E1207 -> 0 | J25: =Calculations!E1498-Calculations!E1511-Calculations!E1075-H25-I25 -> 0 | K25: 1575 | L25: 13.
A26: 4000 Facilities acquisition & construction | C26: 14. | D26: =Calculations!E92 -> 0 | E26: =Calculations!E197 -> 0 | F26: =Calculations!E562 -> 0 | G26: =Calculations!E720 -> 0 | H26: =Calculations!E1028 -> 0 | I26: =Calculations!E1193 -> 0 | J26: =Calculations!E1516-H26-I26 -> 0 | K26: 0 | L26: 14.
D29: All expense | H29: Cash and investments held at June 30, 2026
D30: object codes | H30: 1. Sinking funds | K30: 50687 | L30: 1.
D31: (excluding | E31: Property | H31: 2. Bond funds | K31: 3745 | L31: 2.
D32: 6700 and 6900) | E32: disbursements | H32: 3. Other funds, except for any employee retirement funds | K32: 206857 | L32: 3.
A33: 1. Program 700—Adult/continuing education programs | D33: {=SUM(SUMIFS('Accounting data'!$G$2:$G$37000,'Accounting data'!$I$2:$I$37000,"7*",'Accounting data'!$J$2:$J$37000,{"1*","2*","3*","4*","5*"},'Accounting data'!$K$2:$K$37000,"6*"))-SUM(SUMIFS('Accounting data'!$G$2:$G$37000,'Accounting data'!$I$2:$I$37000,"7*",'Accounting data'!$J$2:$J$37000,{"1*","2*","3*","4*","5*"},'Accounting data'!$K$2:$K$37000,"67*"))-SUM(SUMIFS('Accounting data'!$G$2:$G$37000,'Accounting data'!$I$2:$I$37000,"7*",'Accounting data'!$J$2:$J$37000,{"1*","2*","3*","4*","5*"},'Accounting data'!$K$2:$K$37000,"69*"))} -> 0 | E33: 0 | F33: 1.
A34: 2. Program 800—Community college education programs | D34: {=SUM(SUMIFS('Accounting data'!$G$2:$G$37000,'Accounting data'!$I$2:$I$37000,"8*",'Accounting data'!$J$2:$J$37000,{"1*","2*","3*","4*","5*"},'Accounting data'!$K$2:$K$37000,"6*"))-SUM(SUMIFS('Accounting data'!$G$2:$G$37000,'Accounting data'!$I$2:$I$37000,"8*",'Accounting data'!$J$2:$J$37000,{"1*","2*","3*","4*","5*"},'Accounting data'!$K$2:$K$37000,"67*"))-SUM(SUMIFS('Accounting data'!$G$2:$G$37000,'Accounting data'!$I$2:$I$37000,"8*",'Accounting data'!$J$2:$J$37000,{"1*","2*","3*","4*","5*"},'Accounting data'!$K$2:$K$37000,"69*"))} -> 0 | E34: 0 | F34: 2.
A35: 3. Program 900—Community services program | D35: {=SUM(SUMIFS('Accounting data'!$G$2:$G$37000,'Accounting data'!$I$2:$I$37000,"9*",'Accounting data'!$J$2:$J$37000,{"1*","2*","3*","4*","5*"},'Accounting data'!$K$2:$K$37000,"6*"))-SUM(SUMIFS('Accounting data'!$G$2:$G$37000,'Accounting data'!$I$2:$I$37000,"9*",'Accounting data'!$J$2:$J$37000,{"1*","2*","3*","4*","5*"},'Accounting data'!$K$2:$K$37000,"67*"))-SUM(SUMIFS('Accounting data'!$G$2:$G$37000,'Accounting data'!$I$2:$I$37000,"9*",'Accounting data'!$J$2:$J$37000,{"1*","2*","3*","4*","5*"},'Accounting data'!$K$2:$K$37000,"69*"))} -> 0 | E35: 0 | F35: 3. | H35: Long-term and short-term debt
A36: 4. Function 3300—Community services operations (programs 700-900) | D36: =Calculations!E1328 -> 0 | E36: 0 | F36: 4. | H36: 1. Long-term debt outstanding, July 1, 2025 | K36: 2940000 | L36: 1.
H37: 2. Long-term debt issued during FY 2026 | K37: 0 | L37: 2.
H38: 3. Long-term debt retired during FY 2026 | K38: 165000 | L38: 3.
A39: Property disbursements by type | E39: All programs | H39: 4. Long-term debt outstanding, June 30, 2026 | K39: =K36+K37-K38 -> 2775000 | L39: 4.
A40: 1. Intangible assets | E40: 0 | F40: 1.
A41: 2. Land and land improvements | E41: 0 | F41: 2. | H41: 5. Short-term debt outstanding, July 1, 2025 | K41: 0 | L41: 5.
A42: 3. Buildings | E42: 0 | F42: 3. | H42: 6. Short-term debt outstanding, June 30, 2026 | K42: 0 | L42: 6.
A43: 4. Equipment | E43: 8130 | F43: 4.
A44: 5. Construction | E44: 0 | F44: 5.
H45: Utilities and energy detail (only function 2600)
H46: 1. 6410 Utility services | K46: 2420 | L46: 1.
A47: Debt service | E47: Programs 100-630 | H47: 2. 6621-6626 Energy | K47: 13173 | L47: 2.
A48: 1. 6850 Interest | E48: =Calculations!E1075+Calculations!E1442 -> 0 | F48: 1.
A49: 2. Redemption of principal | E49: 165000 | F49: 2.
A50: 3. 6800 Other (function 5000, excluding 6850) | E50: =Calculations!E1532-Calculations!E1442 -> 173872 | F50: 3. | H50: Technology (all functions)
H51: 1. 6330 Technical services | K51: 41714 | L51: 1.
A52: Revenue from selected federal sources | H52: 2. 6432 Technology-related repairs and maintenance | K52: 0 | L52: 2.
A53: 1. ESEA Title IV—Student Support and Academic Enrichment Grants | E53: 10000 | F53: 1. | H53: 3. 6441 Rental of computers and related equipment | K53: 7127 | L53: 3.
A54: 2. ESEA Title IV—21st Century Community Learning Centers | E54: 0 | F54: 2. | H54: 4. 6531 Telecommunications | K54: 25047 | L54: 4.
A55: 3. ESEA Title V—Rural Education-Rural and Low-Income School Program | E55: 0 | F55: 3. | H55: 5. 6650 Technology-related supplies | K55: 720 | L55: 5.
A56: 4. ESEA Title V—Rural Education-Small, Rural School Achievement Program | E56: 0 | F56: 4. | H56: 6. Technology-related hardware and software | K56: 3679 | L56: 6.
H58: Support services-instruction detail (Programs 100-630, excluding 400)
H59: 1. Function 2220-Improvement of instruction (in objects 6300-6490, 6530-6550, 6580, 6600-6620, 6640-6650, 0196 disbursements, 6740, 6810, and 6890) | K59: 0 | L59: 1.
H60: 2. Function 2230-Library/media Services (in objects 6300-6490, 6530-6550, 6580, 6600-6620, 6640-6650, 0196 disbursements, 6740, 6810, and 6890) | K60: 0 | L60: 2.
H62: Books, Periodicals, and Instructional Aids (programs 100-630, excluding 400)
H63: 1. Object 6640, functions 1000 and 2230 | K63: 0 | L63: 1.

Sheet Page 10
A1: Charter school | B1: ='Cover Page'!D1 -> Edge School, Inc., The | G1: County | H1: ='Cover Page'!M1 -> Pima | K1: CTDS number | L1: ='Cover Page'!R1 -> 108653000
C3: Additional information for National Public Education Financial Survey (NPEFS) reporting of COVID-19 federal relief projects
D5: Programs 100-630 | M5: Programs 700-900 | N5: Total
F6: Purchased | K6: Other
E7: Employee | F7: services | H7: Dues and | I7: Judgements | K7: 6800 | M7: All
A8: Current expenses from COVID-19 federal relief projects | D8: Salaries | E8: benefits | F8: 6300, 6400, | G8: Supplies | H8: fees | I8: against the school | J8: Miscellaneous | K8: (excluding 6810, | L8: Property | M8: Object Codes
D9: 6100 | E9: 6200 | F9: 6500 | G9: 6600 | H9: 6810 | I9: 6820 | J9: 6890 | K9: 6820, 6850, and 6890) | L9: disbursements | M9: (excluding 6900)
